Workbook

Sheet TH_CN
A1: BẢNG TỔNG HỢP CÔNG NỢ NĂM 2025
B2: TỔNG CÔNG NỢ | C2: =SUM(C$5:C$31) -> 19241034 | D2: =SUM(D$5:D$31) -> 19241034 | E2: =SUM(E$5:E$31) -> 19241034 | F2: =SUM(F$5:F$31) -> 19241034 | G2: =SUM(G$5:G$31) -> 19241034 | H2: =SUM(H$5:H$31) -> 23065598 | I2: =SUM(I$5:I$31) -> 27310420 | J2: =SUM(J$5:J$31) -> 27310420 | ... N2: =SUM(N$5:N$31) -> 27310420
A4: NHÓM KHÁCH HÀNG | B4: TÊN NHÓM KHÁCH HÀNG | C4: 46053 | D4: =EOMONTH(C4,1) -> 46081 | E4: =EOMONTH(D4,1) -> 46112 | F4: =EOMONTH(E4,1) -> 46142 | G4: =EOMONTH(F4,1) -> 46173 | H4: =EOMONTH(G4,1) -> 46203 | I4: =EOMONTH(H4,1) -> 46234 | J4: =EOMONTH(I4,1) -> 46265 | K4: =EOMONTH(J4,1) -> 46295 | ... N4: =EOMONTH(M4,1) -> 46387
A5: SAIGONHD | B5: CÔNG TY CỔ PHẦN SÀI GÒN HD | C5: =SUMIFS('Báo cáo'!$O:$O,'Báo cáo'!$AD:$AD,$A5,'Báo cáo'!$Z:$Z,"<="&C$4)+SUMIFS('Báo cáo'!$P:$P,'Báo cáo'!$AD:$AD,$A5,'Báo cáo'!$Z:$Z,"<="&C$4)-SUMIFS('Báo cáo'!$Q:$Q,'Báo cáo'!$AD:$AD,$A5,'Báo cáo'!$AA:$AA,"<="&C$4) -> 19241034 | D5: =SUMIFS('Báo cáo'!$O:$O,'Báo cáo'!$AD:$AD,$A5,'Báo cáo'!$Z:$Z,"<="&D$4)+SUMIFS('Báo cáo'!$P:$P,'Báo cáo'!$AD:$AD,$A5,'Báo cáo'!$Z:$Z,"<="&D$4)-SUMIFS('Báo cáo'!$Q:$Q,'Báo cáo'!$AD:$AD,$A5,'Báo cáo'!$AA:$AA,"<="&D$4) -> 19241034 | E5: =SUMIFS('Báo cáo'!$O:$O,'Báo cáo'!$AD:$AD,$A5,'Báo cáo'!$Z:$Z,"<="&E$4)+SUMIFS('Báo cáo'!$P:$P,'Báo cáo'!$AD:$AD,$A5,'Báo cáo'!$Z:$Z,"<="&E$4)-SUMIFS('Báo cáo'!$Q:$Q,'Báo cáo'!$AD:$AD,$A5,'Báo cáo'!$AA:$AA,"<="&E$4) -> 19241034 | F5: =SUMIFS('Báo cáo'!$O:$O,'Báo cáo'!$AD:$AD,$A5,'Báo cáo'!$Z:$Z,"<="&F$4)+SUMIFS('Báo cáo'!$P:$P,'Báo cáo'!$AD:$AD,$A5,'Báo cáo'!$Z:$Z,"<="&F$4)-SUMIFS('Báo cáo'!$Q:$Q,'Báo cáo'!$AD:$AD,$A5,'Báo cáo'!$AA:$AA,"<="&F$4) -> 19241034 | G5: =SUMIFS('Báo cáo'!$O:$O,'Báo cáo'!$AD:$AD,$A5,'Báo cáo'!$Z:$Z,"<="&G$4)+SUMIFS('Báo cáo'!$P:$P,'Báo cáo'!$AD:$AD,$A5,'Báo cáo'!$Z:$Z,"<="&G$4)-SUMIFS('Báo cáo'!$Q:$Q,'Báo cáo'!$AD:$AD,$A5,'Báo cáo'!$AA:$AA,"<="&G$4) -> 19241034 | H5: =SUMIFS('Báo cáo'!$O:$O,'Báo cáo'!$AD:$AD,$A5,'Báo cáo'!$Z:$Z,"<="&H$4)+SUMIFS('Báo cáo'!$P:$P,'Báo cáo'!$AD:$AD,$A5,'Báo cáo'!$Z:$Z,"<="&H$4)-SUMIFS('Báo cáo'!$Q:$Q,'Báo cáo'!$AD:$AD,$A5,'Báo cáo'!$AA:$AA,"<="&H$4) -> 23065598 | I5: =SUMIFS('Báo cáo'!$O:$O,'Báo cáo'!$AD:$AD,$A5,'Báo cáo'!$Z:$Z,"<="&I$4)+SUMIFS('Báo cáo'!$P:$P,'Báo cáo'!$AD:$AD,$A5,'Báo cáo'!$Z:$Z,"<="&I$4)-SUMIFS('Báo cáo'!$Q:$Q,'Báo cáo'!$AD:$AD,$A5,'Báo cáo'!$AA:$AA,"<="&I$4) -> 27310420 | J5: =SUMIFS('Báo cáo'!$O:$O,'Báo cáo'!$AD:$AD,$A5,'Báo cáo'!$Z:$Z,"<="&J$4)+SUMIFS('Báo cáo'!$P:$P,'Báo cáo'!$AD:$AD,$A5,'Báo cáo'!$Z:$Z,"<="&J$4)-SUMIFS('Báo cáo'!$Q:$Q,'Báo cáo'!$AD:$AD,$A5,'Báo cáo'!$AA:$AA,"<="&J$4) -> 27310420 | ... N5: =SUMIFS('Báo cáo'!$O:$O,'Báo cáo'!$AD:$AD,$A5,'Báo cáo'!$Z:$Z,"<="&N$4)+SUMIFS('Báo cáo'!$P:$P,'Báo cáo'!$AD:$AD,$A5,'Báo cáo'!$Z:$Z,"<="&N$4)-SUMIFS('Báo cáo'!$Q:$Q,'Báo cáo'!$AD:$AD,$A5,'Báo cáo'!$AA:$AA,"<="&N$4) -> 27310420
C6: =SUMIFS('Báo cáo'!$O:$O,'Báo cáo'!$AD:$AD,$A6,'Báo cáo'!$Z:$Z,"<="&C$4)+SUMIFS('Báo cáo'!$P:$P,'Báo cáo'!$AD:$AD,$A6,'Báo cáo'!$Z:$Z,"<="&C$4)-SUMIFS('Báo cáo'!$Q:$Q,'Báo cáo'!$AD:$AD,$A6,'Báo cáo'!$AA:$AA,"<="&C$4) -> 0 | D6: =SUMIFS('Báo cáo'!$O:$O,'Báo cáo'!$AD:$AD,$A6,'Báo cáo'!$Z:$Z,"<="&D$4)+SUMIFS('Báo cáo'!$P:$P,'Báo cáo'!$AD:$AD,$A6,'Báo cáo'!$Z:$Z,"<="&D$4)-SUMIFS('Báo cáo'!$Q:$Q,'Báo cáo'!$AD:$AD,$A6,'Báo cáo'!$AA:$AA,"<="&D$4) -> 0 | E6: =SUMIFS('Báo cáo'!$O:$O,'Báo cáo'!$AD:$AD,$A6,'Báo cáo'!$Z:$Z,"<="&E$4)+SUMIFS('Báo cáo'!$P:$P,'Báo cáo'!$AD:$AD,$A6,'Báo cáo'!$Z:$Z,"<="&E$4)-SUMIFS('Báo cáo'!$Q:$Q,'Báo cáo'!$AD:$AD,$A6,'Báo cáo'!$AA:$AA,"<="&E$4) -> 0 | F6: =SUMIFS('Báo cáo'!$O:$O,'Báo cáo'!$AD:$AD,$A6,'Báo cáo'!$Z:$Z,"<="&F$4)+SUMIFS('Báo cáo'!$P:$P,'Báo cáo'!$AD:$AD,$A6,'Báo cáo'!$Z:$Z,"<="&F$4)-SUMIFS('Báo cáo'!$Q:$Q,'Báo cáo'!$AD:$AD,$A6,'Báo cáo'!$AA:$AA,"<="&F$4) -> 0 | G6: =SUMIFS('Báo cáo'!$O:$O,'Báo cáo'!$AD:$AD,$A6,'Báo cáo'!$Z:$Z,"<="&G$4)+SUMIFS('Báo cáo'!$P:$P,'Báo cáo'!$AD:$AD,$A6,'Báo cáo'!$Z:$Z,"<="&G$4)-SUMIFS('Báo cáo'!$Q:$Q,'Báo cáo'!$AD:$AD,$A6,'Báo cáo'!$AA:$AA,"<="&G$4) -> 0 | H6: =SUMIFS('Báo cáo'!$O:$O,'Báo cáo'!$AD:$AD,$A6,'Báo cáo'!$Z:$Z,"<="&H$4)+SUMIFS('Báo cáo'!$P:$P,'Báo cáo'!$AD:$AD,$A6,'Báo cáo'!$Z:$Z,"<="&H$4)-SUMIFS('Báo cáo'!$Q:$Q,'Báo cáo'!$AD:$AD,$A6,'Báo cáo'!$AA:$AA,"<="&H$4) -> 0 | I6: =SUMIFS('Báo cáo'!$O:$O,'Báo cáo'!$AD:$AD,$A6,'Báo cáo'!$Z:$Z,"<="&I$4)+SUMIFS('Báo cáo'!$P:$P,'Báo cáo'!$AD:$AD,$A6,'Báo cáo'!$Z:$Z,"<="&I$4)-SUMIFS('Báo cáo'!$Q:$Q,'Báo cáo'!$AD:$AD,$A6,'Báo cáo'!$AA:$AA,"<="&I$4) -> 0 | J6: =SUMIFS('Báo cáo'!$O:$O,'Báo cáo'!$AD:$AD,$A6,'Báo cáo'!$Z:$Z,"<="&J$4)+SUMIFS('Báo cáo'!$P:$P,'Báo cáo'!$AD:$AD,$A6,'Báo cáo'!$Z:$Z,"<="&J$4)-SUMIFS('Báo cáo'!$Q:$Q,'Báo cáo'!$AD:$AD,$A6,'Báo cáo'!$AA:$AA,"<="&J$4) -> 0 | ... N6: =SUMIFS('Báo cáo'!$O:$O,'Báo cáo'!$AD:$AD,$A6,'Báo cáo'!$Z:$Z,"<="&N$4)+SUMIFS('Báo cáo'!$P:$P,'Báo cáo'!$AD:$AD,$A6,'Báo cáo'!$Z:$Z,"<="&N$4)-SUMIFS('Báo cáo'!$Q:$Q,'Báo cáo'!$AD:$AD,$A6,'Báo cáo'!$AA:$AA,"<="&N$4) -> 0
C7: =SUMIFS('Báo cáo'!$O:$O,'Báo cáo'!$AD:$AD,$A7,'Báo cáo'!$Z:$Z,"<="&C$4)+SUMIFS('Báo cáo'!$P:$P,'Báo cáo'!$AD:$AD,$A7,'Báo cáo'!$Z:$Z,"<="&C$4)-SUMIFS('Báo cáo'!$Q:$Q,'Báo cáo'!$AD:$AD,$A7,'Báo cáo'!$AA:$AA,"<="&C$4) -> 0 | D7: =SUMIFS('Báo cáo'!$O:$O,'Báo cáo'!$AD:$AD,$A7,'Báo cáo'!$Z:$Z,"<="&D$4)+SUMIFS('Báo cáo'!$P:$P,'Báo cáo'!$AD:$AD,$A7,'Báo cáo'!$Z:$Z,"<="&D$4)-SUMIFS('Báo cáo'!$Q:$Q,'Báo cáo'!$AD:$AD,$A7,'Báo cáo'!$AA:$AA,"<="&D$4) -> 0 | E7: =SUMIFS('Báo cáo'!$O:$O,'Báo cáo'!$AD:$AD,$A7,'Báo cáo'!$Z:$Z,"<="&E$4)+SUMIFS('Báo cáo'!$P:$P,'Báo cáo'!$AD:$AD,$A7,'Báo cáo'!$Z:$Z,"<="&E$4)-SUMIFS('Báo cáo'!$Q:$Q,'Báo cáo'!$AD:$AD,$A7,'Báo cáo'!$AA:$AA,"<="&E$4) -> 0 | F7: =SUMIFS('Báo cáo'!$O:$O,'Báo cáo'!$AD:$AD,$A7,'Báo cáo'!$Z:$Z,"<="&F$4)+SUMIFS('Báo cáo'!$P:$P,'Báo cáo'!$AD:$AD,$A7,'Báo cáo'!$Z:$Z,"<="&F$4)-SUMIFS('Báo cáo'!$Q:$Q,'Báo cáo'!$AD:$AD,$A7,'Báo cáo'!$AA:$AA,"<="&F$4) -> 0 | G7: =SUMIFS('Báo cáo'!$O:$O,'Báo cáo'!$AD:$AD,$A7,'Báo cáo'!$Z:$Z,"<="&G$4)+SUMIFS('Báo cáo'!$P:$P,'Báo cáo'!$AD:$AD,$A7,'Báo cáo'!$Z:$Z,"<="&G$4)-SUMIFS('Báo cáo'!$Q:$Q,'Báo cáo'!$AD:$AD,$A7,'Báo cáo'!$AA:$AA,"<="&G$4) -> 0 | H7: =SUMIFS('Báo cáo'!$O:$O,'Báo cáo'!$AD:$AD,$A7,'Báo cáo'!$Z:$Z,"<="&H$4)+SUMIFS('Báo cáo'!$P:$P,'Báo cáo'!$AD:$AD,$A7,'Báo cáo'!$Z:$Z,"<="&H$4)-SUMIFS('Báo cáo'!$Q:$Q,'Báo cáo'!$AD:$AD,$A7,'Báo cáo'!$AA:$AA,"<="&H$4) -> 0 | I7: =SUMIFS('Báo cáo'!$O:$O,'Báo cáo'!$AD:$AD,$A7,'Báo cáo'!$Z:$Z,"<="&I$4)+SUMIFS('Báo cáo'!$P:$P,'Báo cáo'!$AD:$AD,$A7,'Báo cáo'!$Z:$Z,"<="&I$4)-SUMIFS('Báo cáo'!$Q:$Q,'Báo cáo'!$AD:$AD,$A7,'Báo cáo'!$AA:$AA,"<="&I$4) -> 0 | J7: =SUMIFS('Báo cáo'!$O:$O,'Báo cáo'!$AD:$AD,$A7,'Báo cáo'!$Z:$Z,"<="&J$4)+SUMIFS('Báo cáo'!$P:$P,'Báo cáo'!$AD:$AD,$A7,'Báo cáo'!$Z:$Z,"<="&J$4)-SUMIFS('Báo cáo'!$Q:$Q,'Báo cáo'!$AD:$AD,$A7,'Báo cáo'!$AA:$AA,"<="&J$4) -> 0 | ... N7: =SUMIFS('Báo cáo'!$O:$O,'Báo cáo'!$AD:$AD,$A7,'Báo cáo'!$Z:$Z,"<="&N$4)+SUMIFS('Báo cáo'!$P:$P,'Báo cáo'!$AD:$AD,$A7,'Báo cáo'!$Z:$Z,"<="&N$4)-SUMIFS('Báo cáo'!$Q:$Q,'Báo cáo'!$AD:$AD,$A7,'Báo cáo'!$AA:$AA,"<="&N$4) -> 0
C8: =SUMIFS('Báo cáo'!$O:$O,'Báo cáo'!$AD:$AD,$A8,'Báo cáo'!$Z:$Z,"<="&C$4)+SUMIFS('Báo cáo'!$P:$P,'Báo cáo'!$AD:$AD,$A8,'Báo cáo'!$Z:$Z,"<="&C$4)-SUMIFS('Báo cáo'!$Q:$Q,'Báo cáo'!$AD:$AD,$A8,'Báo cáo'!$AA:$AA,"<="&C$4) -> 0 | D8: =SUMIFS('Báo cáo'!$O:$O,'Báo cáo'!$AD:$AD,$A8,'Báo cáo'!$Z:$Z,"<="&D$4)+SUMIFS('Báo cáo'!$P:$P,'Báo cáo'!$AD:$AD,$A8,'Báo cáo'!$Z:$Z,"<="&D$4)-SUMIFS('Báo cáo'!$Q:$Q,'Báo cáo'!$AD:$AD,$A8,'Báo cáo'!$AA:$AA,"<="&D$4) -> 0 | E8: =SUMIFS('Báo cáo'!$O:$O,'Báo cáo'!$AD:$AD,$A8,'Báo cáo'!$Z:$Z,"<="&E$4)+SUMIFS('Báo cáo'!$P:$P,'Báo cáo'!$AD:$AD,$A8,'Báo cáo'!$Z:$Z,"<="&E$4)-SUMIFS('Báo cáo'!$Q:$Q,'Báo cáo'!$AD:$AD,$A8,'Báo cáo'!$AA:$AA,"<="&E$4) -> 0 | F8: =SUMIFS('Báo cáo'!$O:$O,'Báo cáo'!$AD:$AD,$A8,'Báo cáo'!$Z:$Z,"<="&F$4)+SUMIFS('Báo cáo'!$P:$P,'Báo cáo'!$AD:$AD,$A8,'Báo cáo'!$Z:$Z,"<="&F$4)-SUMIFS('Báo cáo'!$Q:$Q,'Báo cáo'!$AD:$AD,$A8,'Báo cáo'!$AA:$AA,"<="&F$4) -> 0 | G8: =SUMIFS('Báo cáo'!$O:$O,'Báo cáo'!$AD:$AD,$A8,'Báo cáo'!$Z:$Z,"<="&G$4)+SUMIFS('Báo cáo'!$P:$P,'Báo cáo'!$AD:$AD,$A8,'Báo cáo'!$Z:$Z,"<="&G$4)-SUMIFS('Báo cáo'!$Q:$Q,'Báo cáo'!$AD:$AD,$A8,'Báo cáo'!$AA:$AA,"<="&G$4) -> 0 | H8: =SUMIFS('Báo cáo'!$O:$O,'Báo cáo'!$AD:$AD,$A8,'Báo cáo'!$Z:$Z,"<="&H$4)+SUMIFS('Báo cáo'!$P:$P,'Báo cáo'!$AD:$AD,$A8,'Báo cáo'!$Z:$Z,"<="&H$4)-SUMIFS('Báo cáo'!$Q:$Q,'Báo cáo'!$AD:$AD,$A8,'Báo cáo'!$AA:$AA,"<="&H$4) -> 0 | I8: =SUMIFS('Báo cáo'!$O:$O,'Báo cáo'!$AD:$AD,$A8,'Báo cáo'!$Z:$Z,"<="&I$4)+SUMIFS('Báo cáo'!$P:$P,'Báo cáo'!$AD:$AD,$A8,'Báo cáo'!$Z:$Z,"<="&I$4)-SUMIFS('Báo cáo'!$Q:$Q,'Báo cáo'!$AD:$AD,$A8,'Báo cáo'!$AA:$AA,"<="&I$4) -> 0 | J8: =SUMIFS('Báo cáo'!$O:$O,'Báo cáo'!$AD:$AD,$A8,'Báo cáo'!$Z:$Z,"<="&J$4)+SUMIFS('Báo cáo'!$P:$P,'Báo cáo'!$AD:$AD,$A8,'Báo cáo'!$Z:$Z,"<="&J$4)-SUMIFS('Báo cáo'!$Q:$Q,'Báo cáo'!$AD:$AD,$A8,'Báo cáo'!$AA:$AA,"<="&J$4) -> 0 | ... N8: =SUMIFS('Báo cáo'!$O:$O,'Báo cáo'!$AD:$AD,$A8,'Báo cáo'!$Z:$Z,"<="&N$4)+SUMIFS('Báo cáo'!$P:$P,'Báo cáo'!$AD:$AD,$A8,'Báo cáo'!$Z:$Z,"<="&N$4)-SUMIFS('Báo cáo'!$Q:$Q,'Báo cáo'!$AD:$AD,$A8,'Báo cáo'!$AA:$AA,"<="&N$4) -> 0
C9: =SUMIFS('Báo cáo'!$O:$O,'Báo cáo'!$AD:$AD,$A9,'Báo cáo'!$Z:$Z,"<="&C$4)+SUMIFS('Báo cáo'!$P:$P,'Báo cáo'!$AD:$AD,$A9,'Báo cáo'!$Z:$Z,"<="&C$4)-SUMIFS('Báo cáo'!$Q:$Q,'Báo cáo'!$AD:$AD,$A9,'Báo cáo'!$AA:$AA,"<="&C$4) -> 0 | D9: =SUMIFS('Báo cáo'!$O:$O,'Báo cáo'!$AD:$AD,$A9,'Báo cáo'!$Z:$Z,"<="&D$4)+SUMIFS('Báo cáo'!$P:$P,'Báo cáo'!$AD:$AD,$A9,'Báo cáo'!$Z:$Z,"<="&D$4)-SUMIFS('Báo cáo'!$Q:$Q,'Báo cáo'!$AD:$AD,$A9,'Báo cáo'!$AA:$AA,"<="&D$4) -> 0 | E9: =SUMIFS('Báo cáo'!$O:$O,'Báo cáo'!$AD:$AD,$A9,'Báo cáo'!$Z:$Z,"<="&E$4)+SUMIFS('Báo cáo'!$P:$P,'Báo cáo'!$AD:$AD,$A9,'Báo cáo'!$Z:$Z,"<="&E$4)-SUMIFS('Báo cáo'!$Q:$Q,'Báo cáo'!$AD:$AD,$A9,'Báo cáo'!$AA:$AA,"<="&E$4) -> 0 | F9: =SUMIFS('Báo cáo'!$O:$O,'Báo cáo'!$AD:$AD,$A9,'Báo cáo'!$Z:$Z,"<="&F$4)+SUMIFS('Báo cáo'!$P:$P,'Báo cáo'!$AD:$AD,$A9,'Báo cáo'!$Z:$Z,"<="&F$4)-SUMIFS('Báo cáo'!$Q:$Q,'Báo cáo'!$AD:$AD,$A9,'Báo cáo'!$AA:$AA,"<="&F$4) -> 0 | G9: =SUMIFS('Báo cáo'!$O:$O,'Báo cáo'!$AD:$AD,$A9,'Báo cáo'!$Z:$Z,"<="&G$4)+SUMIFS('Báo cáo'!$P:$P,'Báo cáo'!$AD:$AD,$A9,'Báo cáo'!$Z:$Z,"<="&G$4)-SUMIFS('Báo cáo'!$Q:$Q,'Báo cáo'!$AD:$AD,$A9,'Báo cáo'!$AA:$AA,"<="&G$4) -> 0 | H9: =SUMIFS('Báo cáo'!$O:$O,'Báo cáo'!$AD:$AD,$A9,'Báo cáo'!$Z:$Z,"<="&H$4)+SUMIFS('Báo cáo'!$P:$P,'Báo cáo'!$AD:$AD,$A9,'Báo cáo'!$Z:$Z,"<="&H$4)-SUMIFS('Báo cáo'!$Q:$Q,'Báo cáo'!$AD:$AD,$A9,'Báo cáo'!$AA:$AA,"<="&H$4) -> 0 | I9: =SUMIFS('Báo cáo'!$O:$O,'Báo cáo'!$AD:$AD,$A9,'Báo cáo'!$Z:$Z,"<="&I$4)+SUMIFS('Báo cáo'!$P:$P,'Báo cáo'!$AD:$AD,$A9,'Báo cáo'!$Z:$Z,"<="&I$4)-SUMIFS('Báo cáo'!$Q:$Q,'Báo cáo'!$AD:$AD,$A9,'Báo cáo'!$AA:$AA,"<="&I$4) -> 0 | J9: =SUMIFS('Báo cáo'!$O:$O,'Báo cáo'!$AD:$AD,$A9,'Báo cáo'!$Z:$Z,"<="&J$4)+SUMIFS('Báo cáo'!$P:$P,'Báo cáo'!$AD:$AD,$A9,'Báo cáo'!$Z:$Z,"<="&J$4)-SUMIFS('Báo cáo'!$Q:$Q,'Báo cáo'!$AD:$AD,$A9,'Báo cáo'!$AA:$AA,"<="&J$4) -> 0 | ... N9: =SUMIFS('Báo cáo'!$O:$O,'Báo cáo'!$AD:$AD,$A9,'Báo cáo'!$Z:$Z,"<="&N$4)+SUMIFS('Báo cáo'!$P:$P,'Báo cáo'!$AD:$AD,$A9,'Báo cáo'!$Z:$Z,"<="&N$4)-SUMIFS('Báo cáo'!$Q:$Q,'Báo cáo'!$AD:$AD,$A9,'Báo cáo'!$AA:$AA,"<="&N$4) -> 0
C10: =SUMIFS('Báo cáo'!$O:$O,'Báo cáo'!$AD:$AD,$A10,'Báo cáo'!$Z:$Z,"<="&C$4)+SUMIFS('Báo cáo'!$P:$P,'Báo cáo'!$AD:$AD,$A10,'Báo cáo'!$Z:$Z,"<="&C$4)-SUMIFS('Báo cáo'!$Q:$Q,'Báo cáo'!$AD:$AD,$A10,'Báo cáo'!$AA:$AA,"<="&C$4) -> 0 | D10: =SUMIFS('Báo cáo'!$O:$O,'Báo cáo'!$AD:$AD,$A10,'Báo cáo'!$Z:$Z,"<="&D$4)+SUMIFS('Báo cáo'!$P:$P,'Báo cáo'!$AD:$AD,$A10,'Báo cáo'!$Z:$Z,"<="&D$4)-SUMIFS('Báo cáo'!$Q:$Q,'Báo cáo'!$AD:$AD,$A10,'Báo cáo'!$AA:$AA,"<="&D$4) -> 0 | E10: =SUMIFS('Báo cáo'!$O:$O,'Báo cáo'!$AD:$AD,$A10,'Báo cáo'!$Z:$Z,"<="&E$4)+SUMIFS('Báo cáo'!$P:$P,'Báo cáo'!$AD:$AD,$A10,'Báo cáo'!$Z:$Z,"<="&E$4)-SUMIFS('Báo cáo'!$Q:$Q,'Báo cáo'!$AD:$AD,$A10,'Báo cáo'!$AA:$AA,"<="&E$4) -> 0 | F10: =SUMIFS('Báo cáo'!$O:$O,'Báo cáo'!$AD:$AD,$A10,'Báo cáo'!$Z:$Z,"<="&F$4)+SUMIFS('Báo cáo'!$P:$P,'Báo cáo'!$AD:$AD,$A10,'Báo cáo'!$Z:$Z,"<="&F$4)-SUMIFS('Báo cáo'!$Q:$Q,'Báo cáo'!$AD:$AD,$A10,'Báo cáo'!$AA:$AA,"<="&F$4) -> 0 | G10: =SUMIFS('Báo cáo'!$O:$O,'Báo cáo'!$AD:$AD,$A10,'Báo cáo'!$Z:$Z,"<="&G$4)+SUMIFS('Báo cáo'!$P:$P,'Báo cáo'!$AD:$AD,$A10,'Báo cáo'!$Z:$Z,"<="&G$4)-SUMIFS('Báo cáo'!$Q:$Q,'Báo cáo'!$AD:$AD,$A10,'Báo cáo'!$AA:$AA,"<="&G$4) -> 0 | H10: =SUMIFS('Báo cáo'!$O:$O,'Báo cáo'!$AD:$AD,$A10,'Báo cáo'!$Z:$Z,"<="&H$4)+SUMIFS('Báo cáo'!$P:$P,'Báo cáo'!$AD:$AD,$A10,'Báo cáo'!$Z:$Z,"<="&H$4)-SUMIFS('Báo cáo'!$Q:$Q,'Báo cáo'!$AD:$AD,$A10,'Báo cáo'!$AA:$AA,"<="&H$4) -> 0 | I10: =SUMIFS('Báo cáo'!$O:$O,'Báo cáo'!$AD:$AD,$A10,'Báo cáo'!$Z:$Z,"<="&I$4)+SUMIFS('Báo cáo'!$P:$P,'Báo cáo'!$AD:$AD,$A10,'Báo cáo'!$Z:$Z,"<="&I$4)-SUMIFS('Báo cáo'!$Q:$Q,'Báo cáo'!$AD:$AD,$A10,'Báo cáo'!$AA:$AA,"<="&I$4) -> 0 | J10: =SUMIFS('Báo cáo'!$O:$O,'Báo cáo'!$AD:$AD,$A10,'Báo cáo'!$Z:$Z,"<="&J$4)+SUMIFS('Báo cáo'!$P:$P,'Báo cáo'!$AD:$AD,$A10,'Báo cáo'!$Z:$Z,"<="&J$4)-SUMIFS('Báo cáo'!$Q:$Q,'Báo cáo'!$AD:$AD,$A10,'Báo cáo'!$AA:$AA,"<="&J$4) -> 0 | ... N10: =SUMIFS('Báo cáo'!$O:$O,'Báo cáo'!$AD:$AD,$A10,'Báo cáo'!$Z:$Z,"<="&N$4)+SUMIFS('Báo cáo'!$P:$P,'Báo cáo'!$AD:$AD,$A10,'Báo cáo'!$Z:$Z,"<="&N$4)-SUMIFS('Báo cáo'!$Q:$Q,'Báo cáo'!$AD:$AD,$A10,'Báo cáo'!$AA:$AA,"<="&N$4) -> 0
C11: =SUMIFS('Báo cáo'!$O:$O,'Báo cáo'!$AD:$AD,$A11,'Báo cáo'!$Z:$Z,"<="&C$4)+SUMIFS('Báo cáo'!$P:$P,'Báo cáo'!$AD:$AD,$A11,'Báo cáo'!$Z:$Z,"<="&C$4)-SUMIFS('Báo cáo'!$Q:$Q,'Báo cáo'!$AD:$AD,$A11,'Báo cáo'!$AA:$AA,"<="&C$4) -> 0 | D11: =SUMIFS('Báo cáo'!$O:$O,'Báo cáo'!$AD:$AD,$A11,'Báo cáo'!$Z:$Z,"<="&D$4)+SUMIFS('Báo cáo'!$P:$P,'Báo cáo'!$AD:$AD,$A11,'Báo cáo'!$Z:$Z,"<="&D$4)-SUMIFS('Báo cáo'!$Q:$Q,'Báo cáo'!$AD:$AD,$A11,'Báo cáo'!$AA:$AA,"<="&D$4) -> 0 | E11: =SUMIFS('Báo cáo'!$O:$O,'Báo cáo'!$AD:$AD,$A11,'Báo cáo'!$Z:$Z,"<="&E$4)+SUMIFS('Báo cáo'!$P:$P,'Báo cáo'!$AD:$AD,$A11,'Báo cáo'!$Z:$Z,"<="&E$4)-SUMIFS('Báo cáo'!$Q:$Q,'Báo cáo'!$AD:$AD,$A11,'Báo cáo'!$AA:$AA,"<="&E$4) -> 0 | F11: =SUMIFS('Báo cáo'!$O:$O,'Báo cáo'!$AD:$AD,$A11,'Báo cáo'!$Z:$Z,"<="&F$4)+SUMIFS('Báo cáo'!$P:$P,'Báo cáo'!$AD:$AD,$A11,'Báo cáo'!$Z:$Z,"<="&F$4)-SUMIFS('Báo cáo'!$Q:$Q,'Báo cáo'!$AD:$AD,$A11,'Báo cáo'!$AA:$AA,"<="&F$4) -> 0 | G11: =SUMIFS('Báo cáo'!$O:$O,'Báo cáo'!$AD:$AD,$A11,'Báo cáo'!$Z:$Z,"<="&G$4)+SUMIFS('Báo cáo'!$P:$P,'Báo cáo'!$AD:$AD,$A11,'Báo cáo'!$Z:$Z,"<="&G$4)-SUMIFS('Báo cáo'!$Q:$Q,'Báo cáo'!$AD:$AD,$A11,'Báo cáo'!$AA:$AA,"<="&G$4) -> 0 | H11: =SUMIFS('Báo cáo'!$O:$O,'Báo cáo'!$AD:$AD,$A11,'Báo cáo'!$Z:$Z,"<="&H$4)+SUMIFS('Báo cáo'!$P:$P,'Báo cáo'!$AD:$AD,$A11,'Báo cáo'!$Z:$Z,"<="&H$4)-SUMIFS('Báo cáo'!$Q:$Q,'Báo cáo'!$AD:$AD,$A11,'Báo cáo'!$AA:$AA,"<="&H$4) -> 0 | I11: =SUMIFS('Báo cáo'!$O:$O,'Báo cáo'!$AD:$AD,$A11,'Báo cáo'!$Z:$Z,"<="&I$4)+SUMIFS('Báo cáo'!$P:$P,'Báo cáo'!$AD:$AD,$A11,'Báo cáo'!$Z:$Z,"<="&I$4)-SUMIFS('Báo cáo'!$Q:$Q,'Báo cáo'!$AD:$AD,$A11,'Báo cáo'!$AA:$AA,"<="&I$4) -> 0 | J11: =SUMIFS('Báo cáo'!$O:$O,'Báo cáo'!$AD:$AD,$A11,'Báo cáo'!$Z:$Z,"<="&J$4)+SUMIFS('Báo cáo'!$P:$P,'Báo cáo'!$AD:$AD,$A11,'Báo cáo'!$Z:$Z,"<="&J$4)-SUMIFS('Báo cáo'!$Q:$Q,'Báo cáo'!$AD:$AD,$A11,'Báo cáo'!$AA:$AA,"<="&J$4) -> 0 | ... N11: =SUMIFS('Báo cáo'!$O:$O,'Báo cáo'!$AD:$AD,$A11,'Báo cáo'!$Z:$Z,"<="&N$4)+SUMIFS('Báo cáo'!$P:$P,'Báo cáo'!$AD:$AD,$A11,'Báo cáo'!$Z:$Z,"<="&N$4)-SUMIFS('Báo cáo'!$Q:$Q,'Báo cáo'!$AD:$AD,$A11,'Báo cáo'!$AA:$AA,"<="&N$4) -> 0
C12: =SUMIFS('Báo cáo'!$O:$O,'Báo cáo'!$AD:$AD,$A12,'Báo cáo'!$Z:$Z,"<="&C$4)+SUMIFS('Báo cáo'!$P:$P,'Báo cáo'!$AD:$AD,$A12,'Báo cáo'!$Z:$Z,"<="&C$4)-SUMIFS('Báo cáo'!$Q:$Q,'Báo cáo'!$AD:$AD,$A12,'Báo cáo'!$AA:$AA,"<="&C$4) -> 0 | D12: =SUMIFS('Báo cáo'!$O:$O,'Báo cáo'!$AD:$AD,$A12,'Báo cáo'!$Z:$Z,"<="&D$4)+SUMIFS('Báo cáo'!$P:$P,'Báo cáo'!$AD:$AD,$A12,'Báo cáo'!$Z:$Z,"<="&D$4)-SUMIFS('Báo cáo'!$Q:$Q,'Báo cáo'!$AD:$AD,$A12,'Báo cáo'!$AA:$AA,"<="&D$4) -> 0 | E12: =SUMIFS('Báo cáo'!$O:$O,'Báo cáo'!$AD:$AD,$A12,'Báo cáo'!$Z:$Z,"<="&E$4)+SUMIFS('Báo cáo'!$P:$P,'Báo cáo'!$AD:$AD,$A12,'Báo cáo'!$Z:$Z,"<="&E$4)-SUMIFS('Báo cáo'!$Q:$Q,'Báo cáo'!$AD:$AD,$A12,'Báo cáo'!$AA:$AA,"<="&E$4) -> 0 | F12: =SUMIFS('Báo cáo'!$O:$O,'Báo cáo'!$AD:$AD,$A12,'Báo cáo'!$Z:$Z,"<="&F$4)+SUMIFS('Báo cáo'!$P:$P,'Báo cáo'!$AD:$AD,$A12,'Báo cáo'!$Z:$Z,"<="&F$4)-SUMIFS('Báo cáo'!$Q:$Q,'Báo cáo'!$AD:$AD,$A12,'Báo cáo'!$AA:$AA,"<="&F$4) -> 0 | G12: =SUMIFS('Báo cáo'!$O:$O,'Báo cáo'!$AD:$AD,$A12,'Báo cáo'!$Z:$Z,"<="&G$4)+SUMIFS('Báo cáo'!$P:$P,'Báo cáo'!$AD:$AD,$A12,'Báo cáo'!$Z:$Z,"<="&G$4)-SUMIFS('Báo cáo'!$Q:$Q,'Báo cáo'!$AD:$AD,$A12,'Báo cáo'!$AA:$AA,"<="&G$4) -> 0 | H12: =SUMIFS('Báo cáo'!$O:$O,'Báo cáo'!$AD:$AD,$A12,'Báo cáo'!$Z:$Z,"<="&H$4)+SUMIFS('Báo cáo'!$P:$P,'Báo cáo'!$AD:$AD,$A12,'Báo cáo'!$Z:$Z,"<="&H$4)-SUMIFS('Báo cáo'!$Q:$Q,'Báo cáo'!$AD:$AD,$A12,'Báo cáo'!$AA:$AA,"<="&H$4) -> 0 | I12: =SUMIFS('Báo cáo'!$O:$O,'Báo cáo'!$AD:$AD,$A12,'Báo cáo'!$Z:$Z,"<="&I$4)+SUMIFS('Báo cáo'!$P:$P,'Báo cáo'!$AD:$AD,$A12,'Báo cáo'!$Z:$Z,"<="&I$4)-SUMIFS('Báo cáo'!$Q:$Q,'Báo cáo'!$AD:$AD,$A12,'Báo cáo'!$AA:$AA,"<="&I$4) -> 0 | J12: =SUMIFS('Báo cáo'!$O:$O,'Báo cáo'!$AD:$AD,$A12,'Báo cáo'!$Z:$Z,"<="&J$4)+SUMIFS('Báo cáo'!$P:$P,'Báo cáo'!$AD:$AD,$A12,'Báo cáo'!$Z:$Z,"<="&J$4)-SUMIFS('Báo cáo'!$Q:$Q,'Báo cáo'!$AD:$AD,$A12,'Báo cáo'!$AA:$AA,"<="&J$4) -> 0 | ... N12: =SUMIFS('Báo cáo'!$O:$O,'Báo cáo'!$AD:$AD,$A12,'Báo cáo'!$Z:$Z,"<="&N$4)+SUMIFS('Báo cáo'!$P:$P,'Báo cáo'!$AD:$AD,$A12,'Báo cáo'!$Z:$Z,"<="&N$4)-SUMIFS('Báo cáo'!$Q:$Q,'Báo cáo'!$AD:$AD,$A12,'Báo cáo'!$AA:$AA,"<="&N$4) -> 0
C13: =SUMIFS('Báo cáo'!$O:$O,'Báo cáo'!$AD:$AD,$A13,'Báo cáo'!$Z:$Z,"<="&C$4)+SUMIFS('Báo cáo'!$P:$P,'Báo cáo'!$AD:$AD,$A13,'Báo cáo'!$Z:$Z,"<="&C$4)-SUMIFS('Báo cáo'!$Q:$Q,'Báo cáo'!$AD:$AD,$A13,'Báo cáo'!$AA:$AA,"<="&C$4) -> 0 | D13: =SUMIFS('Báo cáo'!$O:$O,'Báo cáo'!$AD:$AD,$A13,'Báo cáo'!$Z:$Z,"<="&D$4)+SUMIFS('Báo cáo'!$P:$P,'Báo cáo'!$AD:$AD,$A13,'Báo cáo'!$Z:$Z,"<="&D$4)-SUMIFS('Báo cáo'!$Q:$Q,'Báo cáo'!$AD:$AD,$A13,'Báo cáo'!$AA:$AA,"<="&D$4) -> 0 | E13: =SUMIFS('Báo cáo'!$O:$O,'Báo cáo'!$AD:$AD,$A13,'Báo cáo'!$Z:$Z,"<="&E$4)+SUMIFS('Báo cáo'!$P:$P,'Báo cáo'!$AD:$AD,$A13,'Báo cáo'!$Z:$Z,"<="&E$4)-SUMIFS('Báo cáo'!$Q:$Q,'Báo cáo'!$AD:$AD,$A13,'Báo cáo'!$AA:$AA,"<="&E$4) -> 0 | F13: =SUMIFS('Báo cáo'!$O:$O,'Báo cáo'!$AD:$AD,$A13,'Báo cáo'!$Z:$Z,"<="&F$4)+SUMIFS('Báo cáo'!$P:$P,'Báo cáo'!$AD:$AD,$A13,'Báo cáo'!$Z:$Z,"<="&F$4)-SUMIFS('Báo cáo'!$Q:$Q,'Báo cáo'!$AD:$AD,$A13,'Báo cáo'!$AA:$AA,"<="&F$4) -> 0 | G13: =SUMIFS('Báo cáo'!$O:$O,'Báo cáo'!$AD:$AD,$A13,'Báo cáo'!$Z:$Z,"<="&G$4)+SUMIFS('Báo cáo'!$P:$P,'Báo cáo'!$AD:$AD,$A13,'Báo cáo'!$Z:$Z,"<="&G$4)-SUMIFS('Báo cáo'!$Q:$Q,'Báo cáo'!$AD:$AD,$A13,'Báo cáo'!$AA:$AA,"<="&G$4) -> 0 | H13: =SUMIFS('Báo cáo'!$O:$O,'Báo cáo'!$AD:$AD,$A13,'Báo cáo'!$Z:$Z,"<="&H$4)+SUMIFS('Báo cáo'!$P:$P,'Báo cáo'!$AD:$AD,$A13,'Báo cáo'!$Z:$Z,"<="&H$4)-SUMIFS('Báo cáo'!$Q:$Q,'Báo cáo'!$AD:$AD,$A13,'Báo cáo'!$AA:$AA,"<="&H$4) -> 0 | I13: =SUMIFS('Báo cáo'!$O:$O,'Báo cáo'!$AD:$AD,$A13,'Báo cáo'!$Z:$Z,"<="&I$4)+SUMIFS('Báo cáo'!$P:$P,'Báo cáo'!$AD:$AD,$A13,'Báo cáo'!$Z:$Z,"<="&I$4)-SUMIFS('Báo cáo'!$Q:$Q,'Báo cáo'!$AD:$AD,$A13,'Báo cáo'!$AA:$AA,"<="&I$4) -> 0 | J13: =SUMIFS('Báo cáo'!$O:$O,'Báo cáo'!$AD:$AD,$A13,'Báo cáo'!$Z:$Z,"<="&J$4)+SUMIFS('Báo cáo'!$P:$P,'Báo cáo'!$AD:$AD,$A13,'Báo cáo'!$Z:$Z,"<="&J$4)-SUMIFS('Báo cáo'!$Q:$Q,'Báo cáo'!$AD:$AD,$A13,'Báo cáo'!$AA:$AA,"<="&J$4) -> 0 | ... N13: =SUMIFS('Báo cáo'!$O:$O,'Báo cáo'!$AD:$AD,$A13,'Báo cáo'!$Z:$Z,"<="&N$4)+SUMIFS('Báo cáo'!$P:$P,'Báo cáo'!$AD:$AD,$A13,'Báo cáo'!$Z:$Z,"<="&N$4)-SUMIFS('Báo cáo'!$Q:$Q,'Báo cáo'!$AD:$AD,$A13,'Báo cáo'!$AA:$AA,"<="&N$4) -> 0
C14: =SUMIFS('Báo cáo'!$O:$O,'Báo cáo'!$AD:$AD,$A14,'Báo cáo'!$Z:$Z,"<="&C$4)+SUMIFS('Báo cáo'!$P:$P,'Báo cáo'!$AD:$AD,$A14,'Báo cáo'!$Z:$Z,"<="&C$4)-SUMIFS('Báo cáo'!$Q:$Q,'Báo cáo'!$AD:$AD,$A14,'Báo cáo'!$AA:$AA,"<="&C$4) -> 0 | D14: =SUMIFS('Báo cáo'!$O:$O,'Báo cáo'!$AD:$AD,$A14,'Báo cáo'!$Z:$Z,"<="&D$4)+SUMIFS('Báo cáo'!$P:$P,'Báo cáo'!$AD:$AD,$A14,'Báo cáo'!$Z:$Z,"<="&D$4)-SUMIFS('Báo cáo'!$Q:$Q,'Báo cáo'!$AD:$AD,$A14,'Báo cáo'!$AA:$AA,"<="&D$4) -> 0 | E14: =SUMIFS('Báo cáo'!$O:$O,'Báo cáo'!$AD:$AD,$A14,'Báo cáo'!$Z:$Z,"<="&E$4)+SUMIFS('Báo cáo'!$P:$P,'Báo cáo'!$AD:$AD,$A14,'Báo cáo'!$Z:$Z,"<="&E$4)-SUMIFS('Báo cáo'!$Q:$Q,'Báo cáo'!$AD:$AD,$A14,'Báo cáo'!$AA:$AA,"<="&E$4) -> 0 | F14: =SUMIFS('Báo cáo'!$O:$O,'Báo cáo'!$AD:$AD,$A14,'Báo cáo'!$Z:$Z,"<="&F$4)+SUMIFS('Báo cáo'!$P:$P,'Báo cáo'!$AD:$AD,$A14,'Báo cáo'!$Z:$Z,"<="&F$4)-SUMIFS('Báo cáo'!$Q:$Q,'Báo cáo'!$AD:$AD,$A14,'Báo cáo'!$AA:$AA,"<="&F$4) -> 0 | G14: =SUMIFS('Báo cáo'!$O:$O,'Báo cáo'!$AD:$AD,$A14,'Báo cáo'!$Z:$Z,"<="&G$4)+SUMIFS('Báo cáo'!$P:$P,'Báo cáo'!$AD:$AD,$A14,'Báo cáo'!$Z:$Z,"<="&G$4)-SUMIFS('Báo cáo'!$Q:$Q,'Báo cáo'!$AD:$AD,$A14,'Báo cáo'!$AA:$AA,"<="&G$4) -> 0 | H14: =SUMIFS('Báo cáo'!$O:$O,'Báo cáo'!$AD:$AD,$A14,'Báo cáo'!$Z:$Z,"<="&H$4)+SUMIFS('Báo cáo'!$P:$P,'Báo cáo'!$AD:$AD,$A14,'Báo cáo'!$Z:$Z,"<="&H$4)-SUMIFS('Báo cáo'!$Q:$Q,'Báo cáo'!$AD:$AD,$A14,'Báo cáo'!$AA:$AA,"<="&H$4) -> 0 | I14: =SUMIFS('Báo cáo'!$O:$O,'Báo cáo'!$AD:$AD,$A14,'Báo cáo'!$Z:$Z,"<="&I$4)+SUMIFS('Báo cáo'!$P:$P,'Báo cáo'!$AD:$AD,$A14,'Báo cáo'!$Z:$Z,"<="&I$4)-SUMIFS('Báo cáo'!$Q:$Q,'Báo cáo'!$AD:$AD,$A14,'Báo cáo'!$AA:$AA,"<="&I$4) -> 0 | J14: =SUMIFS('Báo cáo'!$O:$O,'Báo cáo'!$AD:$AD,$A14,'Báo cáo'!$Z:$Z,"<="&J$4)+SUMIFS('Báo cáo'!$P:$P,'Báo cáo'!$AD:$AD,$A14,'Báo cáo'!$Z:$Z,"<="&J$4)-SUMIFS('Báo cáo'!$Q:$Q,'Báo cáo'!$AD:$AD,$A14,'Báo cáo'!$AA:$AA,"<="&J$4) -> 0 | ... N14: =SUMIFS('Báo cáo'!$O:$O,'Báo cáo'!$AD:$AD,$A14,'Báo cáo'!$Z:$Z,"<="&N$4)+SUMIFS('Báo cáo'!$P:$P,'Báo cáo'!$AD:$AD,$A14,'Báo cáo'!$Z:$Z,"<="&N$4)-SUMIFS('Báo cáo'!$Q:$Q,'Báo cáo'!$AD:$AD,$A14,'Báo cáo'!$AA:$AA,"<="&N$4) -> 0
C15: =SUMIFS('Báo cáo'!$O:$O,'Báo cáo'!$AD:$AD,$A15,'Báo cáo'!$Z:$Z,"<="&C$4)+SUMIFS('Báo cáo'!$P:$P,'Báo cáo'!$AD:$AD,$A15,'Báo cáo'!$Z:$Z,"<="&C$4)-SUMIFS('Báo cáo'!$Q:$Q,'Báo cáo'!$AD:$AD,$A15,'Báo cáo'!$AA:$AA,"<="&C$4) -> 0 | D15: =SUMIFS('Báo cáo'!$O:$O,'Báo cáo'!$AD:$AD,$A15,'Báo cáo'!$Z:$Z,"<="&D$4)+SUMIFS('Báo cáo'!$P:$P,'Báo cáo'!$AD:$AD,$A15,'Báo cáo'!$Z:$Z,"<="&D$4)-SUMIFS('Báo cáo'!$Q:$Q,'Báo cáo'!$AD:$AD,$A15,'Báo cáo'!$AA:$AA,"<="&D$4) -> 0 | E15: =SUMIFS('Báo cáo'!$O:$O,'Báo cáo'!$AD:$AD,$A15,'Báo cáo'!$Z:$Z,"<="&E$4)+SUMIFS('Báo cáo'!$P:$P,'Báo cáo'!$AD:$AD,$A15,'Báo cáo'!$Z:$Z,"<="&E$4)-SUMIFS('Báo cáo'!$Q:$Q,'Báo cáo'!$AD:$AD,$A15,'Báo cáo'!$AA:$AA,"<="&E$4) -> 0 | F15: =SUMIFS('Báo cáo'!$O:$O,'Báo cáo'!$AD:$AD,$A15,'Báo cáo'!$Z:$Z,"<="&F$4)+SUMIFS('Báo cáo'!$P:$P,'Báo cáo'!$AD:$AD,$A15,'Báo cáo'!$Z:$Z,"<="&F$4)-SUMIFS('Báo cáo'!$Q:$Q,'Báo cáo'!$AD:$AD,$A15,'Báo cáo'!$AA:$AA,"<="&F$4) -> 0 | G15: =SUMIFS('Báo cáo'!$O:$O,'Báo cáo'!$AD:$AD,$A15,'Báo cáo'!$Z:$Z,"<="&G$4)+SUMIFS('Báo cáo'!$P:$P,'Báo cáo'!$AD:$AD,$A15,'Báo cáo'!$Z:$Z,"<="&G$4)-SUMIFS('Báo cáo'!$Q:$Q,'Báo cáo'!$AD:$AD,$A15,'Báo cáo'!$AA:$AA,"<="&G$4) -> 0 | H15: =SUMIFS('Báo cáo'!$O:$O,'Báo cáo'!$AD:$AD,$A15,'Báo cáo'!$Z:$Z,"<="&H$4)+SUMIFS('Báo cáo'!$P:$P,'Báo cáo'!$AD:$AD,$A15,'Báo cáo'!$Z:$Z,"<="&H$4)-SUMIFS('Báo cáo'!$Q:$Q,'Báo cáo'!$AD:$AD,$A15,'Báo cáo'!$AA:$AA,"<="&H$4) -> 0 | I15: =SUMIFS('Báo cáo'!$O:$O,'Báo cáo'!$AD:$AD,$A15,'Báo cáo'!$Z:$Z,"<="&I$4)+SUMIFS('Báo cáo'!$P:$P,'Báo cáo'!$AD:$AD,$A15,'Báo cáo'!$Z:$Z,"<="&I$4)-SUMIFS('Báo cáo'!$Q:$Q,'Báo cáo'!$AD:$AD,$A15,'Báo cáo'!$AA:$AA,"<="&I$4) -> 0 | J15: =SUMIFS('Báo cáo'!$O:$O,'Báo cáo'!$AD:$AD,$A15,'Báo cáo'!$Z:$Z,"<="&J$4)+SUMIFS('Báo cáo'!$P:$P,'Báo cáo'!$AD:$AD,$A15,'Báo cáo'!$Z:$Z,"<="&J$4)-SUMIFS('Báo cáo'!$Q:$Q,'Báo cáo'!$AD:$AD,$A15,'Báo cáo'!$AA:$AA,"<="&J$4) -> 0 | ... N15: =SUMIFS('Báo cáo'!$O:$O,'Báo cáo'!$AD:$AD,$A15,'Báo cáo'!$Z:$Z,"<="&N$4)+SUMIFS('Báo cáo'!$P:$P,'Báo cáo'!$AD:$AD,$A15,'Báo cáo'!$Z:$Z,"<="&N$4)-SUMIFS('Báo cáo'!$Q:$Q,'Báo cáo'!$AD:$AD,$A15,'Báo cáo'!$AA:$AA,"<="&N$4) -> 0
C16: =SUMIFS('Báo cáo'!$O:$O,'Báo cáo'!$AD:$AD,$A16,'Báo cáo'!$Z:$Z,"<="&C$4)+SUMIFS('Báo cáo'!$P:$P,'Báo cáo'!$AD:$AD,$A16,'Báo cáo'!$Z:$Z,"<="&C$4)-SUMIFS('Báo cáo'!$Q:$Q,'Báo cáo'!$AD:$AD,$A16,'Báo cáo'!$AA:$AA,"<="&C$4) -> 0 | D16: =SUMIFS('Báo cáo'!$O:$O,'Báo cáo'!$AD:$AD,$A16,'Báo cáo'!$Z:$Z,"<="&D$4)+SUMIFS('Báo cáo'!$P:$P,'Báo cáo'!$AD:$AD,$A16,'Báo cáo'!$Z:$Z,"<="&D$4)-SUMIFS('Báo cáo'!$Q:$Q,'Báo cáo'!$AD:$AD,$A16,'Báo cáo'!$AA:$AA,"<="&D$4) -> 0 | E16: =SUMIFS('Báo cáo'!$O:$O,'Báo cáo'!$AD:$AD,$A16,'Báo cáo'!$Z:$Z,"<="&E$4)+SUMIFS('Báo cáo'!$P:$P,'Báo cáo'!$AD:$AD,$A16,'Báo cáo'!$Z:$Z,"<="&E$4)-SUMIFS('Báo cáo'!$Q:$Q,'Báo cáo'!$AD:$AD,$A16,'Báo cáo'!$AA:$AA,"<="&E$4) -> 0 | F16: =SUMIFS('Báo cáo'!$O:$O,'Báo cáo'!$AD:$AD,$A16,'Báo cáo'!$Z:$Z,"<="&F$4)+SUMIFS('Báo cáo'!$P:$P,'Báo cáo'!$AD:$AD,$A16,'Báo cáo'!$Z:$Z,"<="&F$4)-SUMIFS('Báo cáo'!$Q:$Q,'Báo cáo'!$AD:$AD,$A16,'Báo cáo'!$AA:$AA,"<="&F$4) -> 0 | G16: =SUMIFS('Báo cáo'!$O:$O,'Báo cáo'!$AD:$AD,$A16,'Báo cáo'!$Z:$Z,"<="&G$4)+SUMIFS('Báo cáo'!$P:$P,'Báo cáo'!$AD:$AD,$A16,'Báo cáo'!$Z:$Z,"<="&G$4)-SUMIFS('Báo cáo'!$Q:$Q,'Báo cáo'!$AD:$AD,$A16,'Báo cáo'!$AA:$AA,"<="&G$4) -> 0 | H16: =SUMIFS('Báo cáo'!$O:$O,'Báo cáo'!$AD:$AD,$A16,'Báo cáo'!$Z:$Z,"<="&H$4)+SUMIFS('Báo cáo'!$P:$P,'Báo cáo'!$AD:$AD,$A16,'Báo cáo'!$Z:$Z,"<="&H$4)-SUMIFS('Báo cáo'!$Q:$Q,'Báo cáo'!$AD:$AD,$A16,'Báo cáo'!$AA:$AA,"<="&H$4) -> 0 | I16: =SUMIFS('Báo cáo'!$O:$O,'Báo cáo'!$AD:$AD,$A16,'Báo cáo'!$Z:$Z,"<="&I$4)+SUMIFS('Báo cáo'!$P:$P,'Báo cáo'!$AD:$AD,$A16,'Báo cáo'!$Z:$Z,"<="&I$4)-SUMIFS('Báo cáo'!$Q:$Q,'Báo cáo'!$AD:$AD,$A16,'Báo cáo'!$AA:$AA,"<="&I$4) -> 0 | J16: =SUMIFS('Báo cáo'!$O:$O,'Báo cáo'!$AD:$AD,$A16,'Báo cáo'!$Z:$Z,"<="&J$4)+SUMIFS('Báo cáo'!$P:$P,'Báo cáo'!$AD:$AD,$A16,'Báo cáo'!$Z:$Z,"<="&J$4)-SUMIFS('Báo cáo'!$Q:$Q,'Báo cáo'!$AD:$AD,$A16,'Báo cáo'!$AA:$AA,"<="&J$4) -> 0 | ... N16: =SUMIFS('Báo cáo'!$O:$O,'Báo cáo'!$AD:$AD,$A16,'Báo cáo'!$Z:$Z,"<="&N$4)+SUMIFS('Báo cáo'!$P:$P,'Báo cáo'!$AD:$AD,$A16,'Báo cáo'!$Z:$Z,"<="&N$4)-SUMIFS('Báo cáo'!$Q:$Q,'Báo cáo'!$AD:$AD,$A16,'Báo cáo'!$AA:$AA,"<="&N$4) -> 0
C17: =SUMIFS('Báo cáo'!$O:$O,'Báo cáo'!$AD:$AD,$A17,'Báo cáo'!$Z:$Z,"<="&C$4)+SUMIFS('Báo cáo'!$P:$P,'Báo cáo'!$AD:$AD,$A17,'Báo cáo'!$Z:$Z,"<="&C$4)-SUMIFS('Báo cáo'!$Q:$Q,'Báo cáo'!$AD:$AD,$A17,'Báo cáo'!$AA:$AA,"<="&C$4) -> 0 | D17: =SUMIFS('Báo cáo'!$O:$O,'Báo cáo'!$AD:$AD,$A17,'Báo cáo'!$Z:$Z,"<="&D$4)+SUMIFS('Báo cáo'!$P:$P,'Báo cáo'!$AD:$AD,$A17,'Báo cáo'!$Z:$Z,"<="&D$4)-SUMIFS('Báo cáo'!$Q:$Q,'Báo cáo'!$AD:$AD,$A17,'Báo cáo'!$AA:$AA,"<="&D$4) -> 0 | E17: =SUMIFS('Báo cáo'!$O:$O,'Báo cáo'!$AD:$AD,$A17,'Báo cáo'!$Z:$Z,"<="&E$4)+SUMIFS('Báo cáo'!$P:$P,'Báo cáo'!$AD:$AD,$A17,'Báo cáo'!$Z:$Z,"<="&E$4)-SUMIFS('Báo cáo'!$Q:$Q,'Báo cáo'!$AD:$AD,$A17,'Báo cáo'!$AA:$AA,"<="&E$4) -> 0 | F17: =SUMIFS('Báo cáo'!$O:$O,'Báo cáo'!$AD:$AD,$A17,'Báo cáo'!$Z:$Z,"<="&F$4)+SUMIFS('Báo cáo'!$P:$P,'Báo cáo'!$AD:$AD,$A17,'Báo cáo'!$Z:$Z,"<="&F$4)-SUMIFS('Báo cáo'!$Q:$Q,'Báo cáo'!$AD:$AD,$A17,'Báo cáo'!$AA:$AA,"<="&F$4) -> 0 | G17: =SUMIFS('Báo cáo'!$O:$O,'Báo cáo'!$AD:$AD,$A17,'Báo cáo'!$Z:$Z,"<="&G$4)+SUMIFS('Báo cáo'!$P:$P,'Báo cáo'!$AD:$AD,$A17,'Báo cáo'!$Z:$Z,"<="&G$4)-SUMIFS('Báo cáo'!$Q:$Q,'Báo cáo'!$AD:$AD,$A17,'Báo cáo'!$AA:$AA,"<="&G$4) -> 0 | H17: =SUMIFS('Báo cáo'!$O:$O,'Báo cáo'!$AD:$AD,$A17,'Báo cáo'!$Z:$Z,"<="&H$4)+SUMIFS('Báo cáo'!$P:$P,'Báo cáo'!$AD:$AD,$A17,'Báo cáo'!$Z:$Z,"<="&H$4)-SUMIFS('Báo cáo'!$Q:$Q,'Báo cáo'!$AD:$AD,$A17,'Báo cáo'!$AA:$AA,"<="&H$4) -> 0 | I17: =SUMIFS('Báo cáo'!$O:$O,'Báo cáo'!$AD:$AD,$A17,'Báo cáo'!$Z:$Z,"<="&I$4)+SUMIFS('Báo cáo'!$P:$P,'Báo cáo'!$AD:$AD,$A17,'Báo cáo'!$Z:$Z,"<="&I$4)-SUMIFS('Báo cáo'!$Q:$Q,'Báo cáo'!$AD:$AD,$A17,'Báo cáo'!$AA:$AA,"<="&I$4) -> 0 | J17: =SUMIFS('Báo cáo'!$O:$O,'Báo cáo'!$AD:$AD,$A17,'Báo cáo'!$Z:$Z,"<="&J$4)+SUMIFS('Báo cáo'!$P:$P,'Báo cáo'!$AD:$AD,$A17,'Báo cáo'!$Z:$Z,"<="&J$4)-SUMIFS('Báo cáo'!$Q:$Q,'Báo cáo'!$AD:$AD,$A17,'Báo cáo'!$AA:$AA,"<="&J$4) -> 0 | ... N17: =SUMIFS('Báo cáo'!$O:$O,'Báo cáo'!$AD:$AD,$A17,'Báo cáo'!$Z:$Z,"<="&N$4)+SUMIFS('Báo cáo'!$P:$P,'Báo cáo'!$AD:$AD,$A17,'Báo cáo'!$Z:$Z,"<="&N$4)-SUMIFS('Báo cáo'!$Q:$Q,'Báo cáo'!$AD:$AD,$A17,'Báo cáo'!$AA:$AA,"<="&N$4) -> 0
... C32: =SUMIFS('Báo cáo'!$O:$O,'Báo cáo'!$AD:$AD,$A32,'Báo cáo'!$Z:$Z,"<="&C$4)+SUMIFS('Báo cáo'!$P:$P,'Báo cáo'!$AD:$AD,$A32,'Báo cáo'!$Z:$Z,"<="&C$4)-SUMIFS('Báo cáo'!$Q:$Q,'Báo cáo'!$AD:$AD,$A32,'Báo cáo'!$AA:$AA,"<="&C$4) -> 0 | D32: =SUMIFS('Báo cáo'!$O:$O,'Báo cáo'!$AD:$AD,$A32,'Báo cáo'!$Z:$Z,"<="&D$4)+SUMIFS('Báo cáo'!$P:$P,'Báo cáo'!$AD:$AD,$A32,'Báo cáo'!$Z:$Z,"<="&D$4)-SUMIFS('Báo cáo'!$Q:$Q,'Báo cáo'!$AD:$AD,$A32,'Báo cáo'!$AA:$AA,"<="&D$4) -> 0 | E32: =SUMIFS('Báo cáo'!$O:$O,'Báo cáo'!$AD:$AD,$A32,'Báo cáo'!$Z:$Z,"<="&E$4)+SUMIFS('Báo cáo'!$P:$P,'Báo cáo'!$AD:$AD,$A32,'Báo cáo'!$Z:$Z,"<="&E$4)-SUMIFS('Báo cáo'!$Q:$Q,'Báo cáo'!$AD:$AD,$A32,'Báo cáo'!$AA:$AA,"<="&E$4) -> 0 | F32: =SUMIFS('Báo cáo'!$O:$O,'Báo cáo'!$AD:$AD,$A32,'Báo cáo'!$Z:$Z,"<="&F$4)+SUMIFS('Báo cáo'!$P:$P,'Báo cáo'!$AD:$AD,$A32,'Báo cáo'!$Z:$Z,"<="&F$4)-SUMIFS('Báo cáo'!$Q:$Q,'Báo cáo'!$AD:$AD,$A32,'Báo cáo'!$AA:$AA,"<="&F$4) -> 0 | G32: =SUMIFS('Báo cáo'!$O:$O,'Báo cáo'!$AD:$AD,$A32,'Báo cáo'!$Z:$Z,"<="&G$4)+SUMIFS('Báo cáo'!$P:$P,'Báo cáo'!$AD:$AD,$A32,'Báo cáo'!$Z:$Z,"<="&G$4)-SUMIFS('Báo cáo'!$Q:$Q,'Báo cáo'!$AD:$AD,$A32,'Báo cáo'!$AA:$AA,"<="&G$4) -> 0 | H32: =SUMIFS('Báo cáo'!$O:$O,'Báo cáo'!$AD:$AD,$A32,'Báo cáo'!$Z:$Z,"<="&H$4)+SUMIFS('Báo cáo'!$P:$P,'Báo cáo'!$AD:$AD,$A32,'Báo cáo'!$Z:$Z,"<="&H$4)-SUMIFS('Báo cáo'!$Q:$Q,'Báo cáo'!$AD:$AD,$A32,'Báo cáo'!$AA:$AA,"<="&H$4) -> 0 | I32: =SUMIFS('Báo cáo'!$O:$O,'Báo cáo'!$AD:$AD,$A32,'Báo cáo'!$Z:$Z,"<="&I$4)+SUMIFS('Báo cáo'!$P:$P,'Báo cáo'!$AD:$AD,$A32,'Báo cáo'!$Z:$Z,"<="&I$4)-SUMIFS('Báo cáo'!$Q:$Q,'Báo cáo'!$AD:$AD,$A32,'Báo cáo'!$AA:$AA,"<="&I$4) -> 0 | J32: =SUMIFS('Báo cáo'!$O:$O,'Báo cáo'!$AD:$AD,$A32,'Báo cáo'!$Z:$Z,"<="&J$4)+SUMIFS('Báo cáo'!$P:$P,'Báo cáo'!$AD:$AD,$A32,'Báo cáo'!$Z:$Z,"<="&J$4)-SUMIFS('Báo cáo'!$Q:$Q,'Báo cáo'!$AD:$AD,$A32,'Báo cáo'!$AA:$AA,"<="&J$4) -> 0 | ... N32: =SUMIFS('Báo cáo'!$O:$O,'Báo cáo'!$AD:$AD,$A32,'Báo cáo'!$Z:$Z,"<="&N$4)+SUMIFS('Báo cáo'!$P:$P,'Báo cáo'!$AD:$AD,$A32,'Báo cáo'!$Z:$Z,"<="&N$4)-SUMIFS('Báo cáo'!$Q:$Q,'Báo cáo'!$AD:$AD,$A32,'Báo cáo'!$AA:$AA,"<="&N$4) -> 0

Sheet Báo cáo
A1: CHI TIẾT CÔNG NỢ PHẢI THU THEO HÓA ĐƠN | Q1: =+SUBTOTAL(9,$O$3:$P$1048576) -> 27310420
A2: Tài khoản: 131; Tháng 9 năm 2025
A3: Mã khách hàng | B3: Tên Khách hàng | C3: Ngày hạch toán | D3: Số chứng từ | E3: Ngày hóa đơn | F3: Số hóa đơn | G3: Diễn giải | H3: Tiền hàng | I3: Tiền chiết khấu | J3: Tiền VAT | K3: Tổng giá trị | L3: Phân loại | M3: Ngày Thanh toán | N3: Chứng từ Thanh toán | O3: Số còn phải thu ĐK | P3: Giá Trị HD sau CK | Q3: Số tiền đã thu | R3: Số còn phải thu | S3: Ngày tính CN | T3: Số ngày được nợ | U3: Hạn thanh toán | V3: Số ngày nợ còn lại | W3: Nhóm nợ trước hạn | X3: Số ngày quá hạn | Y3: Nhóm nợ quá hạn | Z3: Tháng HĐ | AA3: Tháng Thanh toán | AB3: Ghi chú | AC3: Trạng Thái ghi sổ | AD3: NHÓM KHÁCH HÀNG | AE3: TÊN NHÓM KHÁCH HÀNG | AF3: Nhân viên sale
A4: SAIGONHD-HCM-PNN-67013 | B4: CÔNG TY CỔ PHẦN SÀI GÒN HD | C4: 42107 | E4: 42107 | F4: 7 | H4: 2725368 | I4: 0.1 | J4: 272537 | K4: 2997905 | L4: Tồn đầu kỳ | O4: =IF(Table1[[#This Row],[Phân loại]]="Tồn đầu kỳ",Table1[[#This Row],[Tổng giá trị]],0) -> 2997905 | P4: =IF(Table1[[#This Row],[Số còn phải thu ĐK]]<>0,0,IF(Table1[[#This Row],[Phân loại]]="Bán hàng",Table1[[#This Row],[Tổng giá trị]],-Table1[[#This Row],[Tổng giá trị]])) -> 0 | Q4: =IF(M4<>"",IF(O4<>0,O4,P4),0) -> 0 | R4: =Table1[[#This Row],[Số còn phải thu ĐK]]+Table1[[#This Row],[Giá Trị HD sau CK]]-Table1[[#This Row],[Số tiền đã thu]] -> 2997905 | S4: =IF(Table1[[#This Row],[Ngày hóa đơn]]<>"",Table1[[#This Row],[Ngày hóa đơn]],IF(Table1[[#This Row],[Ngày hạch toán]]<>"",Table1[[#This Row],[Ngày hạch toán]],"")) -> 42107 | U4: =IF(Table1[[#This Row],[Ngày tính CN]]="","",S4+T4) -> 42107 | V4: =IF(Table1[[#This Row],[Hạn thanh toán]]="","",IF((U4-NOW())<0,0,(U4-NOW()))) -> 0 | X4: =IF(OR(U4="",R4=0),"",IF((U4-NOW())<0,-(U4-NOW()),0)) -> 4138.3445 | Y4: =IF(R4=0,"Đã thanh toán",IF(X4="","",IF(X4<=0,"Chưa đến hạn thanh toán",IF(X4<=30,"Nợ quá hạn 30 ngày",IF(X4<=60,"Nợ quá hạn từ 30 ngày đến 60 ngày",IF(X4<=90,"Nợ quá hạn từ 60 ngày đến 90 ngày",IF(X4<=120,"Nợ quá hạn từ 90 ngày đến 120 ngày","Nợ quá hạn hơn 120 ngày có khả năng mất thanh toán"))))))) -> Nợ quá hạn hơn 120 ngày có khả năng mất thanh toán | Z4: =IF(S4="","",S4) -> 42107 | AA4: =IF(M4="","",M4) | AB4: công nợ gối đầu | AD4: =VLOOKUP($A4,MA_KH!$A:$V,MA_KH!U$1,0) -> SAIGONHD | AE4: =VLOOKUP($A4,MA_KH!$A:$V,MA_KH!V$1,0) -> CÔNG TY CỔ PHẦN SÀI GÒN HD | AF4: =VLOOKUP($A4,MA_KH!$A:$V,MA_KH!H$1,0) -> SG039
A5: SAIGONHD-HCM-PNN-67013 | B5: CÔNG TY CỔ PHẦN SÀI GÒN HD | C5: 42107 | E5: 42107 | F5: 8 | H5: 2510379 | I5: 0.1 | J5: 251038 | K5: 2761417 | L5: Tồn đầu kỳ | O5: =IF(Table1[[#This Row],[Phân loại]]="Tồn đầu kỳ",Table1[[#This Row],[Tổng giá trị]],0) -> 2761417 | P5: =IF(Table1[[#This Row],[Số còn phải thu ĐK]]<>0,0,IF(Table1[[#This Row],[Phân loại]]="Bán hàng",Table1[[#This Row],[Tổng giá trị]],-Table1[[#This Row],[Tổng giá trị]])) -> 0 | Q5: =IF(M5<>"",IF(O5<>0,O5,P5),0) -> 0 | R5: =Table1[[#This Row],[Số còn phải thu ĐK]]+Table1[[#This Row],[Giá Trị HD sau CK]]-Table1[[#This Row],[Số tiền đã thu]] -> 2761417 | S5: =IF(Table1[[#This Row],[Ngày hóa đơn]]<>"",Table1[[#This Row],[Ngày hóa đơn]],IF(Table1[[#This Row],[Ngày hạch toán]]<>"",Table1[[#This Row],[Ngày hạch toán]],"")) -> 42107 | U5: =IF(Table1[[#This Row],[Ngày tính CN]]="","",S5+T5) -> 42107 | V5: =IF(Table1[[#This Row],[Hạn thanh toán]]="","",IF((U5-NOW())<0,0,(U5-NOW()))) -> 0 | X5: =IF(OR(U5="",R5=0),"",IF((U5-NOW())<0,-(U5-NOW()),0)) -> 4138.3445 | Y5: =IF(R5=0,"Đã thanh toán",IF(X5="","",IF(X5<=0,"Chưa đến hạn thanh toán",IF(X5<=30,"Nợ quá hạn 30 ngày",IF(X5<=60,"Nợ quá hạn từ 30 ngày đến 60 ngày",IF(X5<=90,"Nợ quá hạn từ 60 ngày đến 90 ngày",IF(X5<=120,"Nợ quá hạn từ 90 ngày đến 120 ngày","Nợ quá hạn hơn 120 ngày có khả năng mất thanh toán"))))))) -> Nợ quá hạn hơn 120 ngày có khả năng mất thanh toán | Z5: =IF(S5="","",S5) -> 42107 | AA5: =IF(M5="","",M5) | AB5: công nợ gối đầu | AD5: =VLOOKUP($A5,MA_KH!$A:$V,MA_KH!U$1,0) -> SAIGONHD | AE5: =VLOOKUP($A5,MA_KH!$A:$V,MA_KH!V$1,0) -> CÔNG TY CỔ PHẦN SÀI GÒN HD | AF5: =VLOOKUP($A5,MA_KH!$A:$V,MA_KH!H$1,0) -> SG039
A6: SAIGONHD-HCM-PNN-67013 | B6: CÔNG TY CỔ PHẦN SÀI GÒN HD | C6: 44005 | E6: 44005 | F6: 14996 | G6: CÔNG TY CỔ PHẦN SÀI GÒN HD / RIVERSIDE, KT | H6: 3824532 | I6: 0.1 | J6: 382453 | K6: 4206985 | L6: Tồn đầu kỳ | O6: =IF(Table1[[#This Row],[Phân loại]]="Tồn đầu kỳ",Table1[[#This Row],[Tổng giá trị]],0) -> 4206985 | P6: =IF(Table1[[#This Row],[Số còn phải thu ĐK]]<>0,0,IF(Table1[[#This Row],[Phân loại]]="Bán hàng",Table1[[#This Row],[Tổng giá trị]],-Table1[[#This Row],[Tổng giá trị]])) -> 0 | Q6: =IF(M6<>"",IF(O6<>0,O6,P6),0) -> 0 | R6: =Table1[[#This Row],[Số còn phải thu ĐK]]+Table1[[#This Row],[Giá Trị HD sau CK]]-Table1[[#This Row],[Số tiền đã thu]] -> 4206985 | S6: =IF(Table1[[#This Row],[Ngày hóa đơn]]<>"",Table1[[#This Row],[Ngày hóa đơn]],IF(Table1[[#This Row],[Ngày hạch toán]]<>"",Table1[[#This Row],[Ngày hạch toán]],"")) -> 44005 | U6: =IF(Table1[[#This Row],[Ngày tính CN]]="","",S6+T6) -> 44005 | V6: =IF(Table1[[#This Row],[Hạn thanh toán]]="","",IF((U6-NOW())<0,0,(U6-NOW()))) -> 0 | X6: =IF(OR(U6="",R6=0),"",IF((U6-NOW())<0,-(U6-NOW()),0)) -> 2240.3445 | Y6: =IF(R6=0,"Đã thanh toán",IF(X6="","",IF(X6<=0,"Chưa đến hạn thanh toán",IF(X6<=30,"Nợ quá hạn 30 ngày",IF(X6<=60,"Nợ quá hạn từ 30 ngày đến 60 ngày",IF(X6<=90,"Nợ quá hạn từ 60 ngày đến 90 ngày",IF(X6<=120,"Nợ quá hạn từ 90 ngày đến 120 ngày","Nợ quá hạn hơn 120 ngày có khả năng mất thanh toán"))))))) -> Nợ quá hạn hơn 120 ngày có khả năng mất thanh toán | Z6: =IF(S6="","",S6) -> 44005 | AA6: =IF(M6="","",M6) | AB6: công nợ gối đầu | AD6: =VLOOKUP($A6,MA_KH!$A:$V,MA_KH!U$1,0) -> SAIGONHD | AE6: =VLOOKUP($A6,MA_KH!$A:$V,MA_KH!V$1,0) -> CÔNG TY CỔ PHẦN SÀI GÒN HD | AF6: =VLOOKUP($A6,MA_KH!$A:$V,MA_KH!H$1,0) -> SG039
A7: SAIGONHD-HCM-PNN-67013 | B7: CÔNG TY CỔ PHẦN SÀI GÒN HD | C7: 44229 | E7: 44229 | F7: 42500 | G7: CÔNG TY CỔ PHẦN SÀI GÒN HD / Kho bán hàng - Richmond, KT | H7: 2885060 | I7: 0.1 | J7: 288506 | K7: 3173566 | L7: Tồn đầu kỳ | O7: =IF(Table1[[#This Row],[Phân loại]]="Tồn đầu kỳ",Table1[[#This Row],[Tổng giá trị]],0) -> 3173566 | P7: =IF(Table1[[#This Row],[Số còn phải thu ĐK]]<>0,0,IF(Table1[[#This Row],[Phân loại]]="Bán hàng",Table1[[#This Row],[Tổng giá trị]],-Table1[[#This Row],[Tổng giá trị]])) -> 0 | Q7: =IF(M7<>"",IF(O7<>0,O7,P7),0) -> 0 | R7: =Table1[[#This Row],[Số còn phải thu ĐK]]+Table1[[#This Row],[Giá Trị HD sau CK]]-Table1[[#This Row],[Số tiền đã thu]] -> 3173566 | S7: =IF(Table1[[#This Row],[Ngày hóa đơn]]<>"",Table1[[#This Row],[Ngày hóa đơn]],IF(Table1[[#This Row],[Ngày hạch toán]]<>"",Table1[[#This Row],[Ngày hạch toán]],"")) -> 44229 | U7: =IF(Table1[[#This Row],[Ngày tính CN]]="","",S7+T7) -> 44229 | V7: =IF(Table1[[#This Row],[Hạn thanh toán]]="","",IF((U7-NOW())<0,0,(U7-NOW()))) -> 0 | X7: =IF(OR(U7="",R7=0),"",IF((U7-NOW())<0,-(U7-NOW()),0)) -> 2016.3445 | Y7: =IF(R7=0,"Đã thanh toán",IF(X7="","",IF(X7<=0,"Chưa đến hạn thanh toán",IF(X7<=30,"Nợ quá hạn 30 ngày",IF(X7<=60,"Nợ quá hạn từ 30 ngày đến 60 ngày",IF(X7<=90,"Nợ quá hạn từ 60 ngày đến 90 ngày",IF(X7<=120,"Nợ quá hạn từ 90 ngày đến 120 ngày","Nợ quá hạn hơn 120 ngày có khả năng mất thanh toán"))))))) -> Nợ quá hạn hơn 120 ngày có khả năng mất thanh toán | Z7: =IF(S7="","",S7) -> 44229 | AA7: =IF(M7="","",M7) | AB7: công nợ gối đầu | AD7: =VLOOKUP($A7,MA_KH!$A:$V,MA_KH!U$1,0) -> SAIGONHD | AE7: =VLOOKUP($A7,MA_KH!$A:$V,MA_KH!V$1,0) -> CÔNG TY CỔ PHẦN SÀI GÒN HD | AF7: =VLOOKUP($A7,MA_KH!$A:$V,MA_KH!H$1,0) -> SG039
A8: SAIGONHD-HCM-PNN-67013 | B8: CÔNG TY CỔ PHẦN SÀI GÒN HD | C8: 44294 | E8: 44294 | F8: 49039 | G8: CÔNG TY CỔ PHẦN SÀI GÒN HD / EMPIRE CITY, KT | H8: 1266561 | I8: 0.1 | J8: 126656 | K8: 1393217 | L8: Tồn đầu kỳ | O8: =IF(Table1[[#This Row],[Phân loại]]="Tồn đầu kỳ",Table1[[#This Row],[Tổng giá trị]],0) -> 1393217 | P8: =IF(Table1[[#This Row],[Số còn phải thu ĐK]]<>0,0,IF(Table1[[#This Row],[Phân loại]]="Bán hàng",Table1[[#This Row],[Tổng giá trị]],-Table1[[#This Row],[Tổng giá trị]])) -> 0 | Q8: =IF(M8<>"",IF(O8<>0,O8,P8),0) -> 0 | R8: =Table1[[#This Row],[Số còn phải thu ĐK]]+Table1[[#This Row],[Giá Trị HD sau CK]]-Table1[[#This Row],[Số tiền đã thu]] -> 1393217 | S8: =IF(Table1[[#This Row],[Ngày hóa đơn]]<>"",Table1[[#This Row],[Ngày hóa đơn]],IF(Table1[[#This Row],[Ngày hạch toán]]<>"",Table1[[#This Row],[Ngày hạch toán]],"")) -> 44294 | U8: =IF(Table1[[#This Row],[Ngày tính CN]]="","",S8+T8) -> 44294 | V8: =IF(Table1[[#This Row],[Hạn thanh toán]]="","",IF((U8-NOW())<0,0,(U8-NOW()))) -> 0 | X8: =IF(OR(U8="",R8=0),"",IF((U8-NOW())<0,-(U8-NOW()),0)) -> 1951.3445 | Y8: =IF(R8=0,"Đã thanh toán",IF(X8="","",IF(X8<=0,"Chưa đến hạn thanh toán",IF(X8<=30,"Nợ quá hạn 30 ngày",IF(X8<=60,"Nợ quá hạn từ 30 ngày đến 60 ngày",IF(X8<=90,"Nợ quá hạn từ 60 ngày đến 90 ngày",IF(X8<=120,"Nợ quá hạn từ 90 ngày đến 120 ngày","Nợ quá hạn hơn 120 ngày có khả năng mất thanh toán"))))))) -> Nợ quá hạn hơn 120 ngày có khả năng mất thanh toán | Z8: =IF(S8="","",S8) -> 44294 | AA8: =IF(M8="","",M8) | AB8: công nợ gối đầu | AD8: =VLOOKUP($A8,MA_KH!$A:$V,MA_KH!U$1,0) -> SAIGONHD | AE8: =VLOOKUP($A8,MA_KH!$A:$V,MA_KH!V$1,0) -> CÔNG TY CỔ PHẦN SÀI GÒN HD | AF8: =VLOOKUP($A8,MA_KH!$A:$V,MA_KH!H$1,0) -> SG039
A9: SAIGONHD-HCM-PNN-67013 | B9: CÔNG TY CỔ PHẦN SÀI GÒN HD | C9: 44942 | E9: 44942 | F9: 1662 | G9: CÔNG TY CỔ PHẦN SÀI GÒN HD - Picity High, KT | H9: 1311386 | I9: 0.1 | J9: 131139 | K9: 1442525 | L9: Tồn đầu kỳ | O9: =IF(Table1[[#This Row],[Phân loại]]="Tồn đầu kỳ",Table1[[#This Row],[Tổng giá trị]],0) -> 1442525 | P9: =IF(Table1[[#This Row],[Số còn phải thu ĐK]]<>0,0,IF(Table1[[#This Row],[Phân loại]]="Bán hàng",Table1[[#This Row],[Tổng giá trị]],-Table1[[#This Row],[Tổng giá trị]])) -> 0 | Q9: =IF(M9<>"",IF(O9<>0,O9,P9),0) -> 0 | R9: =Table1[[#This Row],[Số còn phải thu ĐK]]+Table1[[#This Row],[Giá Trị HD sau CK]]-Table1[[#This Row],[Số tiền đã thu]] -> 1442525 | S9: =IF(Table1[[#This Row],[Ngày hóa đơn]]<>"",Table1[[#This Row],[Ngày hóa đơn]],IF(Table1[[#This Row],[Ngày hạch toán]]<>"",Table1[[#This Row],[Ngày hạch toán]],"")) -> 44942 | U9: =IF(Table1[[#This Row],[Ngày tính CN]]="","",S9+T9) -> 44942 | V9: =IF(Table1[[#This Row],[Hạn thanh toán]]="","",IF((U9-NOW())<0,0,(U9-NOW()))) -> 0 | X9: =IF(OR(U9="",R9=0),"",IF((U9-NOW())<0,-(U9-NOW()),0)) -> 1303.3445 | Y9: =IF(R9=0,"Đã thanh toán",IF(X9="","",IF(X9<=0,"Chưa đến hạn thanh toán",IF(X9<=30,"Nợ quá hạn 30 ngày",IF(X9<=60,"Nợ quá hạn từ 30 ngày đến 60 ngày",IF(X9<=90,"Nợ quá hạn từ 60 ngày đến 90 ngày",IF(X9<=120,"Nợ quá hạn từ 90 ngày đến 120 ngày","Nợ quá hạn hơn 120 ngày có khả năng mất thanh toán"))))))) -> Nợ quá hạn hơn 120 ngày có khả năng mất thanh toán | Z9: =IF(S9="","",S9) -> 44942 | AA9: =IF(M9="","",M9) | AB9: công nợ gối đầu | AD9: =VLOOKUP($A9,MA_KH!$A:$V,MA_KH!U$1,0) -> SAIGONHD | AE9: =VLOOKUP($A9,MA_KH!$A:$V,MA_KH!V$1,0) -> CÔNG TY CỔ PHẦN SÀI GÒN HD | AF9: =VLOOKUP($A9,MA_KH!$A:$V,MA_KH!H$1,0) -> SG039
A10: SAIGONHD-HCM-PNN-67013 | B10: CÔNG TY CỔ PHẦN SÀI GÒN HD | C10: 45250 | E10: 45250 | F10: 00069634 | G10: CÔNG TY CỔ PHẦN SÀI GÒN HD / Kho bán hàng - Q7 Saigon, KT | H10: 1793808 | I10: 0.1 | J10: 143505 | K10: 1937313 | L10: Tồn đầu kỳ | O10: =IF(Table1[[#This Row],[Phân loại]]="Tồn đầu kỳ",Table1[[#This Row],[Tổng giá trị]],0) -> 1937313 | P10: =IF(Table1[[#This Row],[Số còn phải thu ĐK]]<>0,0,IF(Table1[[#This Row],[Phân loại]]="Bán hàng",Table1[[#This Row],[Tổng giá trị]],-Table1[[#This Row],[Tổng giá trị]])) -> 0 | Q10: =IF(M10<>"",IF(O10<>0,O10,P10),0) -> 0 | R10: =Table1[[#This Row],[Số còn phải thu ĐK]]+Table1[[#This Row],[Giá Trị HD sau CK]]-Table1[[#This Row],[Số tiền đã thu]] -> 1937313 | S10: =IF(Table1[[#This Row],[Ngày hóa đơn]]<>"",Table1[[#This Row],[Ngày hóa đơn]],IF(Table1[[#This Row],[Ngày hạch toán]]<>"",Table1[[#This Row],[Ngày hạch toán]],"")) -> 45250 | U10: =IF(Table1[[#This Row],[Ngày tính CN]]="","",S10+T10) -> 45250 | V10: =IF(Table1[[#This Row],[Hạn thanh toán]]="","",IF((U10-NOW())<0,0,(U10-NOW()))) -> 0 | X10: =IF(OR(U10="",R10=0),"",IF((U10-NOW())<0,-(U10-NOW()),0)) -> 995.34453 | Y10: =IF(R10=0,"Đã thanh toán",IF(X10="","",IF(X10<=0,"Chưa đến hạn thanh toán",IF(X10<=30,"Nợ quá hạn 30 ngày",IF(X10<=60,"Nợ quá hạn từ 30 ngày đến 60 ngày",IF(X10<=90,"Nợ quá hạn từ 60 ngày đến 90 ngày",IF(X10<=120,"Nợ quá hạn từ 90 ngày đến 120 ngày","Nợ quá hạn hơn 120 ngày có khả năng mất thanh toán"))))))) -> Nợ quá hạn hơn 120 ngày có khả năng mất thanh toán | Z10: =IF(S10="","",S10) -> 45250 | AA10: =IF(M10="","",M10) | AB10: công nợ gối đầu | AD10: =VLOOKUP($A10,MA_KH!$A:$V,MA_KH!U$1,0) -> SAIGONHD | AE10: =VLOOKUP($A10,MA_KH!$A:$V,MA_KH!V$1,0) -> CÔNG TY CỔ PHẦN SÀI GÒN HD | AF10: =VLOOKUP($A10,MA_KH!$A:$V,MA_KH!H$1,0) -> SG039
A11: SAIGONHD-HCM-PNN-67013 | B11: CÔNG TY CỔ PHẦN SÀI GÒN HD | C11: 45463 | E11: 45463 | F11: 00029707 | G11: CÔNG TY CỔ PHẦN SÀI GÒN HD - Vincom 3T2, ĐƠN KT CK 10% | H11: 1229728 | I11: 0.1 | J11: 98378 | K11: 1328106 | L11: Tồn đầu kỳ | O11: =IF(Table1[[#This Row],[Phân loại]]="Tồn đầu kỳ",Table1[[#This Row],[Tổng giá trị]],0) -> 1328106 | P11: =IF(Table1[[#This Row],[Số còn phải thu ĐK]]<>0,0,IF(Table1[[#This Row],[Phân loại]]="Bán hàng",Table1[[#This Row],[Tổng giá trị]],-Table1[[#This Row],[Tổng giá trị]])) -> 0 | Q11: =IF(M11<>"",IF(O11<>0,O11,P11),0) -> 0 | R11: =Table1[[#This Row],[Số còn phải thu ĐK]]+Table1[[#This Row],[Giá Trị HD sau CK]]-Table1[[#This Row],[Số tiền đã thu]] -> 1328106 | S11: =IF(Table1[[#This Row],[Ngày hóa đơn]]<>"",Table1[[#This Row],[Ngày hóa đơn]],IF(Table1[[#This Row],[Ngày hạch toán]]<>"",Table1[[#This Row],[Ngày hạch toán]],"")) -> 45463 | U11: =IF(Table1[[#This Row],[Ngày tính CN]]="","",S11+T11) -> 45463 | V11: =IF(Table1[[#This Row],[Hạn thanh toán]]="","",IF((U11-NOW())<0,0,(U11-NOW()))) -> 0 | X11: =IF(OR(U11="",R11=0),"",IF((U11-NOW())<0,-(U11-NOW()),0)) -> 782.34453 | Y11: =IF(R11=0,"Đã thanh toán",IF(X11="","",IF(X11<=0,"Chưa đến hạn thanh toán",IF(X11<=30,"Nợ quá hạn 30 ngày",IF(X11<=60,"Nợ quá hạn từ 30 ngày đến 60 ngày",IF(X11<=90,"Nợ quá hạn từ 60 ngày đến 90 ngày",IF(X11<=120,"Nợ quá hạn từ 90 ngày đến 120 ngày","Nợ quá hạn hơn 120 ngày có khả năng mất thanh toán"))))))) -> Nợ quá hạn hơn 120 ngày có khả năng mất thanh toán | Z11: =IF(S11="","",S11) -> 45463 | AA11: =IF(M11="","",M11) | AB11: công nợ gối đầu | AD11: =VLOOKUP($A11,MA_KH!$A:$V,MA_KH!U$1,0) -> SAIGONHD | AE11: =VLOOKUP($A11,MA_KH!$A:$V,MA_KH!V$1,0) -> CÔNG TY CỔ PHẦN SÀI GÒN HD | AF11: =VLOOKUP($A11,MA_KH!$A:$V,MA_KH!H$1,0) -> SG039
A12: SAIGONHD-HCM-Q7-11 | B12: CÔNG TY CỔ PHẦN SÀI GÒN HD / Kho bán hàng - Q7 Saigon | C12: 46188 | D12: BH16595 | E12: 46188 | F12: 00041210 | G12: AM030000110775 | H12: 753703 | I12: 75370 | J12: 54267 | K12: 732600 | L12: Bán hàng | O12: =IF(Table1[[#This Row],[Phân loại]]="Tồn đầu kỳ",Table1[[#This Row],[Tổng giá trị]],0) -> 0 | P12: =IF(Table1[[#This Row],[Số còn phải thu ĐK]]<>0,0,IF(Table1[[#This Row],[Phân loại]]="Bán hàng",Table1[[#This Row],[Tổng giá trị]],-Table1[[#This Row],[Tổng giá trị]])) -> 732600 | Q12: =IF(M12<>"",IF(O12<>0,O12,P12),0) -> 0 | R12: =Table1[[#This Row],[Số còn phải thu ĐK]]+Table1[[#This Row],[Giá Trị HD sau CK]]-Table1[[#This Row],[Số tiền đã thu]] -> 732600 | S12: =IF(Table1[[#This Row],[Ngày hóa đơn]]<>"",Table1[[#This Row],[Ngày hóa đơn]],IF(Table1[[#This Row],[Ngày hạch toán]]<>"",Table1[[#This Row],[Ngày hạch toán]],"")) -> 46188 | U12: =IF(Table1[[#This Row],[Ngày tính CN]]="","",S12+T12) -> 46188 | V12: =IF(Table1[[#This Row],[Hạn thanh toán]]="","",IF((U12-NOW())<0,0,(U12-NOW()))) -> 0 | X12: =IF(OR(U12="",R12=0),"",IF((U12-NOW())<0,-(U12-NOW()),0)) -> 57.34453 | Y12: =IF(R12=0,"Đã thanh toán",IF(X12="","",IF(X12<=0,"Chưa đến hạn thanh toán",IF(X12<=30,"Nợ quá hạn 30 ngày",IF(X12<=60,"Nợ quá hạn từ 30 ngày đến 60 ngày",IF(X12<=90,"Nợ quá hạn từ 60 ngày đến 90 ngày",IF(X12<=120,"Nợ quá hạn từ 90 ngày đến 120 ngày","Nợ quá hạn hơn 120 ngày có khả năng mất thanh toán"))))))) -> Nợ quá hạn từ 30 ngày đến 60 ngày | Z12: =IF(S12="","",S12) -> 46188 | AA12: =IF(M12="","",M12) | AD12: =VLOOKUP($A12,MA_KH!$A:$V,MA_KH!U$1,0) -> SAIGONHD | AE12: =VLOOKUP($A12,MA_KH!$A:$V,MA_KH!V$1,0) -> CÔNG TY CỔ PHẦN SÀI GÒN HD | AF12: =VLOOKUP($A12,MA_KH!$A:$V,MA_KH!H$1,0) -> SG009
A13: SAIGONHD-HCM-HNB-07 | B13: CÔNG TY CỔ PHẦN SÀI GÒN HD / RIVERSIDE | C13: 46189 | D13: BH16638 | E13: 46189 | F13: 00041281 | G13: AF030000110771 | H13: 1296179 | I13: 129618 | J13: 93325 | K13: 1259886 | L13: Bán hàng | O13: =IF(Table1[[#This Row],[Phân loại]]="Tồn đầu kỳ",Table1[[#This Row],[Tổng giá trị]],0) -> 0 | P13: =IF(Table1[[#This Row],[Số còn phải thu ĐK]]<>0,0,IF(Table1[[#This Row],[Phân loại]]="Bán hàng",Table1[[#This Row],[Tổng giá trị]],-Table1[[#This Row],[Tổng giá trị]])) -> 1259886 | Q13: =IF(M13<>"",IF(O13<>0,O13,P13),0) -> 0 | R13: =Table1[[#This Row],[Số còn phải thu ĐK]]+Table1[[#This Row],[Giá Trị HD sau CK]]-Table1[[#This Row],[Số tiền đã thu]] -> 1259886 | S13: =IF(Table1[[#This Row],[Ngày hóa đơn]]<>"",Table1[[#This Row],[Ngày hóa đơn]],IF(Table1[[#This Row],[Ngày hạch toán]]<>"",Table1[[#This Row],[Ngày hạch toán]],"")) -> 46189 | U13: =IF(Table1[[#This Row],[Ngày tính CN]]="","",S13+T13) -> 46189 | V13: =IF(Table1[[#This Row],[Hạn thanh toán]]="","",IF((U13-NOW())<0,0,(U13-NOW()))) -> 0 | X13: =IF(OR(U13="",R13=0),"",IF((U13-NOW())<0,-(U13-NOW()),0)) -> 56.34453 | Y13: =IF(R13=0,"Đã thanh toán",IF(X13="","",IF(X13<=0,"Chưa đến hạn thanh toán",IF(X13<=30,"Nợ quá hạn 30 ngày",IF(X13<=60,"Nợ quá hạn từ 30 ngày đến 60 ngày",IF(X13<=90,"Nợ quá hạn từ 60 ngày đến 90 ngày",IF(X13<=120,"Nợ quá hạn từ 90 ngày đến 120 ngày","Nợ quá hạn hơn 120 ngày có khả năng mất thanh toán"))))))) -> Nợ quá hạn từ 30 ngày đến 60 ngày | Z13: =IF(S13="","",S13) -> 46189 | AA13: =IF(M13="","",M13) | AD13: =VLOOKUP($A13,MA_KH!$A:$V,MA_KH!U$1,0) -> SAIGONHD | AE13: =VLOOKUP($A13,MA_KH!$A:$V,MA_KH!V$1,0) -> CÔNG TY CỔ PHẦN SÀI GÒN HD | AF13: =VLOOKUP($A13,MA_KH!$A:$V,MA_KH!H$1,0) -> SG009
A14: SAIGONHD-HCM-Q2-04 | B14: CÔNG TY CỔ PHẦN SÀI GÒN HD - Vista Verde | C14: 46191 | D14: BH16717 | E14: 46191 | F14: 00041945 | G14: AD030000110772 | H14: 1059478 | I14: 105948 | J14: 76282 | K14: 1029812 | L14: Bán hàng | O14: =IF(Table1[[#This Row],[Phân loại]]="Tồn đầu kỳ",Table1[[#This Row],[Tổng giá trị]],0) -> 0 | P14: =IF(Table1[[#This Row],[Số còn phải thu ĐK]]<>0,0,IF(Table1[[#This Row],[Phân loại]]="Bán hàng",Table1[[#This Row],[Tổng giá trị]],-Table1[[#This Row],[Tổng giá trị]])) -> 1029812 | Q14: =IF(M14<>"",IF(O14<>0,O14,P14),0) -> 0 | R14: =Table1[[#This Row],[Số còn phải thu ĐK]]+Table1[[#This Row],[Giá Trị HD sau CK]]-Table1[[#This Row],[Số tiền đã thu]] -> 1029812 | S14: =IF(Table1[[#This Row],[Ngày hóa đơn]]<>"",Table1[[#This Row],[Ngày hóa đơn]],IF(Table1[[#This Row],[Ngày hạch toán]]<>"",Table1[[#This Row],[Ngày hạch toán]],"")) -> 46191 | U14: =IF(Table1[[#This Row],[Ngày tính CN]]="","",S14+T14) -> 46191 | V14: =IF(Table1[[#This Row],[Hạn thanh toán]]="","",IF((U14-NOW())<0,0,(U14-NOW()))) -> 0 | X14: =IF(OR(U14="",R14=0),"",IF((U14-NOW())<0,-(U14-NOW()),0)) -> 54.34453 | Y14: =IF(R14=0,"Đã thanh toán",IF(X14="","",IF(X14<=0,"Chưa đến hạn thanh toán",IF(X14<=30,"Nợ quá hạn 30 ngày",IF(X14<=60,"Nợ quá hạn từ 30 ngày đến 60 ngày",IF(X14<=90,"Nợ quá hạn từ 60 ngày đến 90 ngày",IF(X14<=120,"Nợ quá hạn từ 90 ngày đến 120 ngày","Nợ quá hạn hơn 120 ngày có khả năng mất thanh toán"))))))) -> Nợ quá hạn từ 30 ngày đến 60 ngày | Z14: =IF(S14="","",S14) -> 46191 | AA14: =IF(M14="","",M14) | AD14: =VLOOKUP($A14,MA_KH!$A:$V,MA_KH!U$1,0) -> SAIGONHD | AE14: =VLOOKUP($A14,MA_KH!$A:$V,MA_KH!V$1,0) -> CÔNG TY CỔ PHẦN SÀI GÒN HD | AF14: =VLOOKUP($A14,MA_KH!$A:$V,MA_KH!H$1,0) -> SG009
A15: SAIGONHD-HCM-Q2-04 | B15: CÔNG TY CỔ PHẦN SÀI GÒN HD - Vista Verde | C15: 46203 | D15: BH18155 | E15: 46203 | F15: 00044610 | G15: AD030000113578 | H15: 825377 | I15: 82538 | J15: 59427 | K15: 802266 | L15: Bán hàng | O15: =IF(Table1[[#This Row],[Phân loại]]="Tồn đầu kỳ",Table1[[#This Row],[Tổng giá trị]],0) -> 0 | P15: =IF(Table1[[#This Row],[Số còn phải thu ĐK]]<>0,0,IF(Table1[[#This Row],[Phân loại]]="Bán hàng",Table1[[#This Row],[Tổng giá trị]],-Table1[[#This Row],[Tổng giá trị]])) -> 802266 | Q15: =IF(M15<>"",IF(O15<>0,O15,P15),0) -> 0 | R15: =Table1[[#This Row],[Số còn phải thu ĐK]]+Table1[[#This Row],[Giá Trị HD sau CK]]-Table1[[#This Row],[Số tiền đã thu]] -> 802266 | S15: =IF(Table1[[#This Row],[Ngày hóa đơn]]<>"",Table1[[#This Row],[Ngày hóa đơn]],IF(Table1[[#This Row],[Ngày hạch toán]]<>"",Table1[[#This Row],[Ngày hạch toán]],"")) -> 46203 | U15: =IF(Table1[[#This Row],[Ngày tính CN]]="","",S15+T15) -> 46203 | V15: =IF(Table1[[#This Row],[Hạn thanh toán]]="","",IF((U15-NOW())<0,0,(U15-NOW()))) -> 0 | X15: =IF(OR(U15="",R15=0),"",IF((U15-NOW())<0,-(U15-NOW()),0)) -> 42.34453 | Y15: =IF(R15=0,"Đã thanh toán",IF(X15="","",IF(X15<=0,"Chưa đến hạn thanh toán",IF(X15<=30,"Nợ quá hạn 30 ngày",IF(X15<=60,"Nợ quá hạn từ 30 ngày đến 60 ngày",IF(X15<=90,"Nợ quá hạn từ 60 ngày đến 90 ngày",IF(X15<=120,"Nợ quá hạn từ 90 ngày đến 120 ngày","Nợ quá hạn hơn 120 ngày có khả năng mất thanh toán"))))))) -> Nợ quá hạn từ 30 ngày đến 60 ngày | Z15: =IF(S15="","",S15) -> 46203 | AA15: =IF(M15="","",M15) | AD15: =VLOOKUP($A15,MA_KH!$A:$V,MA_KH!U$1,0) -> SAIGONHD | AE15: =VLOOKUP($A15,MA_KH!$A:$V,MA_KH!V$1,0) -> CÔNG TY CỔ PHẦN SÀI GÒN HD | AF15: =VLOOKUP($A15,MA_KH!$A:$V,MA_KH!H$1,0) -> SG009
A16: SAIGONHD-HCM-HNB-07 | B16: CÔNG TY CỔ PHẦN SÀI GÒN HD / RIVERSIDE | C16: 46210 | D16: BH18816 | E16: 46210 | F16: 00046615 | G16: AF030000114873 | H16: 723643 | I16: 72365 | J16: 52102 | K16: 703380 | L16: Bán hàng | O16: =IF(Table1[[#This Row],[Phân loại]]="Tồn đầu kỳ",Table1[[#This Row],[Tổng giá trị]],0) -> 0 | P16: =IF(Table1[[#This Row],[Số còn phải thu ĐK]]<>0,0,IF(Table1[[#This Row],[Phân loại]]="Bán hàng",Table1[[#This Row],[Tổng giá trị]],-Table1[[#This Row],[Tổng giá trị]])) -> 703380 | Q16: =IF(M16<>"",IF(O16<>0,O16,P16),0) -> 0 | R16: =Table1[[#This Row],[Số còn phải thu ĐK]]+Table1[[#This Row],[Giá Trị HD sau CK]]-Table1[[#This Row],[Số tiền đã thu]] -> 703380 | S16: =IF(Table1[[#This Row],[Ngày hóa đơn]]<>"",Table1[[#This Row],[Ngày hóa đơn]],IF(Table1[[#This Row],[Ngày hạch toán]]<>"",Table1[[#This Row],[Ngày hạch toán]],"")) -> 46210 | U16: =IF(Table1[[#This Row],[Ngày tính CN]]="","",S16+T16) -> 46210 | V16: =IF(Table1[[#This Row],[Hạn thanh toán]]="","",IF((U16-NOW())<0,0,(U16-NOW()))) -> 0 | X16: =IF(OR(U16="",R16=0),"",IF((U16-NOW())<0,-(U16-NOW()),0)) -> 35.34453 | Y16: =IF(R16=0,"Đã thanh toán",IF(X16="","",IF(X16<=0,"Chưa đến hạn thanh toán",IF(X16<=30,"Nợ quá hạn 30 ngày",IF(X16<=60,"Nợ quá hạn từ 30 ngày đến 60 ngày",IF(X16<=90,"Nợ quá hạn từ 60 ngày đến 90 ngày",IF(X16<=120,"Nợ quá hạn từ 90 ngày đến 120 ngày","Nợ quá hạn hơn 120 ngày có khả năng mất thanh toán"))))))) -> Nợ quá hạn từ 30 ngày đến 60 ngày | Z16: =IF(S16="","",S16) -> 46210 | AA16: =IF(M16="","",M16) | AD16: =VLOOKUP($A16,MA_KH!$A:$V,MA_KH!U$1,0) -> SAIGONHD | AE16: =VLOOKUP($A16,MA_KH!$A:$V,MA_KH!V$1,0) -> CÔNG TY CỔ PHẦN SÀI GÒN HD | AF16: =VLOOKUP($A16,MA_KH!$A:$V,MA_KH!H$1,0) -> SG009
A17: SAIGONHD-HCM-Q2-04 | B17: CÔNG TY CỔ PHẦN SÀI GÒN HD - Vista Verde | C17: 46211 | D17: BH19096 | E17: 46211 | F17: 00047523 | G17: AD030000114830 | H17: 556318 | I17: 55632 | J17: 40055 | K17: 540741 | L17: Bán hàng | O17: =IF(Table1[[#This Row],[Phân loại]]="Tồn đầu kỳ",Table1[[#This Row],[Tổng giá trị]],0) -> 0 | P17: =IF(Table1[[#This Row],[Số còn phải thu ĐK]]<>0,0,IF(Table1[[#This Row],[Phân loại]]="Bán hàng",Table1[[#This Row],[Tổng giá trị]],-Table1[[#This Row],[Tổng giá trị]])) -> 540741 | Q17: =IF(M17<>"",IF(O17<>0,O17,P17),0) -> 0 | R17: =Table1[[#This Row],[Số còn phải thu ĐK]]+Table1[[#This Row],[Giá Trị HD sau CK]]-Table1[[#This Row],[Số tiền đã thu]] -> 540741 | S17: =IF(Table1[[#This Row],[Ngày hóa đơn]]<>"",Table1[[#This Row],[Ngày hóa đơn]],IF(Table1[[#This Row],[Ngày hạch toán]]<>"",Table1[[#This Row],[Ngày hạch toán]],"")) -> 46211 | U17: =IF(Table1[[#This Row],[Ngày tính CN]]="","",S17+T17) -> 46211 | V17: =IF(Table1[[#This Row],[Hạn thanh toán]]="","",IF((U17-NOW())<0,0,(U17-NOW()))) -> 0 | X17: =IF(OR(U17="",R17=0),"",IF((U17-NOW())<0,-(U17-NOW()),0)) -> 34.34453 | Y17: =IF(R17=0,"Đã thanh toán",IF(X17="","",IF(X17<=0,"Chưa đến hạn thanh toán",IF(X17<=30,"Nợ quá hạn 30 ngày",IF(X17<=60,"Nợ quá hạn từ 30 ngày đến 60 ngày",IF(X17<=90,"Nợ quá hạn từ 60 ngày đến 90 ngày",IF(X17<=120,"Nợ quá hạn từ 90 ngày đến 120 ngày","Nợ quá hạn hơn 120 ngày có khả năng mất thanh toán"))))))) -> Nợ quá hạn từ 30 ngày đến 60 ngày | Z17: =IF(S17="","",S17) -> 46211 | AA17: =IF(M17="","",M17) | AD17: =VLOOKUP($A17,MA_KH!$A:$V,MA_KH!U$1,0) -> SAIGONHD | AE17: =VLOOKUP($A17,MA_KH!$A:$V,MA_KH!V$1,0) -> CÔNG TY CỔ PHẦN SÀI GÒN HD | AF17: =VLOOKUP($A17,MA_KH!$A:$V,MA_KH!H$1,0) -> SG009
A18: SAIGONHD-HCM-Q7-11 | B18: CÔNG TY CỔ PHẦN SÀI GÒN HD / Kho bán hàng - Q7 Saigon | C18: 46213 | D18: BH19214 | E18: 46213 | F18: 00048190 | G18: AM030000115637 | H18: 403870 | I18: 40387 | J18: 29079 | K18: 392562 | L18: Bán hàng | O18: =IF(Table1[[#This Row],[Phân loại]]="Tồn đầu kỳ",Table1[[#This Row],[Tổng giá trị]],0) -> 0 | P18: =IF(Table1[[#This Row],[Số còn phải thu ĐK]]<>0,0,IF(Table1[[#This Row],[Phân loại]]="Bán hàng",Table1[[#This Row],[Tổng giá trị]],-Table1[[#This Row],[Tổng giá trị]])) -> 392562 | Q18: =IF(M18<>"",IF(O18<>0,O18,P18),0) -> 0 | R18: =Table1[[#This Row],[Số còn phải thu ĐK]]+Table1[[#This Row],[Giá Trị HD sau CK]]-Table1[[#This Row],[Số tiền đã thu]] -> 392562 | S18: =IF(Table1[[#This Row],[Ngày hóa đơn]]<>"",Table1[[#This Row],[Ngày hóa đơn]],IF(Table1[[#This Row],[Ngày hạch toán]]<>"",Table1[[#This Row],[Ngày hạch toán]],"")) -> 46213 | U18: =IF(Table1[[#This Row],[Ngày tính CN]]="","",S18+T18) -> 46213 | V18: =IF(Table1[[#This Row],[Hạn thanh toán]]="","",IF((U18-NOW())<0,0,(U18-NOW()))) -> 0 | X18: =IF(OR(U18="",R18=0),"",IF((U18-NOW())<0,-(U18-NOW()),0)) -> 32.34453 | Y18: =IF(R18=0,"Đã thanh toán",IF(X18="","",IF(X18<=0,"Chưa đến hạn thanh toán",IF(X18<=30,"Nợ quá hạn 30 ngày",IF(X18<=60,"Nợ quá hạn từ 30 ngày đến 60 ngày",IF(X18<=90,"Nợ quá hạn từ 60 ngày đến 90 ngày",IF(X18<=120,"Nợ quá hạn từ 90 ngày đến 120 ngày","Nợ quá hạn hơn 120 ngày có khả năng mất thanh toán"))))))) -> Nợ quá hạn từ 30 ngày đến 60 ngày | Z18: =IF(S18="","",S18) -> 46213 | AA18: =IF(M18="","",M18) | AD18: =VLOOKUP($A18,MA_KH!$A:$V,MA_KH!U$1,0) -> SAIGONHD | AE18: =VLOOKUP($A18,MA_KH!$A:$V,MA_KH!V$1,0) -> CÔNG TY CỔ PHẦN SÀI GÒN HD | AF18: =VLOOKUP($A18,MA_KH!$A:$V,MA_KH!H$1,0) -> SG009
A19: SAIGONHD-HCM-Q2-04 | B19: CÔNG TY CỔ PHẦN SÀI GÒN HD - Vista Verde | C19: 46218 | D19: BH19639 | E19: 46218 | F19: 00049269 | G19: AD030000116105 | H19: 425787 | I19: 42579 | J19: 30657 | K19: 413865 | L19: Bán hàng | O19: =IF(Table1[[#This Row],[Phân loại]]="Tồn đầu kỳ",Table1[[#This Row],[Tổng giá trị]],0) -> 0 | P19: =IF(Table1[[#This Row],[Số còn phải thu ĐK]]<>0,0,IF(Table1[[#This Row],[Phân loại]]="Bán hàng",Table1[[#This Row],[Tổng giá trị]],-Table1[[#This Row],[Tổng giá trị]])) -> 413865 | Q19: =IF(M19<>"",IF(O19<>0,O19,P19),0) -> 0 | R19: =Table1[[#This Row],[Số còn phải thu ĐK]]+Table1[[#This Row],[Giá Trị HD sau CK]]-Table1[[#This Row],[Số tiền đã thu]] -> 413865 | S19: =IF(Table1[[#This Row],[Ngày hóa đơn]]<>"",Table1[[#This Row],[Ngày hóa đơn]],IF(Table1[[#This Row],[Ngày hạch toán]]<>"",Table1[[#This Row],[Ngày hạch toán]],"")) -> 46218 | U19: =IF(Table1[[#This Row],[Ngày tính CN]]="","",S19+T19) -> 46218 | V19: =IF(Table1[[#This Row],[Hạn thanh toán]]="","",IF((U19-NOW())<0,0,(U19-NOW()))) -> 0 | X19: =IF(OR(U19="",R19=0),"",IF((U19-NOW())<0,-(U19-NOW()),0)) -> 27.34453 | Y19: =IF(R19=0,"Đã thanh toán",IF(X19="","",IF(X19<=0,"Chưa đến hạn thanh toán",IF(X19<=30,"Nợ quá hạn 30 ngày",IF(X19<=60,"Nợ quá hạn từ 30 ngày đến 60 ngày",IF(X19<=90,"Nợ quá hạn từ 60 ngày đến 90 ngày",IF(X19<=120,"Nợ quá hạn từ 90 ngày đến 120 ngày","Nợ quá hạn hơn 120 ngày có khả năng mất thanh toán"))))))) -> Nợ quá hạn 30 ngày | Z19: =IF(S19="","",S19) -> 46218 | AA19: =IF(M19="","",M19) | AD19: =VLOOKUP($A19,MA_KH!$A:$V,MA_KH!U$1,0) -> SAIGONHD | AE19: =VLOOKUP($A19,MA_KH!$A:$V,MA_KH!V$1,0) -> CÔNG TY CỔ PHẦN SÀI GÒN HD | AF19: =VLOOKUP($A19,MA_KH!$A:$V,MA_KH!H$1,0) -> SG009
A20: SAIGONHD-HCM-HNB-07 | B20: CÔNG TY CỔ PHẦN SÀI GÒN HD / RIVERSIDE | C20: 46219 | D20: BH19690 | E20: 46219 | F20: 00049337 | G20: AF030000116121 | H20: 517080 | I20: 51708 | J20: 37230 | K20: 502602 | L20: Bán hàng | O20: =IF(Table1[[#This Row],[Phân loại]]="Tồn đầu kỳ",Table1[[#This Row],[Tổng giá trị]],0) -> 0 | P20: =IF(Table1[[#This Row],[Số còn phải thu ĐK]]<>0,0,IF(Table1[[#This Row],[Phân loại]]="Bán hàng",Table1[[#This Row],[Tổng giá trị]],-Table1[[#This Row],[Tổng giá trị]])) -> 502602 | Q20: =IF(M20<>"",IF(O20<>0,O20,P20),0) -> 0 | R20: =Table1[[#This Row],[Số còn phải thu ĐK]]+Table1[[#This Row],[Giá Trị HD sau CK]]-Table1[[#This Row],[Số tiền đã thu]] -> 502602 | S20: =IF(Table1[[#This Row],[Ngày hóa đơn]]<>"",Table1[[#This Row],[Ngày hóa đơn]],IF(Table1[[#This Row],[Ngày hạch toán]]<>"",Table1[[#This Row],[Ngày hạch toán]],"")) -> 46219 | U20: =IF(Table1[[#This Row],[Ngày tính CN]]="","",S20+T20) -> 46219 | V20: =IF(Table1[[#This Row],[Hạn thanh toán]]="","",IF((U20-NOW())<0,0,(U20-NOW()))) -> 0 | X20: =IF(OR(U20="",R20=0),"",IF((U20-NOW())<0,-(U20-NOW()),0)) -> 26.34453 | Y20: =IF(R20=0,"Đã thanh toán",IF(X20="","",IF(X20<=0,"Chưa đến hạn thanh toán",IF(X20<=30,"Nợ quá hạn 30 ngày",IF(X20<=60,"Nợ quá hạn từ 30 ngày đến 60 ngày",IF(X20<=90,"Nợ quá hạn từ 60 ngày đến 90 ngày",IF(X20<=120,"Nợ quá hạn từ 90 ngày đến 120 ngày","Nợ quá hạn hơn 120 ngày có khả năng mất thanh toán"))))))) -> Nợ quá hạn 30 ngày | Z20: =IF(S20="","",S20) -> 46219 | AA20: =IF(M20="","",M20) | AD20: =VLOOKUP($A20,MA_KH!$A:$V,MA_KH!U$1,0) -> SAIGONHD | AE20: =VLOOKUP($A20,MA_KH!$A:$V,MA_KH!V$1,0) -> CÔNG TY CỔ PHẦN SÀI GÒN HD | AF20: =VLOOKUP($A20,MA_KH!$A:$V,MA_KH!H$1,0) -> SG009
A21: SAIGONHD-HCM-Q2-04 | B21: CÔNG TY CỔ PHẦN SÀI GÒN HD - Vista Verde | C21: 46224 | D21: BH20447 | E21: 46224 | F21: 00050187 | G21: AD030000117080 | H21: 533298 | I21: 53330 | J21: 38397 | K21: 518365 | L21: Bán hàng | O21: =IF(Table1[[#This Row],[Phân loại]]="Tồn đầu kỳ",Table1[[#This Row],[Tổng giá trị]],0) -> 0 | P21: =IF(Table1[[#This Row],[Số còn phải thu ĐK]]<>0,0,IF(Table1[[#This Row],[Phân loại]]="Bán hàng",Table1[[#This Row],[Tổng giá trị]],-Table1[[#This Row],[Tổng giá trị]])) -> 518365 | Q21: =IF(M21<>"",IF(O21<>0,O21,P21),0) -> 0 | R21: =Table1[[#This Row],[Số còn phải thu ĐK]]+Table1[[#This Row],[Giá Trị HD sau CK]]-Table1[[#This Row],[Số tiền đã thu]] -> 518365 | S21: =IF(Table1[[#This Row],[Ngày hóa đơn]]<>"",Table1[[#This Row],[Ngày hóa đơn]],IF(Table1[[#This Row],[Ngày hạch toán]]<>"",Table1[[#This Row],[Ngày hạch toán]],"")) -> 46224 | U21: =IF(Table1[[#This Row],[Ngày tính CN]]="","",S21+T21) -> 46224 | V21: =IF(Table1[[#This Row],[Hạn thanh toán]]="","",IF((U21-NOW())<0,0,(U21-NOW()))) -> 0 | X21: =IF(OR(U21="",R21=0),"",IF((U21-NOW())<0,-(U21-NOW()),0)) -> 21.34453 | Y21: =IF(R21=0,"Đã thanh toán",IF(X21="","",IF(X21<=0,"Chưa đến hạn thanh toán",IF(X21<=30,"Nợ quá hạn 30 ngày",IF(X21<=60,"Nợ quá hạn từ 30 ngày đến 60 ngày",IF(X21<=90,"Nợ quá hạn từ 60 ngày đến 90 ngày",IF(X21<=120,"Nợ quá hạn từ 90 ngày đến 120 ngày","Nợ quá hạn hơn 120 ngày có khả năng mất thanh toán"))))))) -> Nợ quá hạn 30 ngày | Z21: =IF(S21="","",S21) -> 46224 | AA21: =IF(M21="","",M21) | AD21: =VLOOKUP($A21,MA_KH!$A:$V,MA_KH!U$1,0) -> SAIGONHD | AE21: =VLOOKUP($A21,MA_KH!$A:$V,MA_KH!V$1,0) -> CÔNG TY CỔ PHẦN SÀI GÒN HD | AF21: =VLOOKUP($A21,MA_KH!$A:$V,MA_KH!H$1,0) -> SG009
A22: SAIGONHD-HCM-HNB-07 | B22: CÔNG TY CỔ PHẦN SÀI GÒN HD / RIVERSIDE | C22: 46228 | D22: BH20916 | E22: 46228 | F22: 00052261 | G22: AF030000118478 | H22: 538997 | I22: 53900 | J22: 38808 | K22: 523905 | L22: Bán hàng | O22: =IF(Table1[[#This Row],[Phân loại]]="Tồn đầu kỳ",Table1[[#This Row],[Tổng giá trị]],0) -> 0 | P22: =IF(Table1[[#This Row],[Số còn phải thu ĐK]]<>0,0,IF(Table1[[#This Row],[Phân loại]]="Bán hàng",Table1[[#This Row],[Tổng giá trị]],-Table1[[#This Row],[Tổng giá trị]])) -> 523905 | Q22: =IF(M22<>"",IF(O22<>0,O22,P22),0) -> 0 | R22: =Table1[[#This Row],[Số còn phải thu ĐK]]+Table1[[#This Row],[Giá Trị HD sau CK]]-Table1[[#This Row],[Số tiền đã thu]] -> 523905 | S22: =IF(Table1[[#This Row],[Ngày hóa đơn]]<>"",Table1[[#This Row],[Ngày hóa đơn]],IF(Table1[[#This Row],[Ngày hạch toán]]<>"",Table1[[#This Row],[Ngày hạch toán]],"")) -> 46228 | U22: =IF(Table1[[#This Row],[Ngày tính CN]]="","",S22+T22) -> 46228 | V22: =IF(Table1[[#This Row],[Hạn thanh toán]]="","",IF((U22-NOW())<0,0,(U22-NOW()))) -> 0 | X22: =IF(OR(U22="",R22=0),"",IF((U22-NOW())<0,-(U22-NOW()),0)) -> 17.34453 | Y22: =IF(R22=0,"Đã thanh toán",IF(X22="","",IF(X22<=0,"Chưa đến hạn thanh toán",IF(X22<=30,"Nợ quá hạn 30 ngày",IF(X22<=60,"Nợ quá hạn từ 30 ngày đến 60 ngày",IF(X22<=90,"Nợ quá hạn từ 60 ngày đến 90 ngày",IF(X22<=120,"Nợ quá hạn từ 90 ngày đến 120 ngày","Nợ quá hạn hơn 120 ngày có khả năng mất thanh toán"))))))) -> Nợ quá hạn 30 ngày | Z22: =IF(S22="","",S22) -> 46228 | AA22: =IF(M22="","",M22) | AD22: =VLOOKUP($A22,MA_KH!$A:$V,MA_KH!U$1,0) -> SAIGONHD | AE22: =VLOOKUP($A22,MA_KH!$A:$V,MA_KH!V$1,0) -> CÔNG TY CỔ PHẦN SÀI GÒN HD | AF22: =VLOOKUP($A22,MA_KH!$A:$V,MA_KH!H$1,0) -> SG009
A23: SAIGONHD-HCM-Q2-04 | B23: CÔNG TY CỔ PHẦN SÀI GÒN HD - Vista Verde | C23: 46231 | D23: BH21149 | E23: 46231 | F23: 00052435 | G23: AD030000118907 | H23: 668109 | I23: 66811 | J23: 48104 | K23: 649402 | L23: Bán hàng | O23: =IF(Table1[[#This Row],[Phân loại]]="Tồn đầu kỳ",Table1[[#This Row],[Tổng giá trị]],0) -> 0 | P23: =IF(Table1[[#This Row],[Số còn phải thu ĐK]]<>0,0,IF(Table1[[#This Row],[Phân loại]]="Bán hàng",Table1[[#This Row],[Tổng giá trị]],-Table1[[#This Row],[Tổng giá trị]])) -> 649402 | Q23: =IF(M23<>"",IF(O23<>0,O23,P23),0) -> 0 | R23: =Table1[[#This Row],[Số còn phải thu ĐK]]+Table1[[#This Row],[Giá Trị HD sau CK]]-Table1[[#This Row],[Số tiền đã thu]] -> 649402 | S23: =IF(Table1[[#This Row],[Ngày hóa đơn]]<>"",Table1[[#This Row],[Ngày hóa đơn]],IF(Table1[[#This Row],[Ngày hạch toán]]<>"",Table1[[#This Row],[Ngày hạch toán]],"")) -> 46231 | U23: =IF(Table1[[#This Row],[Ngày tính CN]]="","",S23+T23) -> 46231 | V23: =IF(Table1[[#This Row],[Hạn thanh toán]]="","",IF((U23-NOW())<0,0,(U23-NOW()))) -> 0 | X23: =IF(OR(U23="",R23=0),"",IF((U23-NOW())<0,-(U23-NOW()),0)) -> 14.34453 | Y23: =IF(R23=0,"Đã thanh toán",IF(X23="","",IF(X23<=0,"Chưa đến hạn thanh toán",IF(X23<=30,"Nợ quá hạn 30 ngày",IF(X23<=60,"Nợ quá hạn từ 30 ngày đến 60 ngày",IF(X23<=90,"Nợ quá hạn từ 60 ngày đến 90 ngày",IF(X23<=120,"Nợ quá hạn từ 90 ngày đến 120 ngày","Nợ quá hạn hơn 120 ngày có khả năng mất thanh toán"))))))) -> Nợ quá hạn 30 ngày | Z23: =IF(S23="","",S23) -> 46231 | AA23: =IF(M23="","",M23) | AD23: =VLOOKUP($A23,MA_KH!$A:$V,MA_KH!U$1,0) -> SAIGONHD | AE23: =VLOOKUP($A23,MA_KH!$A:$V,MA_KH!V$1,0) -> CÔNG TY CỔ PHẦN SÀI GÒN HD | AF23: =VLOOKUP($A23,MA_KH!$A:$V,MA_KH!H$1,0) -> SG009

Sheet MA_KH
A1: =COLUMN() -> 1 | B1: =COLUMN() -> 2 | C1: =COLUMN() -> 3 | D1: =COLUMN() -> 4 | E1: =COLUMN() -> 5 | F1: =COLUMN() -> 6 | G1: =COLUMN() -> 7 | H1: =COLUMN() -> 8 | ... V1: =COLUMN() -> 22
A2: Mã khách hàng | B2: Tên khách hàng | C2: Địa chỉ | D2: Nhóm KH, NCC | E2: Mã số thuế | F2: Điện thoại | G2: Số ngày được nợ | H2: Nhân viên | I2: Tên nhân viên | J2: Tỉnh/TP | K2: Quận/Huyện | L2: Địa điểm giao hàng | M2: Tổ chức/Cá nhân | N2: Là nhà cung cấp | O2: Ngừng theo dõi | P2: Ngày tạo | Q2: Người tạo | R2: Ngày sửa | S2: Người sửa | T2: Chi nhánh | U2: Nhóm khách hàng | V2: Tên nhóm khách hàng
A3: AAU-HCM-Q1-002 | B3: AAU Diamond | C3: Gian hàng 41546, Tầng 4, Trung Tâm Thương Mại Diamond , số 34 Lê Duẩn, Phường Bến Nghé, Quận 1, Thành Phố Hồ Chí Minh, Việt Nam. | D3: AUU | F3: 0962076900 | H3: SG027 | I3: Trần Hạo Nhị | J3: Hồ Chí Minh | K3: Quận 1 | M3: AAU | N3: FALSE | O3: FALSE | P3: 46023.522 | Q3: 0987931200 | R3: 46172.467 | S3: KTT | T3: CÔNG TY TNHH MỘT THÀNH VIÊN THƯƠNG MẠI VÀ DỊCH VỤ NGỌC THƠM | U3: AAU | V3: CÔNG TY TNHH PHÂN PHỐI Á ÂU
A4: AAU-HCM-Q2-001 | B4: AAU Tháp Brilliant | C4: Khu Thương mại số : T3.B2.1I – Tầng B2- Tháp Brilliant, số 1, Đường 104- BTT, khu phố 3, Phường Bình Trưng Tây, Quận 2, TPHCM. | D4: AUU | F4: 0901842838 | H4: SG009 | I4: Hứa Thị Ngọc Thơ | J4: Hồ Chí Minh | K4: Quận 2 | M4: AAU | N4: FALSE | O4: FALSE | P4: 46023.522 | Q4: 0987931200 | R4: 46172.467 | S4: KTT | T4: CÔNG TY TNHH MỘT THÀNH VIÊN THƯƠNG MẠI VÀ DỊCH VỤ NGỌC THƠM | U4: AAU | V4: CÔNG TY TNHH PHÂN PHỐI Á ÂU
A5: AAU-HCM-Q2-003 | B5: AAU Tòa nhà Sadora | C5: Block D.002 Tòa nhà Sadora- Số 02, Đường 13, Phường An Lợi Đông, Thủ Đức, TP Hồ Chí Minh. | D5: AUU | E5: Thời gian nhận hàng : 6h- 20h | F5: 0908800696 | H5: SG009 | I5: Hứa Thị Ngọc Thơ | J5: Hồ Chí Minh | K5: Quận 2 | M5: AAU | N5: FALSE | O5: FALSE | P5: 46023.522 | Q5: 0987931200 | R5: 46172.467 | S5: KTT | T5: CÔNG TY TNHH MỘT THÀNH VIÊN THƯƠNG MẠI VÀ DỊCH VỤ NGỌC THƠM | U5: AAU | V5: CÔNG TY TNHH PHÂN PHỐI Á ÂU
A6: AAU-HCM-TPU-000 | B6: CÔNG TY TNHH PHÂN PHỐI Á ÂU | C6: 41 Cách Mạng, Phường Tân Sơn Nhì, Thành phố Hồ Chí Minh, Việt Nam | D6: AUU | E6: 0318561215 | H6: SG039 | I6: Tô Quốc Sang | J6: Hồ Chí Minh | K6: Quận Tân Phú | M6: AAU | N6: FALSE | O6: FALSE | P6: 46023.522 | Q6: 0987931200 | R6: 46172.467 | S6: KTT | T6: CÔNG TY TNHH MỘT THÀNH VIÊN THƯƠNG MẠI VÀ DỊCH VỤ NGỌC THƠM | U6: AAU | V6: CÔNG TY TNHH PHÂN PHỐI Á ÂU
A7: CircleK-AGG-01-020 | B7: CHI NHÁNH CÔNG TY TNHH VÒNG TRÒN ĐỎ TẠI AN GIANG | C7: Số 155 đường Ung Văn Khiêm, tổ 11, khóm Đông Thành, Phường Long Xuyên, An Giang, Việt Nam | D7: CIRCLE K | E7: 0306182043-020 | H7: SG029 | I7: Dương Thị Kim Hồng | J7: An Giang | K7: Tỉnh Miền Nam | M7: CIRCLEK MIỀN NAM | N7: TRUE | O7: FALSE | P7: 46023.523 | Q7: 0987931200 | R7: 46172.468 | S7: KTT | T7: CÔNG TY TNHH MỘT THÀNH VIÊN THƯƠNG MẠI VÀ DỊCH VỤ NGỌC THƠM | U7: CIRCLEK MIỀN NAM | V7: CÔNG TY TNHH VÒNG TRÒN ĐỎ
A8: CircleK-AGG-01-027 | B8: CHI NHÁNH CÔNG TY TNHH VÒNG TRÒN ĐỎ TẠI KIÊN GIANG | C8: Số 99 đường 3 tháng 2, Phường Rạch Giá, Tỉnh An Giang, Việt Nam | D8: CIRCLE K | E8: 0306182043-027 | H8: SG029 | I8: Dương Thị Kim Hồng | J8: An Giang | K8: Tỉnh Miền Nam | M8: CIRCLEK MIỀN NAM | N8: TRUE | O8: FALSE | P8: 46023.523 | Q8: 0987931200 | R8: 46172.468 | S8: KTT | T8: CÔNG TY TNHH MỘT THÀNH VIÊN THƯƠNG MẠI VÀ DỊCH VỤ NGỌC THƠM | U8: CIRCLEK MIỀN NAM | V8: CÔNG TY TNHH VÒNG TRÒN ĐỎ
A9: CircleK-AGG-01-CT5012 | B9: CircleK 155 Ung Văn Khiêm | C9: 155 Ung Văn Khiêm, Phường Mỹ Xuyên, Thành phố Long Xuyên, Tỉnh An Giang | D9: CIRCLE K | H9: SG029 | I9: Dương Thị Kim Hồng | J9: An Giang | K9: Tỉnh Miền Nam | M9: CIRCLEK MIỀN NAM | N9: FALSE | O9: FALSE | P9: 46023.523 | Q9: 0987931200 | R9: 46172.468 | S9: KTT | T9: CÔNG TY TNHH MỘT THÀNH VIÊN THƯƠNG MẠI VÀ DỊCH VỤ NGỌC THƠM | U9: CIRCLEK MIỀN NAM | V9: CÔNG TY TNHH VÒNG TRÒN ĐỎ
A10: CircleK-AGG-01-CT5013 | B10: CircleK 97 Võ Thị Sáu | C10: 97 Võ Thị Sáu, Phường Mỹ Xuyên, Thành phố Long Xuyên, Tỉnh An Giang | D10: CIRCLE K | H10: SG029 | I10: Dương Thị Kim Hồng | J10: An Giang | K10: Tỉnh Miền Nam | M10: CIRCLEK MIỀN NAM | N10: FALSE | O10: FALSE | P10: 46023.523 | Q10: 0987931200 | R10: 46172.468 | S10: KTT | T10: CÔNG TY TNHH MỘT THÀNH VIÊN THƯƠNG MẠI VÀ DỊCH VỤ NGỌC THƠM | U10: CIRCLEK MIỀN NAM | V10: CÔNG TY TNHH VÒNG TRÒN ĐỎ
A11: CircleK-AGG-01-CT5014 | B11: CircleK 328/2A Đường Hùng Vương | C11: 328/2A Đường Hùng Vương, Phường Mỹ Long, Thành phố Long Xuyên, Tỉnh An Giang | D11: CIRCLE K | H11: SG029 | I11: Dương Thị Kim Hồng | J11: An Giang | K11: Tỉnh Miền Nam | M11: CIRCLEK MIỀN NAM | N11: FALSE | O11: FALSE | P11: 46023.523 | Q11: 0987931200 | R11: 46172.468 | S11: KTT | T11: CÔNG TY TNHH MỘT THÀNH VIÊN THƯƠNG MẠI VÀ DỊCH VỤ NGỌC THƠM | U11: CIRCLEK MIỀN NAM | V11: CÔNG TY TNHH VÒNG TRÒN ĐỎ
A12: CircleK-BDG-01-011 | B12: CHI NHÁNH TẠI BÌNH DƯƠNG CÔNG TY TNHH VÒNG TRÒN ĐỎ | C12: 508 Cách Mạng Tháng Tám, Phường Thủ Dầu Một, Thành phố Hồ Chí Minh, Việt Nam | D12: CIRCLE K | E12: 0306182043-011 | H12: SG002 | I12: Trần Cao Hoàng Tâm | J12: Bình Dương | K12: Tỉnh Miền Nam | M12: CIRCLEK MIỀN NAM | N12: TRUE | O12: FALSE | P12: 46023.523 | Q12: 0987931200 | R12: 46172.468 | S12: KTT | T12: CÔNG TY TNHH MỘT THÀNH VIÊN THƯƠNG MẠI VÀ DỊCH VỤ NGỌC THƠM | U12: CIRCLEK MIỀN NAM | V12: CÔNG TY TNHH VÒNG TRÒN ĐỎ
A13: CircleK-BDG-01-BD7002 | B13: CircleK 508 Cách Mạng Tháng 8 | C13: 508 Cách Mạng Tháng Tám, phường Phú Cường, thành phố Thủ Dầu Một, tỉnh Bình Dương | D13: CIRCLE K | F13: 028 1234567 | H13: SG002 | I13: Trần Cao Hoàng Tâm | J13: Bình Dương | K13: Tỉnh Miền Nam | M13: CIRCLEK MIỀN NAM | N13: FALSE | O13: FALSE | P13: 46023.523 | Q13: 0987931200 | R13: 46172.468 | S13: KTT | T13: CÔNG TY TNHH MỘT THÀNH VIÊN THƯƠNG MẠI VÀ DỊCH VỤ NGỌC THƠM | U13: CIRCLEK MIỀN NAM | V13: CÔNG TY TNHH VÒNG TRÒN ĐỎ
A14: CircleK-BDG-01-BD7003 | B14: CircleK 174 Trần Văn Ơn | C14: 174 Trần Văn Ơn, Khu 5, phường Phú Hòa, thành phố Thủ Dầu 1, tỉnh Bình Dương | D14: CIRCLE K | F14: 02812334567 | H14: SG002 | I14: Trần Cao Hoàng Tâm | J14: Bình Dương | K14: Tỉnh Miền Nam | M14: CIRCLEK MIỀN NAM | N14: FALSE | O14: FALSE | P14: 46023.523 | Q14: 0987931200 | R14: 46172.468 | S14: KTT | T14: CÔNG TY TNHH MỘT THÀNH VIÊN THƯƠNG MẠI VÀ DỊCH VỤ NGỌC THƠM | U14: CIRCLEK MIỀN NAM | V14: CÔNG TY TNHH VÒNG TRÒN ĐỎ
A15: CircleK-BDG-01-BD7005 | B15: CircleK 105 Lê Trọng Tấn, Khu Phố Bình Đường 2 | C15: 105 Lê Trọng Tấn, khu phố Bình Dương 2, phường An Bình, thành phố Dĩ An, tỉnh Bình Dương | D15: CIRCLE K | F15: 0986787174 | H15: SG002 | I15: Trần Cao Hoàng Tâm | J15: Bình Dương | K15: Tỉnh Miền Nam | M15: CIRCLEK MIỀN NAM | N15: FALSE | O15: FALSE | P15: 46023.523 | Q15: 0987931200 | R15: 46172.468 | S15: KTT | T15: CÔNG TY TNHH MỘT THÀNH VIÊN THƯƠNG MẠI VÀ DỊCH VỤ NGỌC THƠM | U15: CIRCLEK MIỀN NAM | V15: CÔNG TY TNHH VÒNG TRÒN ĐỎ
A16: CircleK-BDG-01-BD7006 | B16: Circle K 355 Lý Thường Kiệt, Khu phố Thống Nhất 1 | C16: 355 Lý Thường Kiệt, phu phố Thống Nhất 1, phường Dĩ An, thành phố Dĩ An, tỉnh Bình Dương | D16: CIRCLE K | F16: 0986787174 | H16: SG002 | I16: Trần Cao Hoàng Tâm | J16: Bình Dương | K16: Tỉnh Miền Nam | M16: CIRCLEK MIỀN NAM | N16: FALSE | O16: FALSE | P16: 46023.523 | Q16: 0987931200 | R16: 46172.468 | S16: KTT | T16: CÔNG TY TNHH MỘT THÀNH VIÊN THƯƠNG MẠI VÀ DỊCH VỤ NGỌC THƠM | U16: CIRCLEK MIỀN NAM | V16: CÔNG TY TNHH VÒNG TRÒN ĐỎ
A17: CircleK-BDG-01-BD7010 | B17: CircleK 305 Đường 30 tháng 4 | C17: 305 Đường 30 tháng 4, phường Phú Thọ, thành phố Thủ Dầu Một, Tỉnh Bình Dương | D17: CIRCLE K | H17: SG002 | I17: Trần Cao Hoàng Tâm | J17: Bình Dương | K17: Tỉnh Miền Nam | L17: 305 Đường 30 tháng 4, phường Phú Thọ, thành phố Thủ Dầu Một, Tỉnh Bình Dương | M17: CIRCLEK MIỀN NAM | N17: FALSE | O17: FALSE | P17: 46023.523 | Q17: 0987931200 | R17: 46172.468 | S17: KTT | T17: CÔNG TY TNHH MỘT THÀNH VIÊN THƯƠNG MẠI VÀ DỊCH VỤ NGỌC THƠM | U17: CIRCLEK MIỀN NAM | V17: CÔNG TY TNHH VÒNG TRÒN ĐỎ
A18: CircleK-BDG-01-BD7011 | B18: CircleK Số 138 Đường 30 Tháng 4 | C18: Số 138 Đường 30 Tháng 4, Phường Phú Hòa, Thành phố Thủ Dầu Một, Tỉnh Bình Dương, Việt Nam | D18: CIRCLE K | F18: 0347849381 | H18: SG002 | I18: Trần Cao Hoàng Tâm | J18: Bình Dương | K18: Tỉnh Miền Nam | M18: CIRCLEK MIỀN NAM | N18: FALSE | O18: FALSE | P18: 46023.523 | Q18: 0987931200 | R18: 46172.468 | S18: KTT | T18: CÔNG TY TNHH MỘT THÀNH VIÊN THƯƠNG MẠI VÀ DỊCH VỤ NGỌC THƠM | U18: CIRCLEK MIỀN NAM | V18: CÔNG TY TNHH VÒNG TRÒN ĐỎ
A19: CircleK-BDG-01-BD7015 | B19: CircleK Ô 8, DC35, Giao lộ đường D1 và đường D33, KDC Việt - Sing | C19: Ô 8, DC35, Giao lộ đường D1 và đường D33, Khu dân cư Việt - Sing, Khu phố 4, Phường An Phú, Thành phố Thuận An, Tỉnh Bình Dương | D19: CIRCLE K | F19: 0986787174 | H19: SG002 | I19: Trần Cao Hoàng Tâm | J19: Bình Dương | K19: Tỉnh Miền Nam | M19: CIRCLEK MIỀN NAM | N19: FALSE | O19: FALSE | P19: 46023.523 | Q19: 0987931200 | R19: 46172.468 | S19: KTT | T19: CÔNG TY TNHH MỘT THÀNH VIÊN THƯƠNG MẠI VÀ DỊCH VỤ NGỌC THƠM | U19: CIRCLEK MIỀN NAM | V19: CÔNG TY TNHH VÒNG TRÒN ĐỎ
A20: CircleK-BDG-01-SG0138 | B20: CircleK Tầng Hầm Tòa Nhà H1, Khu Phố Tân Lập | C20: Tầng hầm tòa nhà H1, khu phố Tân Lập, phường Đông Hòa, Thị xã Dĩ An, Tỉnh Bình Dương | D20: CIRCLE K | F20: 036206424 | H20: SG002 | I20: Trần Cao Hoàng Tâm | J20: Bình Dương | K20: Tỉnh Miền Nam | M20: CIRCLEK MIỀN NAM | N20: FALSE | O20: FALSE | P20: 46023.523 | Q20: 0987931200 | R20: 46172.468 | S20: KTT | T20: CÔNG TY TNHH MỘT THÀNH VIÊN THƯƠNG MẠI VÀ DỊCH VỤ NGỌC THƠM | U20: CIRCLEK MIỀN NAM | V20: CÔNG TY TNHH VÒNG TRÒN ĐỎ
A21: CircleK-BNH-00-024 | B21: CHI NHÁNH CÔNG TY TNHH VÒNG TRÒN ĐỎ TẠI BẮC NINH | C21: 125 Trần Hưng Đạo, Khu phố 4, Phường Kinh Bắc, Tỉnh Bắc Ninh, Việt Nam | D21: CIRCLE K | E21: 0306182043-024 | H21: HN001 | I21: Trần Thị Huệ | J21: Bắc Ninh | K21: Tỉnh Miền Bắc | M21: CIRCLEK MIỀN BẮC | N21: TRUE | O21: FALSE | P21: 46023.523 | Q21: 0987931200 | R21: 46172.468 | S21: KTT | T21: CÔNG TY TNHH MỘT THÀNH VIÊN THƯƠNG MẠI VÀ DỊCH VỤ NGỌC THƠM | U21: CIRCLEK MIỀN BẮC | V21: CÔNG TY TNHH VÒNG TRÒN ĐỎ
A22: CircleK-BNH-00-HN2235 | B22: CircleK 125 Trần Hưng Đạo - Bắc Ninh | C22: 125 Trần Hưng Đạo, khu phố 4, phường Tiến An, thành phố Bắc Ninh, tỉnh Bắc Ninh | D22: CIRCLE K | H22: HN001 | I22: Trần Thị Huệ | J22: Bắc Ninh | K22: Tỉnh Miền Bắc | M22: CIRCLEK MIỀN BẮC | N22: FALSE | O22: FALSE | P22: 46023.523 | Q22: 0987931200 | R22: 46172.468 | S22: KTT | T22: CÔNG TY TNHH MỘT THÀNH VIÊN THƯƠNG MẠI VÀ DỊCH VỤ NGỌC THƠM | U22: CIRCLEK MIỀN BẮC | V22: CÔNG TY TNHH VÒNG TRÒN ĐỎ
A23: CircleK-BNH-00-HN2242 | B23: CircleK Số 02 đường Hồ Ngọc Lân, Bắc Ninh | C23: Số 02 đường Hồ Ngọc Lân, Phường Kinh Bắc, Thành phố Bắc Ninh, Tỉnh Bắc Ninh, Việt Nam | D23: CIRCLE K | H23: HN001 | I23: Trần Thị Huệ | J23: Bắc Ninh | K23: Tỉnh Miền Bắc | M23: CIRCLEK MIỀN BẮC | N23: FALSE | O23: FALSE | P23: 46023.523 | Q23: 0987931200 | R23: 46172.468 | S23: KTT | T23: CÔNG TY TNHH MỘT THÀNH VIÊN THƯƠNG MẠI VÀ DỊCH VỤ NGỌC THƠM | U23: CIRCLEK MIỀN BẮC | V23: CÔNG TY TNHH VÒNG TRÒN ĐỎ
A24: CircleK-BNH-00-HN2252 | B24: CircleK Số 235 Nguyễn Gia Thiều | C24: Số 235 Nguyễn Gia Thiều, phường Tiến An, thành phố Bắc Ninh, tỉnh Bắc Ninh | D24: CIRCLE K | F24: 0974569701 | H24: HN001 | I24: Trần Thị Huệ | J24: Bắc Ninh | K24: Tỉnh Miền Bắc | M24: CIRCLEK MIỀN BẮC | N24: FALSE | O24: FALSE | P24: 46023.523 | Q24: 0987931200 | R24: 46172.468 | S24: KTT | T24: CÔNG TY TNHH MỘT THÀNH VIÊN THƯƠNG MẠI VÀ DỊCH VỤ NGỌC THƠM | U24: CIRCLEK MIỀN BẮC | V24: CÔNG TY TNHH VÒNG TRÒN ĐỎ
A25: CircleK-BNH-00-HN2271 | B25: CircleK Số 341 Nguyễn Cao, Bắc Ninh | C25: Số 341 Nguyễn Cao, Phường Võ Cường, Thành phố Bắc Ninh, Tỉnh Bắc Ninh, Việt Nam | D25: CIRCLE K | F25: 0974569701 | H25: HN001 | I25: Trần Thị Huệ | J25: Bắc Ninh | K25: Tỉnh Miền Bắc | M25: CIRCLEK MIỀN BẮC | N25: FALSE | O25: FALSE | P25: 46023.523 | Q25: 0987931200 | R25: 46172.468 | S25: KTT | T25: CÔNG TY TNHH MỘT THÀNH VIÊN THƯƠNG MẠI VÀ DỊCH VỤ NGỌC THƠM | U25: CIRCLEK MIỀN BẮC | V25: CÔNG TY TNHH VÒNG TRÒN ĐỎ
A26: CircleK-CTO-01-017 | B26: CHI NHÁNH CÔNG TY TNHH VÒNG TRÒN ĐỎ TẠI CẦN THƠ | C26: 128 Hai Bà Trưng, Phường Ninh Kiều, Thành phố Cần Thơ, Việt Nam | D26: CIRCLE K | E26: 0306182043-017 | H26: SG029 | I26: Dương Thị Kim Hồng | J26: Cần Thơ | K26: Tỉnh Miền Nam | M26: CIRCLEK MIỀN NAM | N26: TRUE | O26: FALSE | P26: 46023.523 | Q26: 0987931200 | R26: 46172.468 | S26: KTT | T26: CÔNG TY TNHH MỘT THÀNH VIÊN THƯƠNG MẠI VÀ DỊCH VỤ NGỌC THƠM | U26: CIRCLEK MIỀN NAM | V26: CÔNG TY TNHH VÒNG TRÒN ĐỎ
A27: CircleK-CTO-01-CT5001 | B27: CircleK 128 Hai Bà Trưng | C27: 128 Hai Bà Trưng, Phường Tân An, Quận Ninh Ninh Kiều, Tỉnh Cần Thơ | D27: CIRCLE K | H27: SG029 | I27: Dương Thị Kim Hồng | J27: Cần Thơ | K27: Tỉnh Miền Nam | M27: CIRCLEK MIỀN NAM | N27: FALSE | O27: FALSE | P27: 46023.523 | Q27: 0987931200 | R27: 46172.468 | S27: KTT | T27: CÔNG TY TNHH MỘT THÀNH VIÊN THƯƠNG MẠI VÀ DỊCH VỤ NGỌC THƠM | U27: CIRCLEK MIỀN NAM | V27: CÔNG TY TNHH VÒNG TRÒN ĐỎ
A28: CircleK-CTO-01-CT5004 | B28: CircleK 3-5 Lý Tự Trọng | C28: 3-5 Lý Tự Trọng, Phường An Phú, Quận Ninh Ninh Kiều, Tỉnh Cần Thơ | D28: CIRCLE K | H28: SG029 | I28: Dương Thị Kim Hồng | J28: Cần Thơ | K28: Tỉnh Miền Nam | M28: CIRCLEK MIỀN NAM | N28: FALSE | O28: FALSE | P28: 46023.523 | Q28: 0987931200 | R28: 46172.468 | S28: KTT | T28: CÔNG TY TNHH MỘT THÀNH VIÊN THƯƠNG MẠI VÀ DỊCH VỤ NGỌC THƠM | U28: CIRCLEK MIỀN NAM | V28: CÔNG TY TNHH VÒNG TRÒN ĐỎ
A29: CircleK-CTO-01-CT5005 | B29: CircleK 129 Trần Văn Khéo | C29: 129 Trần Văn Khéo, Phường Cái Khế, Quận Ninh Kiều, Tỉnh Cần Thơ | D29: CIRCLE K | H29: SG029 | I29: Dương Thị Kim Hồng | J29: Cần Thơ | K29: Tỉnh Miền Nam | M29: CIRCLEK MIỀN NAM | N29: FALSE | O29: FALSE | P29: 46023.523 | Q29: 0987931200 | R29: 46172.468 | S29: KTT | T29: CÔNG TY TNHH MỘT THÀNH VIÊN THƯƠNG MẠI VÀ DỊCH VỤ NGỌC THƠM | U29: CIRCLEK MIỀN NAM | V29: CÔNG TY TNHH VÒNG TRÒN ĐỎ
A30: CircleK-CTO-01-CT5006 | B30: CircleK 376 Đường 30/4 | C30: 376 Đường 30/4, Phường Hưng Lợi, Quận Ninh Ninh Kiều, Tỉnh Cần Thơ | D30: CIRCLE K | H30: SG029 | I30: Dương Thị Kim Hồng | J30: Cần Thơ | K30: Tỉnh Miền Nam | M30: CIRCLEK MIỀN NAM | N30: FALSE | O30: FALSE | P30: 46023.523 | Q30: 0987931200 | R30: 46172.468 | S30: KTT | T30: CÔNG TY TNHH MỘT THÀNH VIÊN THƯƠNG MẠI VÀ DỊCH VỤ NGỌC THƠM | U30: CIRCLEK MIỀN NAM | V30: CÔNG TY TNHH VÒNG TRÒN ĐỎ
A31: CircleK-CTO-01-CT5007 | B31: CircleK Số 17 và 17/19 Đường 30/04 | C31: Số 17 và 17/19 Đường 30/04, Phường Tân An, Quận Ninh Ninh Kiều, Tỉnh Cần Thơ | D31: CIRCLE K | H31: SG029 | I31: Dương Thị Kim Hồng | J31: Cần Thơ | K31: Tỉnh Miền Nam | M31: CIRCLEK MIỀN NAM | N31: FALSE | O31: FALSE | P31: 46023.523 | Q31: 0987931200 | R31: 46172.468 | S31: KTT | T31: CÔNG TY TNHH MỘT THÀNH VIÊN THƯƠNG MẠI VÀ DỊCH VỤ NGỌC THƠM | U31: CIRCLEK MIỀN NAM | V31: CÔNG TY TNHH VÒNG TRÒN ĐỎ
A32: CircleK-CTO-01-CT5008 | B32: CircleK 118 Đường 3/2 | C32: 118 Đường 3/2, Phường Xuân Khánh, Quận Ninh Ninh Kiều, Tỉnh Cần Thơ | D32: CIRCLE K | H32: SG029 | I32: Dương Thị Kim Hồng | J32: Cần Thơ | K32: Tỉnh Miền Nam | M32: CIRCLEK MIỀN NAM | N32: FALSE | O32: FALSE | P32: 46023.523 | Q32: 0987931200 | R32: 46172.468 | S32: KTT | T32: CÔNG TY TNHH MỘT THÀNH VIÊN THƯƠNG MẠI VÀ DỊCH VỤ NGỌC THƠM | U32: CIRCLEK MIỀN NAM | V32: CÔNG TY TNHH VÒNG TRÒN ĐỎ
A33: CircleK-CTO-01-CT5009 | B33: CircleK 89 Trần Việt Châu | C33: 89 Trần Việt Châu, Phường An Hòa, Quận Ninh Ninh Kiều, Tỉnh Cần Thơ | D33: CIRCLE K | H33: SG029 | I33: Dương Thị Kim Hồng | J33: Cần Thơ | K33: Tỉnh Miền Nam | M33: CIRCLEK MIỀN NAM | N33: FALSE | O33: FALSE | P33: 46023.523 | Q33: 0987931200 | R33: 46172.468 | S33: KTT | T33: CÔNG TY TNHH MỘT THÀNH VIÊN THƯƠNG MẠI VÀ DỊCH VỤ NGỌC THƠM | U33: CIRCLEK MIỀN NAM | V33: CÔNG TY TNHH VÒNG TRÒN ĐỎ
A34: CircleK-CTO-01-CT5010 | B34: CircleK 59 Nguyễn Văn Cừ | C34: 59 Nguyễn Văn Cừ, Phường An Hòa, Quận Ninh Ninh Kiều, Tỉnh Cần Thơ | D34: CIRCLE K | H34: SG029 | I34: Dương Thị Kim Hồng | J34: Cần Thơ | K34: Tỉnh Miền Nam | M34: CIRCLEK MIỀN NAM | N34: FALSE | O34: FALSE | P34: 46023.523 | Q34: 0987931200 | R34: 46172.468 | S34: KTT | T34: CÔNG TY TNHH MỘT THÀNH VIÊN THƯƠNG MẠI VÀ DỊCH VỤ NGỌC THƠM | U34: CIRCLEK MIỀN NAM | V34: CÔNG TY TNHH VÒNG TRÒN ĐỎ
A35: CircleK-CTO-01-CT5011 | B35: CircleK 59 Ngô Văn Sở | C35: 59 Ngô Văn Sở, Phường Tân An, Quận Ninh Ninh Kiều, Tỉnh Cần Thơ | D35: CIRCLE K | H35: SG029 | I35: Dương Thị Kim Hồng | J35: Cần Thơ | K35: Tỉnh Miền Nam | M35: CIRCLEK MIỀN NAM | N35: FALSE | O35: FALSE | P35: 46023.523 | Q35: 0987931200 | R35: 46172.468 | S35: KTT | T35: CÔNG TY TNHH MỘT THÀNH VIÊN THƯƠNG MẠI VÀ DỊCH VỤ NGỌC THƠM | U35: CIRCLEK MIỀN NAM | V35: CÔNG TY TNHH VÒNG TRÒN ĐỎ
A36: CircleK-CTO-01-CT5015 | B36: CircleK 110 Nguyễn Việt Hồng | C36: 110 Nguyễn Việt Hồng, Phường An Phú, Quận Ninh Ninh Kiều, Tỉnh Cần Thơ | D36: CIRCLE K | H36: SG029 | I36: Dương Thị Kim Hồng | J36: Cần Thơ | K36: Tỉnh Miền Nam | M36: CIRCLEK MIỀN NAM | N36: FALSE | O36: FALSE | P36: 46023.523 | Q36: 0987931200 | R36: 46172.468 | S36: KTT | T36: CÔNG TY TNHH MỘT THÀNH VIÊN THƯƠNG MẠI VÀ DỊCH VỤ NGỌC THƠM | U36: CIRCLEK MIỀN NAM | V36: CÔNG TY TNHH VÒNG TRÒN ĐỎ
A37: CircleK-CTO-01-CT5016 | B37: CircleK Số 80C Trần Chiên, Khu Vực Thạnh Mỹ | C37: Số 80C Trần Chiên, Khu Vực Thạnh Mỹ, Phường Lê Bình, Quận Cái Răng, Tỉnh Cần Thơ | D37: CIRCLE K | H37: SG029 | I37: Dương Thị Kim Hồng | J37: Cần Thơ | K37: Tỉnh Miền Nam | M37: CIRCLEK MIỀN NAM | N37: FALSE | O37: FALSE | P37: 46023.523 | Q37: 0987931200 | R37: 46172.468 | S37: KTT | T37: CÔNG TY TNHH MỘT THÀNH VIÊN THƯƠNG MẠI VÀ DỊCH VỤ NGỌC THƠM | U37: CIRCLEK MIỀN NAM | V37: CÔNG TY TNHH VÒNG TRÒN ĐỎ
A38: CircleK-CTO-01-CT5017 | B38: CircleK 166 Đường 3/2 | C38: 166 Đường 3/2, Phường Hưng Lợi, Quận Ninh Ninh Kiều, Tỉnh Cần Thơ | D38: CIRCLE K | H38: SG029 | I38: Dương Thị Kim Hồng | J38: Cần Thơ | K38: Tỉnh Miền Nam | M38: CIRCLEK MIỀN NAM | N38: FALSE | O38: FALSE | P38: 46023.523 | Q38: 0987931200 | R38: 46172.468 | S38: KTT | T38: CÔNG TY TNHH MỘT THÀNH VIÊN THƯƠNG MẠI VÀ DỊCH VỤ NGỌC THƠM | U38: CIRCLEK MIỀN NAM | V38: CÔNG TY TNHH VÒNG TRÒN ĐỎ
... A40: CircleK-CTO-01-CT5019 | B40: CircleK 134A Đường 3/2 | C40: 134A Đường 3/2, Phường Hưng Lợi, Quận Ninh Ninh Kiều, Tỉnh Cần Thơ | D40: CIRCLE K | H40: SG029 | I40: Dương Thị Kim Hồng | J40: Cần Thơ | K40: Tỉnh Miền Nam | M40: CIRCLEK MIỀN NAM | N40: FALSE | O40: FALSE | P40: 46023.523 | Q40: 0987931200 | R40: 46172.468 | S40: KTT | T40: CÔNG TY TNHH MỘT THÀNH VIÊN THƯƠNG MẠI VÀ DỊCH VỤ NGỌC THƠM | U40: CIRCLEK MIỀN NAM | V40: CÔNG TY TNHH VÒNG TRÒN ĐỎ
A41: CircleK-CTO-01-CT5020 | B41: CircleK 108A-108B Đường Mậu Thân | C41: 108A-108B Đường Mậu Thân, phường An Phú, quận Ninh Kiều, thành phố Cần Thơ, Việt Nam | D41: CIRCLE K | H41: SG029 | I41: Dương Thị Kim Hồng | J41: Cần Thơ | K41: Tỉnh Miền Nam | L41: 108A-108B Đường Mậu Thân, phường An Phú, quận Ninh Kiều, thành phố Cần Thơ, Việt Nam | M41: CIRCLEK MIỀN NAM | N41: FALSE | O41: FALSE | P41: 46023.523 | Q41: 0987931200 | R41: 46172.468 | S41: KTT | T41: CÔNG TY TNHH MỘT THÀNH VIÊN THƯƠNG MẠI VÀ DỊCH VỤ NGỌC THƠM | U41: CIRCLEK MIỀN NAM | V41: CÔNG TY TNHH VÒNG TRÒN ĐỎ
A42: CircleK-CTO-01-CT5021 | B42: Circle K 153 Đường Trần Hưng Đạo | C42: 153 Đường Trần Hưng Đạo, phường An Phú, quận Ninh Kiều, thành phố Cần Thơ, Việt Nam | D42: CIRCLE K | H42: SG029 | I42: Dương Thị Kim Hồng | J42: Cần Thơ | K42: Tỉnh Miền Nam | L42: 153 Đường Trần Hưng Đạo, phường An Phú, quận Ninh Kiều, thành phố Cần Thơ, Việt Nam | M42: CIRCLEK MIỀN NAM | N42: FALSE | O42: FALSE | P42: 46023.523 | Q42: 0987931200 | R42: 46172.468 | S42: KTT | T42: CÔNG TY TNHH MỘT THÀNH VIÊN THƯƠNG MẠI VÀ DỊCH VỤ NGỌC THƠM | U42: CIRCLEK MIỀN NAM | V42: CÔNG TY TNHH VÒNG TRÒN ĐỎ
A43: CircleK-DNI-01-021 | B43: CHI NHÁNH CÔNG TY TNHH VÒNG TRÒN ĐỎ TẠI ĐỒNG NAI | C43: Số 1347 Đường Nguyễn Ái Quốc, Khu phố 27, Phường Tam Hiệp, TP Đồng Nai, Việt Nam. | D43: CIRCLE K | E43: 0306182043-021 | H43: SG002 | I43: Trần Cao Hoàng Tâm | J43: Đồng Nai | K43: Tỉnh Miền Nam | M43: CIRCLEK MIỀN NAM | N43: TRUE | O43: FALSE | P43: 46023.523 | Q43: 0987931200 | R43: 46172.468 | S43: KTT | T43: CÔNG TY TNHH MỘT THÀNH VIÊN THƯƠNG MẠI VÀ DỊCH VỤ NGỌC THƠM | U43: CIRCLEK MIỀN NAM | V43: CÔNG TY TNHH VÒNG TRÒN ĐỎ
A44: CircleK-DNI-01-BD7004 | B44: CircleK Số 1347 Đường Nguyễn Ái Quốc, Khu Phố 6 | C44: 1347 đường Nguyễn Ái Quốc, khu phố 6, phường Tân Tiến, thành phố Biên Hòa, tỉnh Đồng Nai | D44: CIRCLE K | F44: 0999999000 | H44: SG002 | I44: Trần Cao Hoàng Tâm | J44: Đồng Nai | K44: Tỉnh Miền Nam | M44: CIRCLEK MIỀN NAM | N44: FALSE | O44: FALSE | P44: 46023.523 | Q44: 0987931200 | R44: 46172.468 | S44: KTT | T44: CÔNG TY TNHH MỘT THÀNH VIÊN THƯƠNG MẠI VÀ DỊCH VỤ NGỌC THƠM | U44: CIRCLEK MIỀN NAM | V44: CÔNG TY TNHH VÒNG TRÒN ĐỎ
A45: CircleK-DNI-01-BD7007 | B45: CircleK 144 Đường Phan Trung, Khu phố 7 | C45: 144 đường Phan Trung, khu phố 7, phường Tân Tiến, thành phố Biên Hòa, tỉnh Đồng Nai | D45: CIRCLE K | F45: 0387747174 | H45: SG002 | I45: Trần Cao Hoàng Tâm | J45: Đồng Nai | K45: Tỉnh Miền Nam | M45: CIRCLEK MIỀN NAM | N45: FALSE | O45: FALSE | P45: 46023.523 | Q45: 0987931200 | R45: 46172.468 | S45: KTT | T45: CÔNG TY TNHH MỘT THÀNH VIÊN THƯƠNG MẠI VÀ DỊCH VỤ NGỌC THƠM | U45: CIRCLEK MIỀN NAM | V45: CÔNG TY TNHH VÒNG TRÒN ĐỎ
A46: CircleK-DNI-01-BD7008 | B46: CircleK Số 134 Đường Vũ Hồng Phô, Khu phố 2 | C46: Số 134 Đường Vũ Hồng Phô, khu phố 2, phường Bình Đa, thành phố Biên Hòa, tỉnh Đồng Nai | D46: CIRCLE K | F46: 0387747174 | H46: SG002 | I46: Trần Cao Hoàng Tâm | J46: Đồng Nai | K46: Tỉnh Miền Nam | M46: CIRCLEK MIỀN NAM | N46: FALSE | O46: FALSE | P46: 46023.523 | Q46: 0987931200 | R46: 46172.468 | S46: KTT | T46: CÔNG TY TNHH MỘT THÀNH VIÊN THƯƠNG MẠI VÀ DỊCH VỤ NGỌC THƠM | U46: CIRCLEK MIỀN NAM | V46: CÔNG TY TNHH VÒNG TRÒN ĐỎ
A47: CircleK-DNI-01-BD7009 | B47: CircleK Tầng trệt - Tầng 1 Số 216 Hà Huy Giáp khu phố 1 | C47: Tầng trệt-tầng 1 số 216 Hà Huy Giáp, khu phố 1, phường Quyết Thắng, thành phố Biên Hòa, tỉnh Đồng Nai | D47: CIRCLE K | F47: 0387747174 | H47: SG002 | I47: Trần Cao Hoàng Tâm | J47: Đồng Nai | K47: Tỉnh Miền Nam | M47: CIRCLEK MIỀN NAM | N47: FALSE | O47: FALSE | P47: 46023.523 | Q47: 0987931200 | R47: 46172.468 | S47: KTT | T47: CÔNG TY TNHH MỘT THÀNH VIÊN THƯƠNG MẠI VÀ DỊCH VỤ NGỌC THƠM | U47: CIRCLEK MIỀN NAM | V47: CÔNG TY TNHH VÒNG TRÒN ĐỎ
A48: CircleK-DNI-01-BD7012 | B48: CircleK 373 Hồ Thị Hương | C48: Số 373 Hồ Thị Hương, Khu phố 3, Phường Xuân Thành, Thành phố Long Khánh, Tỉnh Đồng Nai, Việt Nam | D48: CIRCLE K | F48: 0387747174 | H48: SG002 | I48: Trần Cao Hoàng Tâm | J48: Đồng Nai | K48: Tỉnh Miền Nam | M48: CIRCLEK MIỀN NAM | N48: FALSE | O48: FALSE | P48: 46023.523 | Q48: 0987931200 | R48: 46172.468 | S48: KTT | T48: CÔNG TY TNHH MỘT THÀNH VIÊN THƯƠNG MẠI VÀ DỊCH VỤ NGỌC THƠM | U48: CIRCLEK MIỀN NAM | V48: CÔNG TY TNHH VÒNG TRÒN ĐỎ
A49: CircleK-DNI-01-BD7013 | B49: CircleK Số 33 Đường 30 tháng 4 | C49: Số 33 Đường 30 tháng 4, Khu Phố 1, Phường Trung Dũng, Thành phố Biên Hòa, Tỉnh Đồng Nai | D49: CIRCLE K | F49: 0387747174 | H49: SG002 | I49: Trần Cao Hoàng Tâm | J49: Đồng Nai | K49: Tỉnh Miền Nam | L49: Số 33 Đường 30 tháng 4, Khu Phố 1, Phường Trung Dũng, Thành phố Biên Hòa, Tỉnh Đồng Nai | M49: CIRCLEK MIỀN NAM | N49: FALSE | O49: FALSE | P49: 46023.523 | Q49: 0987931200 | R49: 46172.468 | S49: KTT | T49: CÔNG TY TNHH MỘT THÀNH VIÊN THƯƠNG MẠI VÀ DỊCH VỤ NGỌC THƠM | U49: CIRCLEK MIỀN NAM | V49: CÔNG TY TNHH VÒNG TRÒN ĐỎ
A50: CircleK-DNI-01-BD7016 | B50: CircleK 78 đường Võ Thị Sáu | C50: 78 đường Võ Thị Sáu, Khu phố 1, Phường Quyết Thắng, Thành phố Biên Hòa, Tỉnh Đồng Nai, Việt Nam | D50: CIRCLE K | F50: 0387747174 | H50: SG002 | I50: Trần Cao Hoàng Tâm | J50: Đồng Nai | K50: Tỉnh Miền Nam | M50: CIRCLEK MIỀN NAM | N50: FALSE | O50: FALSE | P50: 46023.523 | Q50: 0987931200 | R50: 46172.468 | S50: KTT | T50: CÔNG TY TNHH MỘT THÀNH VIÊN THƯƠNG MẠI VÀ DỊCH VỤ NGỌC THƠM | U50: CIRCLEK MIỀN NAM | V50: CÔNG TY TNHH VÒNG TRÒN ĐỎ
A51: CircleK-DNI-01-BD7017 | B51: CircleK 22 đường Cách Mạng Tháng Tám | C51: Số 22 đường Cách Mạng Tháng Tám, Khu phố 1, Phường Xuân Hòa, Thành phố Long Khánh, Tỉnh Đồng Nai, Việt Nam | D51: CIRCLE K | F51: 0387747174 | H51: SG002 | I51: Trần Cao Hoàng Tâm | J51: Đồng Nai | K51: Tỉnh Miền Nam | M51: CIRCLEK MIỀN NAM | N51: FALSE | O51: FALSE | P51: 46023.523 | Q51: 0987931200 | R51: 46172.468 | S51: KTT | T51: CÔNG TY TNHH MỘT THÀNH VIÊN THƯƠNG MẠI VÀ DỊCH VỤ NGỌC THƠM | U51: CIRCLEK MIỀN NAM | V51: CÔNG TY TNHH VÒNG TRÒN ĐỎ
A52: CircleK-DTP-01-022 | B52: CHI NHÁNH CÔNG TY TNHH VÒNG TRÒN ĐỎ TẠI TIỀN GIANG | C52: 30/2 Ấp Bắc, Phường Đạo Thạnh, Tỉnh Đồng Tháp, Việt Nam | D52: CIRCLE K | E52: 0306182043-022 | H52: SG029 | I52: Dương Thị Kim Hồng | J52: Đồng Tháp | K52: Tỉnh Miền Nam | M52: CIRCLEK MIỀN NAM | N52: TRUE | O52: FALSE | P52: 46023.523 | Q52: 0987931200 | R52: 46172.468 | S52: KTT | T52: CÔNG TY TNHH MỘT THÀNH VIÊN THƯƠNG MẠI VÀ DỊCH VỤ NGỌC THƠM | U52: CIRCLEK MIỀN NAM | V52: CÔNG TY TNHH VÒNG TRÒN ĐỎ
A53: CircleK-HCM-BTH-SG0051 | B53: CircleK 87 Trần Nguyên Đán | C53: 87 Trần Nguyên Đán, Phường 1, Quận Bình Thạnh, Thành Phố Hồ Chí Minh, Việt Nam | D53: CIRCLE K | F53: 035174984 | H53: SG023 | I53: Nguyễn Quốc Thái | J53: Hồ Chí Minh | K53: Quận Bình Thạnh | M53: CIRCLEK MIỀN NAM | N53: FALSE | O53: FALSE | P53: 46023.523 | Q53: 0987931200 | R53: 46172.468 | S53: KTT | T53: CÔNG TY TNHH MỘT THÀNH VIÊN THƯƠNG MẠI VÀ DỊCH VỤ NGỌC THƠM | U53: CIRCLEK MIỀN NAM | V53: CÔNG TY TNHH VÒNG TRÒN ĐỎ
A54: CircleK-HCM-BTH-SG0053 | B54: CircleK Số 1 Công Trường Tự Do | C54: Số 1 Công Trường Tự Do, phường 19, quận Bình Thạnh, thành phố Hồ Chí Minh | D54: CIRCLE K | F54: 0283 518 0774 | H54: SG023 | I54: Nguyễn Quốc Thái | J54: Hồ Chí Minh | K54: Quận Bình Thạnh | L54: Số 1 Công Trường Tự Do, phường 19, quận Bình Thạnh, thành phố Hồ Chí Minh | M54: CIRCLEK MIỀN NAM | N54: FALSE | O54: FALSE | P54: 46023.523 | Q54: 0987931200 | R54: 46172.468 | S54: KTT | T54: CÔNG TY TNHH MỘT THÀNH VIÊN THƯƠNG MẠI VÀ DỊCH VỤ NGỌC THƠM | U54: CIRCLEK MIỀN NAM | V54: CÔNG TY TNHH VÒNG TRÒN ĐỎ
A55: CircleK-HCM-BTH-SG0070 | B55: CircleK Số 142/7A Xô Viết Nghệ Tĩnh | C55: 142/7A Xô Viết Nghệ Tĩnh, Phường 25, Quận Bình Thạnh, TP. Ho Chi Minh | D55: CIRCLE K | H55: SG023 | I55: Nguyễn Quốc Thái | J55: Hồ Chí Minh | K55: Quận Bình Thạnh | M55: CIRCLEK MIỀN NAM | N55: FALSE | O55: FALSE | P55: 46023.523 | Q55: 0987931200 | R55: 46172.468 | S55: KTT | T55: CÔNG TY TNHH MỘT THÀNH VIÊN THƯƠNG MẠI VÀ DỊCH VỤ NGỌC THƠM | U55: CIRCLEK MIỀN NAM | V55: CÔNG TY TNHH VÒNG TRÒN ĐỎ
A56: CircleK-HCM-BTH-SG0095 | B56: CircleK 190B Phan Văn Trị | C56: 190B Nguyễn Tri Phương, phường 12, quận Bình Thạnh, Thành phố Hồ Chí Minh | D56: CIRCLE K | F56: 035162762 | H56: SG023 | I56: Nguyễn Quốc Thái | J56: Hồ Chí Minh | K56: Quận Bình Thạnh | M56: CIRCLEK MIỀN NAM | N56: FALSE | O56: FALSE | P56: 46023.523 | Q56: 0987931200 | R56: 46172.468 | S56: KTT | T56: CÔNG TY TNHH MỘT THÀNH VIÊN THƯƠNG MẠI VÀ DỊCH VỤ NGỌC THƠM | U56: CIRCLEK MIỀN NAM | V56: CÔNG TY TNHH VÒNG TRÒN ĐỎ
A57: CircleK-HCM-BTH-SG0097 | B57: CircleK 315B Bùi Hữu Nghĩa | C57: 315 Bùi Hữu Nghĩa, phường 1, quận Bình Thạnh, thành phố Hồ Chí Minh | D57: CIRCLE K | F57: 035104574 | H57: SG023 | I57: Nguyễn Quốc Thái | J57: Hồ Chí Minh | K57: Quận Bình Thạnh | M57: CIRCLEK MIỀN NAM | N57: FALSE | O57: FALSE | P57: 46023.523 | Q57: 0987931200 | R57: 46172.468 | S57: KTT | T57: CÔNG TY TNHH MỘT THÀNH VIÊN THƯƠNG MẠI VÀ DỊCH VỤ NGỌC THƠM | U57: CIRCLEK MIỀN NAM | V57: CÔNG TY TNHH VÒNG TRÒN ĐỎ
A58: CircleK-HCM-BTH-SG0131 | B58: CircleK 197A-199 Điện Biên Phủ | C58: 197A - 199 Điện Biên Phủ, Phường 2, Quận Bình Thạnh, Thành Phố Hồ Chí Minh, Việt Nam | D58: CIRCLE K | F58: 035140288 | H58: SG023 | I58: Nguyễn Quốc Thái | J58: Hồ Chí Minh | K58: Quận Bình Thạnh | M58: CIRCLEK MIỀN NAM | N58: FALSE | O58: FALSE | P58: 46023.523 | Q58: 0987931200 | R58: 46172.468 | S58: KTT | T58: CÔNG TY TNHH MỘT THÀNH VIÊN THƯƠNG MẠI VÀ DỊCH VỤ NGỌC THƠM | U58: CIRCLEK MIỀN NAM | V58: CÔNG TY TNHH VÒNG TRÒN ĐỎ
A59: CircleK-HCM-BTH-SG0157 | B59: CircleK 15 Đường D2 Khu Dân Cư Phức Hợp Sông Sài Gòn, 92 Nguyễn Hữu Cảnh | C59: 15 Đường D2, khu dân cư phức hợp Sông Sài Gòn, 92 Nguyễn Hữu Cảnh, phường 22, quận Bình Thạnh, thành phố Hồ Chí Minh | D59: CIRCLE K | F59: 036365496 | H59: SG023 | I59: Nguyễn Quốc Thái | J59: Hồ Chí Minh | K59: Quận Bình Thạnh | M59: CIRCLEK MIỀN NAM | N59: FALSE | O59: FALSE | P59: 46023.523 | Q59: 0987931200 | R59: 46172.468 | S59: KTT | T59: CÔNG TY TNHH MỘT THÀNH VIÊN THƯƠNG MẠI VÀ DỊCH VỤ NGỌC THƠM | U59: CIRCLEK MIỀN NAM | V59: CÔNG TY TNHH VÒNG TRÒN ĐỎ
A60: CircleK-HCM-BTH-SG0205 | B60: CircleK 609 Xô Viết Nghệ Tĩnh | C60: 609 Xô Viết Nghệ Tĩnh, phường 26, quận Bình Thạnh, thành phố Hồ Chí Minh | D60: CIRCLE K | F60: 035110174 | H60: SG023 | I60: Nguyễn Quốc Thái | J60: Hồ Chí Minh | K60: Quận Bình Thạnh | M60: CIRCLEK MIỀN NAM | N60: FALSE | O60: FALSE | P60: 46023.523 | Q60: 0987931200 | R60: 46172.468 | S60: KTT | T60: CÔNG TY TNHH MỘT THÀNH VIÊN THƯƠNG MẠI VÀ DỊCH VỤ NGỌC THƠM | U60: CIRCLEK MIỀN NAM | V60: CÔNG TY TNHH VÒNG TRÒN ĐỎ
A61: CircleK-HCM-BTH-SG0212 | B61: CircleK 292 Điện Biên Phủ | C61: 292 Điện Biên Phủ, phường 11, quận Bình Thạnh, thành phố Hồ Chí Minh | D61: CIRCLE K | F61: 038998914 | H61: SG023 | I61: Nguyễn Quốc Thái | J61: Hồ Chí Minh | K61: Quận Bình Thạnh | M61: CIRCLEK MIỀN NAM | N61: FALSE | O61: FALSE | P61: 46023.523 | Q61: 0987931200 | R61: 46172.468 | S61: KTT | T61: CÔNG TY TNHH MỘT THÀNH VIÊN THƯƠNG MẠI VÀ DỊCH VỤ NGỌC THƠM | U61: CIRCLEK MIỀN NAM | V61: CÔNG TY TNHH VÒNG TRÒN ĐỎ
A62: CircleK-HCM-BTH-SG0217 | B62: CircleK 475 Điện Biên Phủ | C62: Số 475 Điện Biên Phủ, phường 25, quận Bình Thạnh, thành phố Hồ Chí Minh | D62: CIRCLE K | F62: 038990075 | H62: SG023 | I62: Nguyễn Quốc Thái | J62: Hồ Chí Minh | K62: Quận Bình Thạnh | M62: CIRCLEK MIỀN NAM | N62: FALSE | O62: FALSE | P62: 46023.523 | Q62: 0987931200 | R62: 46172.468 | S62: KTT | T62: CÔNG TY TNHH MỘT THÀNH VIÊN THƯƠNG MẠI VÀ DỊCH VỤ NGỌC THƠM | U62: CIRCLEK MIỀN NAM | V62: CÔNG TY TNHH VÒNG TRÒN ĐỎ
A63: CircleK-HCM-BTH-SG0225 | B63: CircleK Số 74 Nguyễn Văn Thương | C63: 74 Nguyễn Văn Thường, phường 25, quận Bình Thạnh, thành phố Hồ Chí Minh | D63: CIRCLE K | F63: 038988994 | H63: SG023 | I63: Nguyễn Quốc Thái | J63: Hồ Chí Minh | K63: Quận Bình Thạnh | M63: CIRCLEK MIỀN NAM | N63: FALSE | O63: FALSE | P63: 46023.523 | Q63: 0987931200 | R63: 46172.468 | S63: KTT | T63: CÔNG TY TNHH MỘT THÀNH VIÊN THƯƠNG MẠI VÀ DỊCH VỤ NGỌC THƠM | U63: CIRCLEK MIỀN NAM | V63: CÔNG TY TNHH VÒNG TRÒN ĐỎ
A64: CircleK-HCM-BTH-SG0226 | B64: CircleK L3-SH01 Toà nhà Landmart 3, Vinhomes Central Park, 720A Điện Biên Phủ | C64: Số L3-SH01 Toàn Landmark 3, Vinhomes Central Park, 720A Điện Biên Phủ, phường 22, quận Bình Thạnh, thành phố Hồ Chí Minh | D64: CIRCLE K | F64: 036368930 | H64: SG023 | I64: Nguyễn Quốc Thái | J64: Hồ Chí Minh | K64: Quận Bình Thạnh | M64: CIRCLEK MIỀN NAM | N64: FALSE | O64: FALSE | P64: 46023.523 | Q64: 0987931200 | R64: 46172.468 | S64: KTT | T64: CÔNG TY TNHH MỘT THÀNH VIÊN THƯƠNG MẠI VÀ DỊCH VỤ NGỌC THƠM | U64: CIRCLEK MIỀN NAM | V64: CÔNG TY TNHH VÒNG TRÒN ĐỎ
A65: CircleK-HCM-BTH-SG0235 | B65: CircleK 113 Nguyễn Gia Trí | C65: 113 Nguyễn Gia Trí, phường 25, quận Bình Thạnh, thành phố Hồ Chí Minh | D65: CIRCLE K | F65: 035117026 | H65: SG023 | I65: Nguyễn Quốc Thái | J65: Hồ Chí Minh | K65: Quận Bình Thạnh | M65: CIRCLEK MIỀN NAM | N65: FALSE | O65: FALSE | P65: 46023.523 | Q65: 0987931200 | R65: 46172.468 | S65: KTT | T65: CÔNG TY TNHH MỘT THÀNH VIÊN THƯƠNG MẠI VÀ DỊCH VỤ NGỌC THƠM | U65: CIRCLEK MIỀN NAM | V65: CÔNG TY TNHH VÒNG TRÒN ĐỎ
A66: CircleK-HCM-BTH-SG0247 | B66: CircleK 720A Điện Biên Phủ | C66: L1-SH.01B Tòa nhà Landmark 1, VinhomesCentral Park 720A Điện Biên Phủ, phường 22, quận Bình Thạnh, thành phố Hồ Chí Minh | D66: CIRCLE K | F66: 02836200039 | H66: SG023 | I66: Nguyễn Quốc Thái | J66: Hồ Chí Minh | K66: Quận Bình Thạnh | L66: L1-SH.01B Tòa nhà Landmark 1, VinhomesCentral Park 720A Điện Biên Phủ, phường 22, quận Bình Thạnh, thành phố Hồ Chí Minh | M66: CIRCLEK MIỀN NAM | N66: FALSE | O66: FALSE | P66: 46023.523 | Q66: 0987931200 | R66: 46172.468 | S66: KTT | T66: CÔNG TY TNHH MỘT THÀNH VIÊN THƯƠNG MẠI VÀ DỊCH VỤ NGỌC THƠM | U66: CIRCLEK MIỀN NAM | V66: CÔNG TY TNHH VÒNG TRÒN ĐỎ
A67: CircleK-HCM-BTH-SG0275 | B67: CircleK 184A-184B Nguyễn Xí | C67: 184A-184B Nguyễn Xí, phường 26, quận Bình Thạnh, thành phố Hồ Chí Minh | D67: CIRCLE K | F67: 035351587 | H67: SG023 | I67: Nguyễn Quốc Thái | J67: Hồ Chí Minh | K67: Quận Bình Thạnh | M67: CIRCLEK MIỀN NAM | N67: FALSE | O67: FALSE | P67: 46023.523 | Q67: 0987931200 | R67: 46172.468 | S67: KTT | T67: CÔNG TY TNHH MỘT THÀNH VIÊN THƯƠNG MẠI VÀ DỊCH VỤ NGỌC THƠM | U67: CIRCLEK MIỀN NAM | V67: CÔNG TY TNHH VÒNG TRÒN ĐỎ
A68: CircleK-HCM-BTH-SG0300 | B68: CircleK Số 27 Nguyễn Gia Trí | C68: 27 Nguyễn Gia Trí, phường 25, quận Bình Thạnh, thành phố Hồ Chí Minh | D68: CIRCLE K | F68: 038040997 | H68: SG023 | I68: Nguyễn Quốc Thái | J68: Hồ Chí Minh | K68: Quận Bình Thạnh | M68: CIRCLEK MIỀN NAM | N68: FALSE | O68: FALSE | P68: 46023.523 | Q68: 0987931200 | R68: 46172.468 | S68: KTT | T68: CÔNG TY TNHH MỘT THÀNH VIÊN THƯƠNG MẠI VÀ DỊCH VỤ NGỌC THƠM | U68: CIRCLEK MIỀN NAM | V68: CÔNG TY TNHH VÒNG TRÒN ĐỎ
A69: CircleK-HCM-BTH-SG0319 | B69: CircleK 14 Ung Văn Khiêm | C69: 14 Ung Văn Khiếm, phường 25, quận Bình Thạnh, thành phố Hồ Chí Minh | D69: CIRCLE K | F69: 0938506004 | H69: SG023 | I69: Nguyễn Quốc Thái | J69: Hồ Chí Minh | K69: Quận Bình Thạnh | M69: CIRCLEK MIỀN NAM | N69: FALSE | O69: FALSE | P69: 46023.523 | Q69: 0987931200 | R69: 46172.468 | S69: KTT | T69: CÔNG TY TNHH MỘT THÀNH VIÊN THƯƠNG MẠI VÀ DỊCH VỤ NGỌC THƠM | U69: CIRCLEK MIỀN NAM | V69: CÔNG TY TNHH VÒNG TRÒN ĐỎ
A70: CircleK-HCM-BTH-SG0355 | B70: CircleK 188D Phan Văn Trị | C70: 188D Phan Văn Trị, Phường Bình Thạnh, Thành phố Hồ Chí Minh, Việt Nam | D70: CIRCLE K | F70: 0357747005 | H70: SG023 | I70: Nguyễn Quốc Thái | J70: Hồ Chí Minh | K70: Quận Bình Thạnh | L70: 188D Phan Văn Trị, Phường Bình Thạnh, Thành phố Hồ Chí Minh, Việt Nam | M70: CIRCLEK MIỀN NAM | N70: FALSE | O70: FALSE | P70: 46023.523 | Q70: 0987931200 | R70: 46172.468 | S70: KTT | T70: CÔNG TY TNHH MỘT THÀNH VIÊN THƯƠNG MẠI VÀ DỊCH VỤ NGỌC THƠM | U70: CIRCLEK MIỀN NAM | V70: CÔNG TY TNHH VÒNG TRÒN ĐỎ
A71: CircleK-HCM-BTN-SG0127 | B71: CircleK 160 Đường Số 19 | C71: 160 Đường số 19, khu phố 2, phường Bình Trị Đông B, quận Bình Tân, thành phố Hồ Chí Minh | D71: CIRCLE K | F71: 037519192 | H71: SG023 | I71: Nguyễn Quốc Thái | J71: Hồ Chí Minh | K71: Quận Bình Tân | M71: CIRCLEK MIỀN NAM | N71: FALSE | O71: FALSE | P71: 46023.523 | Q71: 0987931200 | R71: 46172.468 | S71: KTT | T71: CÔNG TY TNHH MỘT THÀNH VIÊN THƯƠNG MẠI VÀ DỊCH VỤ NGỌC THƠM | U71: CIRCLEK MIỀN NAM | V71: CÔNG TY TNHH VÒNG TRÒN ĐỎ
A72: CircleK-HCM-BTN-SG0137 | B72: CircleK 193 Đường Số 1 | C72: 193 Đường số 1, phường Bình Trị Đông B, quận Bình Tân, thành phố Hồ Chí Minh | D72: CIRCLE K | F72: 038775527 | H72: SG023 | I72: Nguyễn Quốc Thái | J72: Hồ Chí Minh | K72: Quận Bình Tân | M72: CIRCLEK MIỀN NAM | N72: FALSE | O72: FALSE | P72: 46023.523 | Q72: 0987931200 | R72: 46172.468 | S72: KTT | T72: CÔNG TY TNHH MỘT THÀNH VIÊN THƯƠNG MẠI VÀ DỊCH VỤ NGỌC THƠM | U72: CIRCLEK MIỀN NAM | V72: CÔNG TY TNHH VÒNG TRÒN ĐỎ
A73: CircleK-HCM-BTN-SG0219 | B73: CircleK 74 Đường Số 1 | C73: Số 74 đường số 1, phường Bình Trị Đông B, quận Bình Tân, thành phố Hồ Chí Minh | D73: CIRCLE K | F73: 038779931 | H73: SG023 | I73: Nguyễn Quốc Thái | J73: Hồ Chí Minh | K73: Quận Bình Tân | M73: CIRCLEK MIỀN NAM | N73: FALSE | O73: FALSE | P73: 46023.523 | Q73: 0987931200 | R73: 46172.468 | S73: KTT | T73: CÔNG TY TNHH MỘT THÀNH VIÊN THƯƠNG MẠI VÀ DỊCH VỤ NGỌC THƠM | U73: CIRCLEK MIỀN NAM | V73: CÔNG TY TNHH VÒNG TRÒN ĐỎ
A74: CircleK-HCM-BTN-SG0231 | B74: CircleK 259 Đường số 7 | C74: Số 259 Đường số 7, phường Bình Trị Đông B, quận Bình Tân, thành phố Hồ Chí Minh | D74: CIRCLE K | F74: 036368492 | H74: SG023 | I74: Nguyễn Quốc Thái | J74: Hồ Chí Minh | K74: Quận Bình Tân | M74: CIRCLEK MIỀN NAM | N74: FALSE | O74: FALSE | P74: 46023.523 | Q74: 0987931200 | R74: 46172.468 | S74: KTT | T74: CÔNG TY TNHH MỘT THÀNH VIÊN THƯƠNG MẠI VÀ DỊCH VỤ NGỌC THƠM | U74: CIRCLEK MIỀN NAM | V74: CÔNG TY TNHH VÒNG TRÒN ĐỎ
A75: CircleK-HCM-BTN-SG0279 | B75: CircleK Kiot Khu Vực Mặt Tiền Kinh Dương Vương - 395 Kinh Dương Vương | C75: Kiot khu vực mặt tiền Kinh Dương Vương - 395 Kinh Dương Vương, phường An Lạc, quận Bình Tân, thành phố Hồ Chí Minh | D75: CIRCLE K | F75: 035350020 | H75: SG023 | I75: Nguyễn Quốc Thái | J75: Hồ Chí Minh | K75: Quận Bình Tân | M75: CIRCLEK MIỀN NAM | N75: FALSE | O75: FALSE | P75: 46023.523 | Q75: 0987931200 | R75: 46172.468 | S75: KTT | T75: CÔNG TY TNHH MỘT THÀNH VIÊN THƯƠNG MẠI VÀ DỊCH VỤ NGỌC THƠM | U75: CIRCLEK MIỀN NAM | V75: CÔNG TY TNHH VÒNG TRÒN ĐỎ
A76: CircleK-HCM-BTN-SG0294 | B76: CircleK 633 Tỉnh Lộ 10 | C76: 633 Tỉnh Lộ 10, phường Bình Trị Đông B, quận Bình Tân, thành phố Hồ Chí Minh | D76: CIRCLE K | F76: 02812345678 | H76: SG023 | I76: Nguyễn Quốc Thái | J76: Hồ Chí Minh | K76: Quận Bình Tân | M76: CIRCLEK MIỀN NAM | N76: FALSE | O76: FALSE | P76: 46023.523 | Q76: 0987931200 | R76: 46172.468 | S76: KTT | T76: CÔNG TY TNHH MỘT THÀNH VIÊN THƯƠNG MẠI VÀ DỊCH VỤ NGỌC THƠM | U76: CIRCLEK MIỀN NAM | V76: CÔNG TY TNHH VÒNG TRÒN ĐỎ
A77: CircleK-HCM-BTN-SG0344 | B77: CircleK 73/5 Võ Văn Kiệt | C77: Tầng trệt và lầu 1 AK9-000.05 thuộc Khu công trình hỗn hợp lô F-Akari Hoàng Nam, số 73/5 Võ Văn Kiệt, Phường An Lạc, Quận Bình Tân, Thành phố Hồ Chí Minh, Việt Nam. | D77: CIRCLE K | F77: 0938144231 | H77: SG023 | I77: Nguyễn Quốc Thái | J77: Hồ Chí Minh | K77: Quận Bình Tân | L77: Tầng trệt và lầu 1 AK9-000.05 thuộc Khu công trình hỗn hợp lô F-Akari Hoàng Nam, số 73/5 Võ Văn Kiệt, Phường An Lạc, Quận Bình Tân, Thành phố Hồ Chí Minh, Việt Nam. | M77: CIRCLEK MIỀN NAM | N77: FALSE | O77: FALSE | P77: 46023.523 | Q77: 0987931200 | R77: 46172.468 | S77: KTT | T77: CÔNG TY TNHH MỘT THÀNH VIÊN THƯƠNG MẠI VÀ DỊCH VỤ NGỌC THƠM | U77: CIRCLEK MIỀN NAM | V77: CÔNG TY TNHH VÒNG TRÒN ĐỎ
A78: CircleK-HCM-GVP-SG0101 | B78: CircleK 47-49 Nguyễn Văn Bảo | C78: 47-49 Nguyễn Văn Bảo, phường 4, quận Gò Vấp, thành phố Hồ Chí Minh | D78: CIRCLE K | F78: 035885504 | H78: SG023 | I78: Nguyễn Quốc Thái | J78: Hồ Chí Minh | K78: Quận Gò Vấp | M78: CIRCLEK MIỀN NAM | N78: FALSE | O78: FALSE | P78: 46023.523 | Q78: 0987931200 | R78: 46172.468 | S78: KTT | T78: CÔNG TY TNHH MỘT THÀNH VIÊN THƯƠNG MẠI VÀ DỊCH VỤ NGỌC THƠM | U78: CIRCLEK MIỀN NAM | V78: CÔNG TY TNHH VÒNG TRÒN ĐỎ
A79: CircleK-HCM-GVP-SG0117 | B79: CircleK 67 Lê Đức Thọ | C79: 67 Lê Đức Thọ, phường 7, quận Gò Vấp, thành phố Hồ Chí Minh | D79: CIRCLE K | F79: 039890684 | H79: SG023 | I79: Nguyễn Quốc Thái | J79: Hồ Chí Minh | K79: Quận Gò Vấp | M79: CIRCLEK MIỀN NAM | N79: FALSE | O79: FALSE | P79: 46023.523 | Q79: 0987931200 | R79: 46172.468 | S79: KTT | T79: CÔNG TY TNHH MỘT THÀNH VIÊN THƯƠNG MẠI VÀ DỊCH VỤ NGỌC THƠM | U79: CIRCLEK MIỀN NAM | V79: CÔNG TY TNHH VÒNG TRÒN ĐỎ
A80: CircleK-HCM-GVP-SG0129 | B80: CircleK 184 Lê Đức Thọ | C80: 184 Lê Đức Thọ, phường 6, quận Gò Vấp, thành phố Hồ Chí Minh | D80: CIRCLE K | F80: 038950558 | H80: SG023 | I80: Nguyễn Quốc Thái | J80: Hồ Chí Minh | K80: Quận Gò Vấp | M80: CIRCLEK MIỀN NAM | N80: FALSE | O80: FALSE | P80: 46023.523 | Q80: 0987931200 | R80: 46172.468 | S80: KTT | T80: CÔNG TY TNHH MỘT THÀNH VIÊN THƯƠNG MẠI VÀ DỊCH VỤ NGỌC THƠM | U80: CIRCLEK MIỀN NAM | V80: CÔNG TY TNHH VÒNG TRÒN ĐỎ
A81: CircleK-HCM-GVP-SG0139 | B81: CircleK 29 Lê Lợi | C81: 29 Lê Lợi, phường 4, quận Gò Vấp, thành phố Hồ Chí Minh | D81: CIRCLE K | F81: 035881161 | H81: SG023 | I81: Nguyễn Quốc Thái | J81: Hồ Chí Minh | K81: Quận Gò Vấp | M81: CIRCLEK MIỀN NAM | N81: FALSE | O81: FALSE | P81: 46023.523 | Q81: 0987931200 | R81: 46172.468 | S81: KTT | T81: CÔNG TY TNHH MỘT THÀNH VIÊN THƯƠNG MẠI VÀ DỊCH VỤ NGỌC THƠM | U81: CIRCLEK MIỀN NAM | V81: CÔNG TY TNHH VÒNG TRÒN ĐỎ
A82: CircleK-HCM-GVP-SG0176 | B82: CircleK 1 Đường Số 1 | C82: 1 Đường số 1, phường 5, quận Gò Vấp, thành phố Hồ Chí Minh | D82: CIRCLE K | F82: 022532578 | H82: SG023 | I82: Nguyễn Quốc Thái | J82: Hồ Chí Minh | K82: Quận Gò Vấp | M82: CIRCLEK MIỀN NAM | N82: FALSE | O82: FALSE | P82: 46023.523 | Q82: 0987931200 | R82: 46172.468 | S82: KTT | T82: CÔNG TY TNHH MỘT THÀNH VIÊN THƯƠNG MẠI VÀ DỊCH VỤ NGỌC THƠM | U82: CIRCLEK MIỀN NAM | V82: CÔNG TY TNHH VÒNG TRÒN ĐỎ
A83: CircleK-HCM-GVP-SG0207 | B83: CircleK 371 Nguyễn Kiệm | C83: 371 Nguyễn Kiệm, phường 3, quận Gò Vấp, thành phố Hồ Chí Minh | D83: CIRCLE K | F83: 022539741 | H83: SG023 | I83: Nguyễn Quốc Thái | J83: Hồ Chí Minh | K83: Quận Gò Vấp | M83: CIRCLEK MIỀN NAM | N83: FALSE | O83: FALSE | P83: 46023.523 | Q83: 0987931200 | R83: 46172.468 | S83: KTT | T83: CÔNG TY TNHH MỘT THÀNH VIÊN THƯƠNG MẠI VÀ DỊCH VỤ NGỌC THƠM | U83: CIRCLEK MIỀN NAM | V83: CÔNG TY TNHH VÒNG TRÒN ĐỎ
A84: CircleK-HCM-GVP-SG0254 | B84: CircleK 27 Phạm Văn Chiêu | C84: 27 Phạm Văn Chiêu, phường 14, quận Gò Vấp, thành phố Hồ Chí Minh | D84: CIRCLE K | F84: 036200137 | H84: SG023 | I84: Nguyễn Quốc Thái | J84: Hồ Chí Minh | K84: Quận Gò Vấp | M84: CIRCLEK MIỀN NAM | N84: FALSE | O84: FALSE | P84: 46023.523 | Q84: 0987931200 | R84: 46172.468 | S84: KTT | T84: CÔNG TY TNHH MỘT THÀNH VIÊN THƯƠNG MẠI VÀ DỊCH VỤ NGỌC THƠM | U84: CIRCLEK MIỀN NAM | V84: CÔNG TY TNHH VÒNG TRÒN ĐỎ
A85: CircleK-HCM-GVP-SG0272 | B85: CircleK 336 Nguyễn Thái Sơn | C85: 336 Nguyễn Thái Sơn, Phường Hạnh Thông, Thành phố Hồ Chí Minh, Việt Nam | D85: CIRCLE K | F85: 035351136 | H85: SG023 | I85: Nguyễn Quốc Thái | J85: Hồ Chí Minh | K85: Quận Gò Vấp | L85: 336 Nguyễn Thái Sơn, Phường Hạnh Thông, Thành phố Hồ Chí Minh, Việt Nam | M85: CIRCLEK MIỀN NAM | N85: FALSE | O85: FALSE | P85: 46023.523 | Q85: 0987931200 | R85: 46172.468 | S85: KTT | T85: CÔNG TY TNHH MỘT THÀNH VIÊN THƯƠNG MẠI VÀ DỊCH VỤ NGỌC THƠM | U85: CIRCLEK MIỀN NAM | V85: CÔNG TY TNHH VÒNG TRÒN ĐỎ
A86: CircleK-HCM-GVP-SG0296 | B86: CircleK 619 Lê Đức Thọ | C86: Số 619 Lê Đức Thọ, phường 16, quận Gò Vấp, thành phố Hồ Chí Minh | D86: CIRCLE K | F86: 0289908615 | H86: SG023 | I86: Nguyễn Quốc Thái | J86: Hồ Chí Minh | K86: Quận Gò Vấp | M86: CIRCLEK MIỀN NAM | N86: FALSE | O86: FALSE | P86: 46023.523 | Q86: 0987931200 | R86: 46172.468 | S86: KTT | T86: CÔNG TY TNHH MỘT THÀNH VIÊN THƯƠNG MẠI VÀ DỊCH VỤ NGỌC THƠM | U86: CIRCLEK MIỀN NAM | V86: CÔNG TY TNHH VÒNG TRÒN ĐỎ
A87: CircleK-HCM-GVP-SG0306 | B87: CircleK 469 Thống Nhất | C87: 469 Thống Nhất, phường 16, quận Gò Vấp, thành phố Hồ Chí Minh | D87: CIRCLE K | F87: 0281234567 | H87: SG023 | I87: Nguyễn Quốc Thái | J87: Hồ Chí Minh | K87: Quận Gò Vấp | M87: CIRCLEK MIỀN NAM | N87: FALSE | O87: FALSE | P87: 46023.523 | Q87: 0987931200 | R87: 46172.468 | S87: KTT | T87: CÔNG TY TNHH MỘT THÀNH VIÊN THƯƠNG MẠI VÀ DỊCH VỤ NGỌC THƠM | U87: CIRCLEK MIỀN NAM | V87: CÔNG TY TNHH VÒNG TRÒN ĐỎ
A88: CircleK-HCM-GVP-SG0309 | B88: CircleK 416 Phan Huy Ích | C88: Số 416 Phan Huy Ích, phường 12, quận Gò Vấp, thành phố Hồ Chí Minh | D88: CIRCLE K | F88: 028 12345678 | H88: SG023 | I88: Nguyễn Quốc Thái | J88: Hồ Chí Minh | K88: Quận Gò Vấp | M88: CIRCLEK MIỀN NAM | N88: FALSE | O88: FALSE | P88: 46023.523 | Q88: 0987931200 | R88: 46172.468 | S88: KTT | T88: CÔNG TY TNHH MỘT THÀNH VIÊN THƯƠNG MẠI VÀ DỊCH VỤ NGỌC THƠM | U88: CIRCLEK MIỀN NAM | V88: CÔNG TY TNHH VÒNG TRÒN ĐỎ
A89: CircleK-HCM-GVP-SG0313 | B89: CircleK 271 Lê Văn Thọ | C89: 271 Lê Văn Thọ, phường 9, quận Gò Vấp, thành phố Hồ Chí Minh | D89: CIRCLE K | F89: 02812345678 | H89: SG023 | I89: Nguyễn Quốc Thái | J89: Hồ Chí Minh | K89: Quận Gò Vấp | M89: CIRCLEK MIỀN NAM | N89: FALSE | O89: FALSE | P89: 46023.523 | Q89: 0987931200 | R89: 46172.468 | S89: KTT | T89: CÔNG TY TNHH MỘT THÀNH VIÊN THƯƠNG MẠI VÀ DỊCH VỤ NGỌC THƠM | U89: CIRCLEK MIỀN NAM | V89: CÔNG TY TNHH VÒNG TRÒN ĐỎ
A90: CircleK-HCM-GVP-SG0314 | B90: CircleK 309 Nguyễn Văn Khối | C90: Số 309 Nguyễn Văn Khôi, phường 8, quận Gò Vấp, Thành phố Hồ Chí Minh | D90: CIRCLE K | F90: 02812345678 | H90: SG023 | I90: Nguyễn Quốc Thái | J90: Hồ Chí Minh | K90: Quận Gò Vấp | M90: CIRCLEK MIỀN NAM | N90: FALSE | O90: FALSE | P90: 46023.523 | Q90: 0987931200 | R90: 46172.468 | S90: KTT | T90: CÔNG TY TNHH MỘT THÀNH VIÊN THƯƠNG MẠI VÀ DỊCH VỤ NGỌC THƠM | U90: CIRCLEK MIỀN NAM | V90: CÔNG TY TNHH VÒNG TRÒN ĐỎ
A91: CircleK-HCM-GVP-SG0320 | B91: CircleK 190 Lê Văn Thọ | C91: 190 Lê Văn Thọ, phường 11, quận Gò Vấp, thành phố Hồ Chí Minh | D91: CIRCLE K | F91: 0356905508 | H91: SG023 | I91: Nguyễn Quốc Thái | J91: Hồ Chí Minh | K91: Quận Gò Vấp | M91: CIRCLEK MIỀN NAM | N91: FALSE | O91: FALSE | P91: 46023.523 | Q91: 0987931200 | R91: 46172.468 | S91: KTT | T91: CÔNG TY TNHH MỘT THÀNH VIÊN THƯƠNG MẠI VÀ DỊCH VỤ NGỌC THƠM | U91: CIRCLEK MIỀN NAM | V91: CÔNG TY TNHH VÒNG TRÒN ĐỎ
A92: CircleK-HCM-GVP-SG0324 | B92: CircleK 128 Lê Đức Thọ | C92: 128 Lê Đức Thọ, phường 6, quận Gò Vấp, thành phố Hồ Chí Minh, Việt Nam | D92: CIRCLE K | H92: SG023 | I92: Nguyễn Quốc Thái | J92: Hồ Chí Minh | K92: Quận Gò Vấp | L92: 128 Lê Đức Thọ, phường 6, quận Gò Vấp, thành phố Hồ Chí Minh, Việt Nam | M92: CIRCLEK MIỀN NAM | N92: FALSE | O92: FALSE | P92: 46023.523 | Q92: 0987931200 | R92: 46172.468 | S92: KTT | T92: CÔNG TY TNHH MỘT THÀNH VIÊN THƯƠNG MẠI VÀ DỊCH VỤ NGỌC THƠM | U92: CIRCLEK MIỀN NAM | V92: CÔNG TY TNHH VÒNG TRÒN ĐỎ
A93: CircleK-HCM-GVP-SG0328 | B93: CircleK 386-388 Dương Quảng Hàm, Phường 5, Quận Gò Vấp | C93: 386-388 Dương Quảng Hàm, Phường 5, Quận Gò Vấp, Thành phố Hồ Chí Minh, Việt Nam | D93: CIRCLE K | H93: SG023 | I93: Nguyễn Quốc Thái | J93: Hồ Chí Minh | K93: Quận Gò Vấp | L93: 386-388 Dương Quảng Hàm, Phường 5, Quận Gò Vấp, Thành phố Hồ Chí Minh, Việt Nam | M93: CIRCLEK MIỀN NAM | N93: FALSE | O93: FALSE | P93: 46023.523 | Q93: 0987931200 | R93: 46172.468 | S93: KTT | T93: CÔNG TY TNHH MỘT THÀNH VIÊN THƯƠNG MẠI VÀ DỊCH VỤ NGỌC THƠM | U93: CIRCLEK MIỀN NAM | V93: CÔNG TY TNHH VÒNG TRÒN ĐỎ
A94: CircleK-HCM-GVP-SG0332 | B94: CircleK Một phần của căn nhà số 586 - 588 Quang Trung, Quận Gò Vấp | C94: Một phần của căn nhà số 586 - 588 Quang Trung, Phường 11, Quận Gò Vấp, Thành phố Hồ Chí Minh, Việt Nam | D94: CIRCLE K | F94: 0799677808 | H94: SG023 | I94: Nguyễn Quốc Thái | J94: Hồ Chí Minh | K94: Quận Gò Vấp | L94: Một phần của căn nhà số 586 - 588 Quang Trung, Phường 11, Quận Gò Vấp, Thành phố Hồ Chí Minh, Việt Nam | M94: CIRCLEK MIỀN NAM | N94: FALSE | O94: FALSE | P94: 46023.523 | Q94: 0987931200 | R94: 46172.468 | S94: KTT | T94: CÔNG TY TNHH MỘT THÀNH VIÊN THƯƠNG MẠI VÀ DỊCH VỤ NGỌC THƠM | U94: CIRCLEK MIỀN NAM | V94: CÔNG TY TNHH VÒNG TRÒN ĐỎ
A95: CircleK-HCM-HBC-SG0265 | B95: CircleK L1-02 Tầng 1 Cao ốc Chung Cư SaiGon Mia, Đường số 9A Chung Cư Cụm 3,4 - Khu Dân Cư Trung Sơn | C95: L1-02 Tầng 1 Cao ốc Chung cư Saigon Mia, đường số 9A Chung cư Cụm III, IV - Khu dân cư Trung Sơn, xã Bình Hưng, huyện Bình Chánh, thành phố Hồ Chí Minh | D95: CIRCLE K | F95: 036202254 | H95: SG023 | I95: Nguyễn Quốc Thái | J95: Hồ Chí Minh | K95: Huyện Bình Chánh | M95: CIRCLEK MIỀN NAM | N95: FALSE | O95: FALSE | P95: 46023.523 | Q95: 0987931200 | R95: 46172.468 | S95: KTT | T95: CÔNG TY TNHH MỘT THÀNH VIÊN THƯƠNG MẠI VÀ DỊCH VỤ NGỌC THƠM | U95: CIRCLEK MIỀN NAM | V95: CÔNG TY TNHH VÒNG TRÒN ĐỎ
A96: CircleK-HCM-HBC-SG0285 | B96: CircleK Citizen Apartment, Trung Son Residential quarter | C96: Tầng Trệt, Chung cư Lô 3-4, Cụm 1, Khu dân cư Trung Sơn, đường số 9A, xã Bình Hưng, huyện Bình Chánh, thành phố Hồ Chí Minh | D96: CIRCLE K | F96: 028 123 456 | H96: SG023 | I96: Nguyễn Quốc Thái | J96: Hồ Chí Minh | K96: Huyện Bình Chánh | M96: CIRCLEK MIỀN NAM | N96: FALSE | O96: FALSE | P96: 46023.523 | Q96: 0987931200 | R96: 46172.468 | S96: KTT | T96: CÔNG TY TNHH MỘT THÀNH VIÊN THƯƠNG MẠI VÀ DỊCH VỤ NGỌC THƠM | U96: CIRCLEK MIỀN NAM | V96: CÔNG TY TNHH VÒNG TRÒN ĐỎ
A97: CircleK-HCM-HBC-SG0340 | B97: CircleK 37 đường số 9A, Khu dân cư Trung Sơn | C97: 37 đường số 9A, Khu dân cư Trung Sơn, Xã Bình Hưng, Huyện Bình Chánh, Thành Phố Hồ Chí Minh, Việt Nam | D97: CIRCLE K | F97: 0973667718 | H97: SG023 | I97: Nguyễn Quốc Thái | J97: Hồ Chí Minh | K97: Huyện Bình Chánh | M97: CIRCLEK MIỀN NAM | N97: FALSE | O97: FALSE | P97: 46023.523 | Q97: 0987931200 | R97: 46172.468 | S97: KTT | T97: CÔNG TY TNHH MỘT THÀNH VIÊN THƯƠNG MẠI VÀ DỊCH VỤ NGỌC THƠM | U97: CIRCLEK MIỀN NAM | V97: CÔNG TY TNHH VÒNG TRÒN ĐỎ
A98: CircleK-HCM-HBC-SG0400 | B98: CircleK A10/7 Ấp 2 | C98: A10/7 Ấp 2, xã Bình Hưng, huyện Bình Chánh, thành phố Hồ Chí Minh | D98: CIRCLE K | F98: 035351021 | H98: SG023 | I98: Nguyễn Quốc Thái | J98: Hồ Chí Minh | K98: Huyện Bình Chánh | M98: CIRCLEK MIỀN NAM | N98: FALSE | O98: FALSE | P98: 46023.523 | Q98: 0987931200 | R98: 46172.468 | S98: KTT | T98: CÔNG TY TNHH MỘT THÀNH VIÊN THƯƠNG MẠI VÀ DỊCH VỤ NGỌC THƠM | U98: CIRCLEK MIỀN NAM | V98: CÔNG TY TNHH VÒNG TRÒN ĐỎ
A99: CircleK-HCM-HMN-SG0304 | B99: CircleK 144/5 Nguyễn Ảnh Thủ | C99: Số 144/5 Nguyễn Ảnh Thủ, Ấp Trung Chánh 2, xã Trung Tránh, huyện Hóc Môn, thành phố Hồ Chí Minh | D99: CIRCLE K | F99: 02812345678 | H99: SG039 | I99: Tô Quốc Sang | J99: Hồ Chí Minh | K99: Huyện Hóc Môn | M99: CIRCLEK MIỀN NAM | N99: FALSE | O99: FALSE | P99: 46023.523 | Q99: 0987931200 | R99: 46172.468 | S99: KTT | T99: CÔNG TY TNHH MỘT THÀNH VIÊN THƯƠNG MẠI VÀ DỊCH VỤ NGỌC THƠM | U99: CIRCLEK MIỀN NAM | V99: CÔNG TY TNHH VÒNG TRÒN ĐỎ
A100: CircleK-HCM-HNB-SG0347 | B100: CircleK Một phần diện tích căn nhà số 944 Lê Văn Lương, Nhà Bè | C100: Một phần diện tích căn nhà số 944 Lê Văn Lương, ấp 3, Xã Phước Kiển, Huyện Nhà Bè, Thành phố Hồ Chí Minh, Việt Nam | D100: CIRCLE K | H100: SG009 | I100: Hứa Thị Ngọc Thơ | J100: Hồ Chí Minh | K100: Huyện Nhà Bè | L100: Một phần diện tích căn nhà số 944 Lê Văn Lương, ấp 3, Xã Phước Kiển, Huyện Nhà Bè, Thành phố Hồ Chí Minh, Việt Nam | M100: CIRCLEK MIỀN NAM | N100: FALSE | O100: FALSE | P100: 46023.523 | Q100: 0987931200 | R100: 46172.468 | S100: KTT | T100: CÔNG TY TNHH MỘT THÀNH VIÊN THƯƠNG MẠI VÀ DỊCH VỤ NGỌC THƠM | U100: CIRCLEK MIỀN NAM | V100: CÔNG TY TNHH VÒNG TRÒN ĐỎ
A101: CircleK-HCM-PNN-SG0060 | B101: CircleK 220 Nguyễn Trọng Tuyển | C101: 220 Nguyễn Trọng Tuyển, phường 8, quận Phú Nhuận, thành phố Hồ Chí Minh | D101: CIRCLE K | F101: 038423383 | H101: SG039 | I101: Tô Quốc Sang | J101: Hồ Chí Minh | K101: Quận Phú Nhuận | M101: CIRCLEK MIỀN NAM | N101: FALSE | O101: FALSE | P101: 46023.523 | Q101: 0987931200 | R101: 46172.468 | S101: KTT | T101: CÔNG TY TNHH MỘT THÀNH VIÊN THƯƠNG MẠI VÀ DỊCH VỤ NGỌC THƠM | U101: CIRCLEK MIỀN NAM | V101: CÔNG TY TNHH VÒNG TRÒN ĐỎ
...

Sheet Chuyen_ma
A1: Mã khách hàng | B1: Mã khách hàng
A2: aau002 | B2: AAU-HCM-Q1-002
A3: aau001 | B3: AAU-HCM-Q2-001
A4: aau003 | B4: AAU-HCM-Q2-003
A5: AAU | B5: AAU-HCM-TPU-000
A6: ACM-001 | B6: ACM-BDG-01-001
A7: acm0018 | B7: ACM-BDG-01-018
A8: ACM-031 | B8: ACM-HCM-BTN-031
A9: acm0016 | B9: ACM-HCM-HBC-016
A10: acm0015 | B10: ACM-HCM-HNB-015
A11: acm0023 | B11: ACM-HCM-PNN-023
A12: acm0001 | B12: ACM-HCM-Q1-001
... A4804: KL-HNI-HMI-TMARTHATECO | B4804: TMART-HNI-HMI-99999
